Workbook

Sheet 汇总表
A1: 投标报价清单
A2: 工程：苏地2012-G-81号地块酒店区域智能化工程
A3: 序号 | B3: 系统名称 | C3: 金额（元） | D3: 备注
A4: 1 | B4: 综合布线系统 | C4: =综合布线!I100 -> 0
A5: 2 | B5: 计算机网络系统 | C5: =计算机网络!I71 -> 0
A6: 3 | B6: 程控交换机系统 | C6: =程控!I27 -> 0
A7: 4 | B7: 视频监控系统 | C7: =视频监控!I39 -> 0
A8: 5 | B8: 防盗报警系统 | C8: =报警!I45 -> 0
A9: 6 | B9: 一卡通门禁管理系统 | C9: =门禁!I29 -> 0
A10: 7 | B10: 巡更系统 | C10: =巡更!I11 -> 0
A11: 8 | B11: 停车场系统 | C11: =停车场!I23 -> 0
A12: 9 | B12: 有线电视系统 | C12: =有线电视!I28 -> 0
A13: 10 | B13: 互动电视系统 | C13: =互动电视!I22 -> 0
A14: 11 | B14: 无线对讲系统 | C14: =无线对讲!I18 -> 0
A15: 12 | B15: 信息发布系统 | C15: =信息发布!I14 -> 0
A16: 13 | B16: 智能照明系统 | C16: =照明!I15 -> 0
A17: 14 | B17: 楼宇设备自动控制系统 | C17: =楼控!I57 -> 0
A18: 15 | B18: 能耗计量管理系统 | C18: =计量!I27 -> 0
A19: 16 | B19: 机房工程系统 | C19: =机房工程!I104 -> 0
A20: 17 | B20: 客控系统 | C20: =客控!I132 -> 0
A21: 18 | B21: 音视频系统 | C21: =音视频!I157 -> 0
A22: 19 | B22: 综合管路 | C22: =综合管路!I23 -> 0
A23: 20 | B23: 措施项目费 | C23: =措施项目费!C15 -> 0
A24: 工程总价： | C24: =SUM(C4:C23) -> 0 | D24: 以上汇总
A26: 报价单位：（盖章） | C26: 法定代表人或委托代理人：（签字）
A27: 日期： 年 月 日

Sheet 报价须知
A1: 工程量清单报价填报须知
A2: 1.本工程量清单应连同分包合同协议书、合同条件、工程规范和合同图纸一起参阅，填报价时均已全面考虑了合同、规范、图纸、施工现场等所有风险因素。中标后不得因此而增加相关费用。
A3: 2. 工程量清单及其计价格式中所有要求签字、盖章的地方必须由规定的单位和人员签字、盖章。
A4: 3. 工程量清单及其计价格式中的任何内容不得随意删除或涂改。
A5: 4. 清单中未填报的单价和合价，视为此项费用已包含在工程量清单的其他单价和合价中。
A6: 5. 本工程量清单填报须知包括附件一和附件二两部分内容。
A7: 6. 报价与单价组成明细表内填写的综合单价不一致，应以工程量清单内填报的综合单价为准价人须按报价须知附录三单价组成明细表的格式填报综合单价组成明细。若工程量清单内填报的综合单。
A8: 7. 在“项目名称”内，若以“按规定”作为某项的“项目特征”要求的描述时。‘按规定’一词是指有关的项目特征应符合图纸及规范的有关要求，为免混淆，无论项目名称内是否有“按规定”的字眼，均不应影响对本须知第8条规定的执行。
A9: 8. 除另有规定外，所有材料设备和操作工艺必须符合有关技术规范条款和图纸的规定，工程量清单内的工程量全部是根据发包图纸及此计量原则计算，报价人填入工程量清单内的单价应包括按照有关技术规范条款和图纸所要求来完成所有工作之费用。
A10: 9. 本须知应作为工程量清单报价的组成部份。
A11: 10. 综合单价需考虑垃圾外运费用，具体情况满足当地旅游度假区要求。
A12: 11. 综合单价需考虑政府要求的所有投保费用。
... A98: (v) 按规范提供髹漆彩色标记。

Sheet 综合布线
A1: 综合布线系统
A2: 工程：苏地2012-G-81号地块酒店区域智能化工程
A3: 序号 | B3: 项目名称描述 | C3: 技术参数 | D3: 单位 | E3: 工程量A | F3: 单价（元） | H3: 总价（元） | J3: 备注
F4: 主材B | G4: 安装费C | H4: 综合单价D=B+C | I4: 合价E=A*D
A5: A | B5: 客用网布线 | I5: =SUM(I6:I47) -> 0
A6: 一 | B6: 工作区子系统
A7: 1 | B7: 单口面板 | C7: 技术参数：单口方形模块面板(含边框/标签),带防尘盖,白色 要求产品供应商通过ISO9001质量管理认证、ISO14001环境管理体系认证、OHSAS18001职业健康管理体系认证和全国工业生产许可证 | D7: 个 | E7: 204 | H7: =F7+G7 -> 0 | I7: =H7*E7 -> 0
A8: 2 | B8: 双口面板 | C8: 双口方模块面板(含边框/标签),带防尘盖,白色 要求产品供应商通过ISO9001质量管理认证、ISO14001环境管理体系认证、OHSAS18001职业健康管理体系认证和全国工业生产许可证 | D8: 个 | E8: 150 | H8: =F8+G8 -> 0 | I8: =H8*E8 -> 0
A9: 3 | B9: 6类非屏蔽模块 | C9: 产品规格：CAT6 UTP RJ45信息模块插座，可选T568A、T568B打线方式； 性能要求：六类信息插座(CAT6)能够满足高速数据及语音信号的传输，电气性能达到六类标准TIA/EIA CAT6的要求，测试指标达到250MHz。为模组成式8针RJ45插座； 电缆连接标准须印有TIA/EIA568A和568B两种色码； 产品特征：拔插次数≥750次，磷青铜，有50μm镀金层和100μm镀镍层； RJ45 8针触点：符合FCC part 68, Subpart F 和 IEC-60603-7标准，可卡接22到24AWG线规的导体； 标准：完全符合AS/NZS 3080：2003, ISO/IEC11801 2002版本和ANSI/TIA/EIA-568-C系列连接硬件标准的要求；可采用一字打线和一次性压接8根线的端接方式； 符合UL 94V-0规格； 传输带宽：CAT6≥250MHz； 透明IDC固定后盖有助于用户检查端接情况，有利于电缆固定，以提高电缆的应力消除能力； 需提供了多种颜色选择，便于更好地识别信道； 模块上正面刻印有品牌LOGO，右下角均刻印有表示类型的字母数字，侧面均印有生产唯一序号和生产日期，便于质量回溯。 | D9: 个 | E9: 514 | H9: =F9+G9 -> 0 | I9: =H9*E9 -> 0
A10: 4 | B10: 双口地插 | C10: 弹出阻尼式双联六类电脑地插(铜质光面) | D10: 个 | E10: 5 | H10: =F10+G10 -> 0 | I10: =H10*E10 -> 0
A11: 5 | B11: 客房弱电箱400*400（含熔接盒，电源插座）（别墅式） | C11: 4口SC ST FC单模满配桌面式光纤终端盒 光缆尾纤熔接盒 SC接口 单模 6位10A输入输出PDU | D11: 个 | E11: 52 | H11: =F11+G11 -> 0 | I11: =H11*E11 -> 0
A12: 6 | B12: 客房弱电箱400*600（含熔接盒，电源插座）（集中式） | C12: 4口SC ST FC单模满配桌面式光纤终端盒 光缆尾纤熔接盒 SC接口 单模 6位10A输入输出PDU | D12: 个 | E12: 15 | H12: =F12+G12 -> 0 | I12: =H12*E12 -> 0
A13: 二 | B13: 水平、主干子系统 | H13: =F13+G13 -> 0 | I13: =H13*E13 -> 0
A14: 1 | B14: 6类4对非屏蔽双绞线，低烟无卤 | C14: 产品规格：Cat6非屏蔽双绞线缆。 性能：23AWG线规的电缆满足250MHz条件下的传输要求，并采用带十字支撑架结构，可以有效隔离对绞线对以优化NEXT和ELFEXT性能，以保证整个布线系统的可靠性及稳定性； 标准：符合Category 6 ANSI/TIA/EIA-568-C2-1 and ISO/IEC 11801标准并可提供ETL或UL,信产部认证及相关测试报告； 芯线对数及屏蔽层：4对，每芯带有色条区别，内有线缆撕裂绳； 带宽要求：Cat6≥250MHz，支持1000 Base-T以及1000Base-TX局域网以及宽带视频应用； 电气特性：1.0-100.0MHz输入阻抗（欧姆） 100±6，100-250MHz输入阻抗（欧姆） 100±6，1.0-250.0MHz时延偏离(ns/100m) ≤45，线对对地的电容不平衡(pF/100m) ≤330，20°C条件下的导线最大直流电阻（欧姆/km）为73.2，电阻不平衡（%） ≤5； 认证：低烟无卤线缆满足 IEC60332、IEC 61034、IEC 60754标准要求，并在线缆外皮上标注符合的国际标准名称； 护套标识：LSZH护套，外护套印有品牌、型号规格、线规、屏蔽类型、标准号、缆型、生产序列号等信息，字迹清晰、不褪色、容易辨别，用于产品的质量回溯，并印有逆序长度标注(305~0 meter)以方便识别线缆长度； 包装：标准纸箱包装，外包装箱上印刷条形码等标识以方便业主及监理单位在不利用任何专业检测设备的前提下，就可以方便、简易、迅速的判断供应的货物是否为原厂原装正品； 水平线缆为低烟无卤LSZH产品，符合IEC60332-1阻燃等级，并提供中国信息产业部授权机构出具的第三方燃烧测试报告； 链路支持4连接，符合ANSI/TIA 568-C标准，并提供中国信息产业部授权检测机构出具的第三方传输性能测试报告； 产品需要满足元器件级别测试认证，其中双绞线，信息模块，跳线均有中国信息产业部授权检测机构或ETL出具的第三方传输性能测试报告。提供CE、ROHS、UL认证证书 | D14: 米 | E14: =305*76*0.8 -> 18544 | H14: =F14+G14 -> 0 | I14: =H14*E14 -> 0
A15: 2 | B15: 室外单模光缆，4芯 | C15: OS2室外轻铠单模, 4 芯, 9um 外护套材料：聚乙烯（PE） 结构：采用中心管式 护套厚度：1.0±0.1mm 光缆外径：8.6±0.2mm 光缆加强件：两根夹带平行高强度磷化钢丝 钢丝直径：1.0±0.02mm 铠装层：双面镀铬涂塑钢带（PSP）纵包 松套管材质：PBT 纤芯颜色：蓝、橙、绿、棕、灰、白、红、黑、黄、紫、粉红、青绿 芯数：2-12芯 光纤类型：OS2单模光纤 衰减系数：@1310nm≤0.36dB/km；@1550≤0.22dB/km 敷设方式：管道、非自承式架空适用，进局、槽道、电缆沟可用 敷设最小弯曲半径：动态弯曲半径≥20倍光缆外径 静态弯曲半径≥10倍光缆外径 敷设拉力：建议敷设时短期拉力≤1500N 使用拉力：建议使用时长期拉力≤600N 敷设压扁力：建议敷设时短期压扁力≤1000N 使用压扁力：建议使用时长期压扁力≤300N 使用温度：-20～60℃ 要求产品供应商通过ISO9001质量管理认证、ISO14001环境管理体系认证、OHSAS18001职业健康管理体系认证和全国工业生产许可证 提供CE、ROHS认证证书 | D15: 米 | E15: =26800*0.8 -> 21440 | H15: =F15+G15 -> 0 | I15: =H15*E15 -> 0
A16: 3 | B16: 室内万兆多模光缆，8芯，9/125um，低烟无卤(LSZH) | C16: OM3 室内多模 LSZH, 8 芯 护套材质：LSZH（水绿/浅绿） 12芯 光缆外径：6.8±0.3mm 护套厚度：0.6±0.1mm 涂层直径：245±7μm 包层直径：125±1.0μm 纤芯直径：50±2.5mm 加强构件材质：聚酯纱 纤芯颜色：蓝、橙、绿、棕、灰、白、红、黑、黄、紫、粉红、青绿 光纤类型：OM3多模光纤 衰减系数：@850nm≤3.50dB/km；@1300≤1.5dB/km 敷设方式：室内穿管、桥架敷设 敷设最小弯曲半径：动态弯曲半径≥20倍光缆外径 静态弯曲半径≥10倍光缆外径 敷设拉力：敷设时最大短期拉力≤440N 使用拉力：敷设时最大长期拉力≤130N 敷设压扁力：敷设时短期压扁力≤1000N 使用压扁力：建议使用时长期压扁力≤200N 使用温度：-20～60℃ 要求产品供应商通过ISO9001质量管理认证、ISO14001环境管理体系认证、OHSAS18001职业健康管理体系认证和全国工业生产许可证 提供CE、ROHS认证证书 | D16: 米 | E16: 1100 | H16: =F16+G16 -> 0 | I16: =H16*E16 -> 0
A17: 三 | B17: 管理子系统 | H17: =F17+G17 -> 0 | I17: =H17*E17 -> 0
A18: 1 | B18: 24口非屏蔽配线架 | C18: 产品规格：六类非屏蔽齐平式配线架，可选T568A和T568B连线方案； 性能：预装不带防尘盖六类信息模块，24口RJ45模块化配线架，每端口自带防尘盖并附带透明接线固定后盖，以提高线缆的应力消除能力，确保模块端接的长期可靠性。 标准：完全符合AS/NZS 3080：2003, ISO/IEC11801 2002版本2和ANSI/TIA/EIA-568-C系列连接硬件标准的要求 结构：可拆卸的后侧理线支架，后侧理线支架可以在端接之后将其安装好； 安装方式：与标准的19”机柜/机架兼容。 标识：前方的透明标签系统可以快速方便地识别信道； 结构：带有金属粉末涂层的框架结构，坚固耐用耐腐蚀，保护配线架免受腐蚀和刮伤。可拆卸后部电缆管理架，附带所有安装和电缆固定的完整套件，包括魔术贴扎带用于线缆捆扎。 安装：19”机柜式安装，高度为1U，配线架的背后要求配备托线架，用于绑扎双绞线，可确保安装的电缆整齐同时消除应力，提高模块端接的长期可靠性； | D18: 个 | E18: 77 | H18: =F18+G18 -> 0 | I18: =H18*E18 -> 0
A19: 2 | B19: 6类标准跳线 | C19: 规格：CAT6 UTP 4对标准RJ45/RJ45信息软跳线Cat6非屏蔽跳线； 标准：完全符合AS/NZS 3080：2003,ISO/IEC 11801第2版2002 和ANSI/TIA/EIA-568-B系列连接硬件标准要求； 线规：24AWG多芯信息软跳线；线缆带有十字骨架用于分隔线对，保证跳线弯曲缠绕的情况下仍然有出色的近段串扰和远端串扰性能； 耐用性：可拔插750次以上；RJ45接头采用聚碳酸脂，FCC第68部分第F节 UL 94V-0； 触点材料：磷青铜，有50um镀金层和100um镀镍层； 传输带宽：CAT6≥250MHz； 接触阻抗：最大为10mΩ； 长度要求：2米规格的插接线，两端接头采用全模制的RJ45接头，适用于所有CAT6配线架，确保先对的完整性，提高应力消除能力； 认证：CM等UL认证防火等级须在线缆外皮上印有UL文件编号，并且在线缆包装上贴有UL专属的镭射标签； 跳线颜色：蓝色。要求产品通过ISO9001质量管理认证、ISO14001环境管理体系认证、OHSAS18001职业健康管理体系认证和全国工业生产许可证 要求铜缆布线中的线缆、配线架、模块和面板、跳线、连接器等必须为全系列同一品牌的产品，并提供6类非屏蔽全链路产品检验报告 | D19: 根 | E19: 663 | H19: =F19+G19 -> 0 | I19: =H19*E19 -> 0
A20: 3 | B20: 理线架 | C20: 塑料理线器, 适合六类系统理线理线器 整体材质：钢架+黑色喷塑 可容纳24根网络跳线或者光纤跳线 安装高度：1U 安装方式：机柜螺丝安装 使用温度： -20～70℃ 分12档金属与非金属类型 湿度：85%（温度85℃±3℃） 要求产品供应商通过ISO9001质量管理认证、ISO14001环境管理体系认证、OHSAS18001职业健康管理体系认证和全国工业生产许可证 | D20: 个 | E20: 13 | H20: =F20+G20 -> 0 | I20: =H20*E20 -> 0
A21: 4 | B21: 24口光纤配线架 | C21: 预端接配线箱适用于19英寸标准机架或机柜，1U和4U高度可选，采用金属材质的冷轧钢板，坚固耐用，符合EIA-310-D。 配线箱提供前侧理线空间，无需提供额外理线器。 配线箱采用可前后抽拉的结构设计，方便前后线缆管理。 提供“普通”和“高密度”两种尺寸的MTP预端接配线箱。普通方案的MTP预端接配线箱配套普通MTP模块，可实现1U最高72芯，4U最高288芯的应用。高密度方案的MTP预端接配线箱配套小型MTP模块，可实现1U最高96芯的应用。 预端接配线箱还能支持普通LC/SC耦合器板，支持预端接和熔接混用；单模和多模类型可选。要求产品供应商通过ISO9001质量管理认证、ISO14001环境管理体系认证、OHSAS18001职业健康管理体系认证和全国工业生产许可证 | D21: 个 | E21: 3 | H21: =F21+G21 -> 0 | I21: =H21*E21 -> 0
A22: 5 | B22: 多模跳线 | C22: LC-LC OM3双工多模 光跳线 3m 连接器插针类型：陶瓷氧化锆 插头材质：高耐冲击性防火阻燃型PC，符合UL94V-0 插针端面：UPC端面 品牌化尾套设计，便于用户识别快速原装正品 连接器插入损耗：≤0.2dB/每接口 最大插入损耗：≤0.3dB/每接口 重复性：≤0.1dB 互换性：≤0.20dB 回波损耗 PC≥45，UPC ≥ 50dB，APC ≥ 60dB； 拔插次数：≥1000次 线缆外径：2.0mm（单芯）、2*2.0mm（双芯） 护套材质：PVC /LSZH 护套颜色可选：多模OM1/OM2橙色，单模OS2黄色，万兆多模OM3/OM4水绿色/浅绿色 工厂预端接并100%测试合格，确保产品质量及传输性能 使用弯曲半径：建议使用弯曲半径>10倍跳线外径 工作温度：-40～+80℃ 储存温度：-20～+85℃ 要求产品供应商通过ISO9001质量管理认证、ISO14001环境管理体系认证、OHSAS18001职业健康管理体系认证和全国工业生产许可证 | D22: 根 | E22: 4 | H22: =F22+G22 -> 0 | I22: =H22*E22 -> 0
A23: 6 | B23: 多模适配器板 | C23: 1U 高密度熔纤方案适配器板，含6个双工多模LC适配器支持FC、LC、ST、SC四种类型耦合器的卡接 单个适配器板支持卡接LC双工耦合器最大支持12芯 | D23: 个 | E23: 4 | H23: =F23+G23 -> 0 | I23: =H23*E23 -> 0
A24: 7 | B24: 多模尾纤 | C24: LC OM3多模尾纤 1.0m 连接器插针类型：陶瓷氧化锆 插头材质：高耐冲击性防火阻燃型PC，符合UL94V-0 插针端面：UPC端面 品牌化尾套设计，便于用户识别快速原装正品 连接器插入损耗：≤0.2dB/每接口 最大插入损耗：≤0.3dB/每接口 重复性：≤0.1dB 互换性：≤0.20dB 回波损耗 PC≥45，UPC ≥ 50dB，APC ≥ 60dB； 拔插次数：≥1000次 线缆外径：2.0mm（单芯）、2*2.0mm（双芯） 护套材质：PVC /LSZH 护套颜色可选：多模OM1/OM2橙色，单模OS2黄色，万兆多模OM3/OM4水绿色/浅绿色 工厂预端接并100%测试合格，确保产品质量及传输性能 使用弯曲半径：建议使用弯曲半径>10倍跳线外径 工作温度：-40～+80℃ 储存温度：-20～+85℃ 要求产品供应商通过ISO9001质量管理认证、ISO14001环境管理体系认证、OHSAS18001职业健康管理体系认证和全国工业生产许可证 | D24: 根 | E24: 48 | H24: =F24+G24 -> 0 | I24: =H24*E24 -> 0
A25: 8 | B25: 单模跳线 | C25: LC-LC OS2双工单模 光跳线 3m 连接器插针类型：陶瓷氧化锆 插头材质：高耐冲击性防火阻燃型PC，符合UL94V-0 插针端面：UPC端面 品牌化尾套设计，便于用户识别快速原装正品 连接器插入损耗：≤0.2dB/每接口 最大插入损耗：≤0.3dB/每接口 重复性：≤0.1dB 互换性：≤0.20dB 回波损耗 PC≥45，UPC ≥ 50dB，APC ≥ 60dB； 拔插次数：≥1000次 线缆外径：2.0mm（单芯）、2*2.0mm（双芯） 护套材质：PVC /LSZH 护套颜色可选：多模OM1/OM2橙色，单模OS2黄色，万兆多模OM3/OM4水绿色/浅绿色 工厂预端接并100%测试合格，确保产品质量及传输性能 使用弯曲半径：建议使用弯曲半径>10倍跳线外径 工作温度：-40～+80℃ 储存温度：-20～+85℃ 要求产品供应商通过ISO9001质量管理认证、ISO14001环境管理体系认证、OHSAS18001职业健康管理体系认证和全国工业生产许可证 | D25: 根 | E25: 34 | H25: =F25+G25 -> 0 | I25: =H25*E25 -> 0
A26: 9 | B26: 单模适配器板 | C26: 1U 高密度熔纤方案适配器板，含6个双工单模LC适配器 支持FC、LC、ST、SC四种类型耦合器的卡接 单个适配器板支持卡接LC双工耦合器最大支持12芯 要求产品供应商通过ISO9001质量管理认证、ISO14001环境管理体系认证、OHSAS18001职业健康管理体系认证和全国工业生产许可证 | D26: 个 | E26: 23 | H26: =F26+G26 -> 0 | I26: =H26*E26 -> 0
A27: 10 | B27: 单模尾纤 | C27: LC OS2单模尾纤 1.0m 连接器插针类型：陶瓷氧化锆 插头材质：高耐冲击性防火阻燃型PC，符合UL94V-0 插针端面：UPC端面 品牌化尾套设计，便于用户识别快速原装正品 连接器插入损耗：≤0.2dB/每接口 最大插入损耗：≤0.3dB/每接口 重复性：≤0.1dB 互换性：≤0.20dB 回波损耗 PC≥45，UPC ≥ 50dB，APC ≥ 60dB； 拔插次数：≥1000次 线缆外径：2.0mm（单芯）、2*2.0mm（双芯） 护套材质：PVC /LSZH 护套颜色可选：多模OM1/OM2橙色，单模OS2黄色，万兆多模OM3/OM4水绿色/浅绿色 工厂预端接并100%测试合格，确保产品质量及传输性能 使用弯曲半径：建议使用弯曲半径>10倍跳线外径 工作温度：-40～+80℃ 储存温度：-20～+85℃ 要求产品供应商通过ISO9001质量管理认证、ISO14001环境管理体系认证、OHSAS18001职业健康管理体系认证和全国工业生产许可证 | D27: 根 | E27: 268 | H27: =F27+G27 -> 0 | I27: =H27*E27 -> 0
A28: 11 | B28: 42U标准机柜（600*600*2000） | C28: 前玻璃后钣金门机柜 配3块隔板 1个PDU 1套风扇 支脚4个 螺丝40套 42U玻璃门标准机柜2000*600*600，单开钢化玻璃门，前后带高级旋把门锁，后门双开平板网孔门，承重800KG，机柜层板数量3，机柜M6螺丝数量40套，顶部风扇数量2，普通六位PDU1个 接地保护：机柜预留接地装置，满足机房使用要求； 机柜表面采用IP23级静电喷塑处理，生产流水线一次成形，具有较强的防潮、防止碰伤、腐蚀， 各个部位边缘质地均匀、光滑精致，避免了对线缆和设备的摩擦损伤 要求产品供应商通过ISO9001质量管理认证、ISO14001环境管理体系认证、OHSAS18001职业健康管理体系认证和全国工业生产许可证 | D28: 台 | E28: 4 | H28: =F28+G28 -> 0 | I28: =H28*E28 -> 0
A29: 四 | B29: 建筑群子系统 | H29: =F29+G29 -> 0 | I29: =H29*E29 -> 0
A30: 1 | B30: 24口光纤配线架 | C30: 预端接配线箱适用于19英寸标准机架或机柜，1U和4U高度可选，采用金属材质的冷轧钢板，坚固耐用，符合EIA-310-D。 配线箱提供前侧理线空间，无需提供额外理线器。 配线箱采用可前后抽拉的结构设计，方便前后线缆管理。 提供“普通”和“高密度”两种尺寸的MTP预端接配线箱。普通方案的MTP预端接配线箱配套普通MTP模块，可实现1U最高72芯，4U最高288芯的应用。高密度方案的MTP预端接配线箱配套小型MTP模块，可实现1U最高96芯的应用。 预端接配线箱还能支持普通LC/SC耦合器板，支持预端接和熔接混用；单模和多模类型可选。 要求产品供应商通过ISO9001质量管理认证、ISO14001环境管理体系认证、OHSAS18001职业健康管理体系认证和全国工业生产许可证 | D30: 个 | E30: 13 | H30: =F30+G30 -> 0 | I30: =H30*E30 -> 0
A31: 2 | B31: 理线架 | C31: 塑料理线器, 适合六类系统理线理线器 整体材质：钢架+黑色喷塑 可容纳24根网络跳线或者光纤跳线 安装高度：1U 安装方式：机柜螺丝安装 使用温度： -20～70℃ 分12档金属与非金属类型 湿度：85%（温度85℃±3℃） 要求产品供应商通过ISO9001质量管理认证、ISO14001环境管理体系认证、OHSAS18001职业健康管理体系认证和全国工业生产许可证 | D31: 个 | E31: 13 | H31: =F31+G31 -> 0 | I31: =H31*E31 -> 0
A32: 3 | B32: 单模跳线 | C32: LC-LC OS2双工单模 光跳线 3m 连接器插针类型：陶瓷氧化锆 插头材质：高耐冲击性防火阻燃型PC，符合UL94V-0 插针端面：UPC端面 品牌化尾套设计，便于用户识别快速原装正品 连接器插入损耗：≤0.2dB/每接口 最大插入损耗：≤0.3dB/每接口 重复性：≤0.1dB 互换性：≤0.20dB 回波损耗 PC≥45，UPC ≥ 50dB，APC ≥ 60dB； 拔插次数：≥1000次 线缆外径：2.0mm（单芯）、2*2.0mm（双芯） 护套材质：PVC /LSZH 护套颜色可选：多模OM1/OM2橙色，单模OS2黄色，万兆多模OM3/OM4水绿色/浅绿色 工厂预端接并100%测试合格，确保产品质量及传输性能 使用弯曲半径：建议使用弯曲半径>10倍跳线外径 工作温度：-40～+80℃ 储存温度：-20～+85℃ 要求产品供应商通过ISO9001质量管理认证、ISO14001环境管理体系认证、OHSAS18001职业健康管理体系认证和全国工业生产许可证 | D32: 根 | E32: 35 | H32: =F32+G32 -> 0 | I32: =H32*E32 -> 0
A33: 4 | B33: 单模适配器板 | C33: 1U 高密度熔纤方案适配器板，含6个双工单模LC适配器 支持FC、LC、ST、SC四种类型耦合器的卡接 单个适配器板支持卡接LC双工耦合器最大支持12芯 要求产品供应商通过ISO9001质量管理认证、ISO14001环境管理体系认证、OHSAS18001职业健康管理体系认证和全国工业生产许可证 | D33: 个 | E33: 23 | H33: =F33+G33 -> 0 | I33: =H33*E33 -> 0
A34: 5 | B34: 单模尾纤 | C34: LC OS2单模尾纤 1.0m 连接器插针类型：陶瓷氧化锆 插头材质：高耐冲击性防火阻燃型PC，符合UL94V-0 插针端面：UPC端面 品牌化尾套设计，便于用户识别快速原装正品 连接器插入损耗：≤0.2dB/每接口 最大插入损耗：≤0.3dB/每接口 重复性：≤0.1dB 互换性：≤0.20dB 回波损耗 PC≥45，UPC ≥ 50dB，APC ≥ 60dB； 拔插次数：≥1000次 线缆外径：2.0mm（单芯）、2*2.0mm（双芯） 护套材质：PVC /LSZH 护套颜色可选：多模OM1/OM2橙色，单模OS2黄色，万兆多模OM3/OM4水绿色/浅绿色 工厂预端接并100%测试合格，确保产品质量及传输性能 使用弯曲半径：建议使用弯曲半径>10倍跳线外径 工作温度：-40～+80℃ 储存温度：-20～+85℃ 要求产品供应商通过ISO9001质量管理认证、ISO14001环境管理体系认证、OHSAS18001职业健康管理体系认证和全国工业生产许可证 | D34: 根 | E34: 268 | H34: =F34+G34 -> 0 | I34: =H34*E34 -> 0
A35: 6 | B35: 42U标准机柜（600*600*2000） | C35: 前玻璃后钣金门机柜 配3块隔板 1个PDU 1套风扇 支脚4个 螺丝40套 42U玻璃门标准机柜2000*600*600，单开钢化玻璃门，前后带高级旋把门锁，后门双开平板网孔门，承重800KG，机柜层板数量3，机柜M6螺丝数量40套，顶部风扇数量2，普通六位PDU1个 接地保护：机柜预留接地装置，满足机房使用要求； 机柜表面采用IP23级静电喷塑处理，生产流水线一次成形，具有较强的防潮、防止碰伤、腐蚀， 各个部位边缘质地均匀、光滑精致，避免了对线缆和设备的摩擦损伤 要求产品供应商通过ISO9001质量管理认证、ISO14001环境管理体系认证、OHSAS18001职业健康管理体系认证和全国工业生产许可证 | D35: 台 | E35: 1 | H35: =F35+G35 -> 0 | I35: =H35*E35 -> 0
A36: 五 | B36: 设备间子系统 | H36: =F36+G36 -> 0 | I36: =H36*E36 -> 0
A37: 1 | B37: 24口光纤配线架 | C37: 预端接配线箱适用于19英寸标准机架或机柜，1U和4U高度可选，采用金属材质的冷轧钢板，坚固耐用，符合EIA-310-D。 配线箱提供前侧理线空间，无需提供额外理线器。 配线箱采用可前后抽拉的结构设计，方便前后线缆管理。 提供“普通”和“高密度”两种尺寸的MTP预端接配线箱。普通方案的MTP预端接配线箱配套普通MTP模块，可实现1U最高72芯，4U最高288芯的应用。高密度方案的MTP预端接配线箱配套小型MTP模块，可实现1U最高96芯的应用。 预端接配线箱还能支持普通LC/SC耦合器板，支持预端接和熔接混用；单模和多模类型可选。要求产品供应商通过ISO9001质量管理认证、ISO14001环境管理体系认证、OHSAS18001职业健康管理体系认证和全国工业生产许可证 | D37: 个 | E37: 3 | H37: =F37+G37 -> 0 | I37: =H37*E37 -> 0
A38: 2 | B38: 理线架 | C38: 塑料理线器, 适合六类系统理线理线器 整体材质：钢架+黑色喷塑 可容纳24根网络跳线或者光纤跳线 安装高度：1U 安装方式：机柜螺丝安装 使用温度： -20～70℃ 分12档金属与非金属类型 湿度：85%（温度85℃±3℃） 要求产品供应商通过ISO9001质量管理认证、ISO14001环境管理体系认证、OHSAS18001职业健康管理体系认证和全国工业生产许可证 | D38: 个 | E38: 3 | H38: =F38+G38 -> 0 | I38: =H38*E38 -> 0
A39: 3 | B39: 多模跳线 | C39: LC-LC OM3双工多模 光跳线 3m 连接器插针类型：陶瓷氧化锆 插头材质：高耐冲击性防火阻燃型PC，符合UL94V-0 插针端面：UPC端面 品牌化尾套设计，便于用户识别快速原装正品 连接器插入损耗：≤0.2dB/每接口 最大插入损耗：≤0.3dB/每接口 重复性：≤0.1dB 互换性：≤0.20dB 回波损耗 PC≥45，UPC ≥ 50dB，APC ≥ 60dB； 拔插次数：≥1000次 线缆外径：2.0mm（单芯）、2*2.0mm（双芯） 护套材质：PVC /LSZH 护套颜色可选：多模OM1/OM2橙色，单模OS2黄色，万兆多模OM3/OM4水绿色/浅绿色 工厂预端接并100%测试合格，确保产品质量及传输性能 使用弯曲半径：建议使用弯曲半径>10倍跳线外径 工作温度：-40～+80℃ 储存温度：-20～+85℃ 要求产品供应商通过ISO9001质量管理认证、ISO14001环境管理体系认证、OHSAS18001职业健康管理体系认证和全国工业生产许可证 | D39: 根 | E39: 4 | H39: =F39+G39 -> 0 | I39: =H39*E39 -> 0
A40: 4 | B40: 多模适配器板 | C40: 1U 高密度熔纤方案适配器板，含6个双工多模LC适配器 支持FC、LC、ST、SC四种类型耦合器的卡接 单个适配器板支持卡接LC双工耦合器最大支持12芯 | D40: 个 | E40: 4 | H40: =F40+G40 -> 0 | I40: =H40*E40 -> 0
A41: 5 | B41: 多模尾纤 | C41: LC OM3多模尾纤 1.0m 连接器插针类型：陶瓷氧化锆 插头材质：高耐冲击性防火阻燃型PC，符合UL94V-0 插针端面：UPC端面 品牌化尾套设计，便于用户识别快速原装正品 连接器插入损耗：≤0.2dB/每接口 最大插入损耗：≤0.3dB/每接口 重复性：≤0.1dB 互换性：≤0.20dB 回波损耗 PC≥45，UPC ≥ 50dB，APC ≥ 60dB； 拔插次数：≥1000次 线缆外径：2.0mm（单芯）、2*2.0mm（双芯） 护套材质：PVC /LSZH 护套颜色可选：多模OM1/OM2橙色，单模OS2黄色，万兆多模OM3/OM4水绿色/浅绿色 工厂预端接并100%测试合格，确保产品质量及传输性能 使用弯曲半径：建议使用弯曲半径>10倍跳线外径 工作温度：-40～+80℃ 储存温度：-20～+85℃ 要求产品供应商通过ISO9001质量管理认证、ISO14001环境管理体系认证、OHSAS18001职业健康管理体系认证和全国工业生产许可证 | D41: 根 | E41: 48 | H41: =F41+G41 -> 0 | I41: =H41*E41 -> 0
A42: 6 | B42: 单模跳线 | C42: LC-LC OS2双工单模 光跳线 3m 连接器插针类型：陶瓷氧化锆 插头材质：高耐冲击性防火阻燃型PC，符合UL94V-0 插针端面：UPC端面 品牌化尾套设计，便于用户识别快速原装正品 连接器插入损耗：≤0.2dB/每接口 最大插入损耗：≤0.3dB/每接口 重复性：≤0.1dB 互换性：≤0.20dB 回波损耗 PC≥45，UPC ≥ 50dB，APC ≥ 60dB； 拔插次数：≥1000次 线缆外径：2.0mm（单芯）、2*2.0mm（双芯） 护套材质：PVC /LSZH 护套颜色可选：多模OM1/OM2橙色，单模OS2黄色，万兆多模OM3/OM4水绿色/浅绿色 工厂预端接并100%测试合格，确保产品质量及传输性能 使用弯曲半径：建议使用弯曲半径>10倍跳线外径 工作温度：-40～+80℃ 储存温度：-20～+85℃ 要求产品供应商通过ISO9001质量管理认证、ISO14001环境管理体系认证、OHSAS18001职业健康管理体系认证和全国工业生产许可证 | D42: 根 | E42: 1 | H42: =F42+G42 -> 0 | I42: =H42*E42 -> 0
A43: 7 | B43: 单模适配器板 | C43: 1U 高密度熔纤方案适配器板，含6个双工单模LC适配器 支持FC、LC、ST、SC四种类型耦合器的卡接 单个适配器板支持卡接LC双工耦合器最大支持12芯 要求产品供应商通过ISO9001质量管理认证、ISO14001环境管理体系认证、OHSAS18001职业健康管理体系认证和全国工业生产许可证 | D43: 个 | E43: 2 | H43: =F43+G43 -> 0 | I43: =H43*E43 -> 0
A44: 8 | B44: 单模尾纤 | C44: LC OS2单模尾纤 1.0m 连接器插针类型：陶瓷氧化锆 插头材质：高耐冲击性防火阻燃型PC，符合UL94V-0 插针端面：UPC端面 品牌化尾套设计，便于用户识别快速原装正品 连接器插入损耗：≤0.2dB/每接口 最大插入损耗：≤0.3dB/每接口 重复性：≤0.1dB 互换性：≤0.20dB 回波损耗 PC≥45，UPC ≥ 50dB，APC ≥ 60dB； 拔插次数：≥1000次 线缆外径：2.0mm（单芯）、2*2.0mm（双芯） 护套材质：PVC /LSZH 护套颜色可选：多模OM1/OM2橙色，单模OS2黄色，万兆多模OM3/OM4水绿色/浅绿色 工厂预端接并100%测试合格，确保产品质量及传输性能 使用弯曲半径：建议使用弯曲半径>10倍跳线外径 工作温度：-40～+80℃ 储存温度：-20～+85℃ 要求产品供应商通过ISO9001质量管理认证、ISO14001环境管理体系认证、OHSAS18001职业健康管理体系认证和全国工业生产许可证 | D44: 根 | E44: 16 | H44: =F44+G44 -> 0 | I44: =H44*E44 -> 0
A45: 9 | B45: 电线管JDG20（含开槽、支架、防火涂料等） | C45: 1、名称：电气配管 2、规格：JDG20暗敷 3、含配管开槽及修复 | D45: 米 | E45: 5840 | H45: =F45+G45 -> 0 | I45: =H45*E45 -> 0
A46: 10 | B46: 电线管JDG20（含开槽、支架、防火涂料等） | C46: 1、名称：电气配管 2、规格：JDG20吊顶内明敷 | D46: 米 | E46: 5840 | H46: =F46+G46 -> 0 | I46: =H46*E46 -> 0
A47: 11 | B47: 42U标准机柜（800*1000*2000） | C47: 前玻璃后钣金门机柜 配3块隔板 1个PDU 2套风扇 支脚4个 螺丝40套 配2跟金属走线槽 42U玻璃门标准机柜2000*800*1000，单开钢化玻璃门，前后带高级旋把门锁，后门双开平板网孔门，承重800KG，机柜层板数量3，机柜M6螺丝数量40套，顶部风扇数量2，普通六位PDU1个 接地保护：机柜预留接地装置，满足机房使用要求； 机柜表面采用IP23级静电喷塑处理，生产流水线一次成形，具有较强的防潮、防止碰伤、腐蚀， 各个部位边缘质地均匀、光滑精致，避免了对线缆和设备的摩擦损伤 要求产品供应商通过ISO9001质量管理认证、ISO14001环境管理体系认证、OHSAS18001职业健康管理体系认证和全国工业生产许可证 | D47: 台 | E47: 4 | H47: =F47+G47 -> 0 | I47: =H47*E47 -> 0
A48: B | B48: 管理网布线 | I48: =SUM(I49:I72) -> 0
A49: 一 | B49: 工作区子系统 | H49: =F49+G49 -> 0 | I49: =H49*E49 -> 0
A50: 1 | B50: 单口面板 | C50: 单口方形模块面板(含边框/标签),带防尘盖,白色 面板类型：86*86mm型 面板端口数：单口 面板主体塑料材质：采用ABS塑胶材质，耐冲压，阻燃 标识：含有机玻璃的标签 防尘门：优质ABS工程塑料 Z字形弹簧材质：钢丝 连接方式：直接卡接信息模块 边框拆卸：侧面拆卸边框，更加方便省力 安装方式：使用面板包装内配套的双螺丝明装或暗装 匹配性：与语音、有线电视、五类、超五类，六类、超六类等全线模块兼容 使用温度： -20～70℃ 湿度：85%（温度85℃±3℃） 要求产品供应商通过ISO9001质量管理认证、ISO14001环境管理体系认证、OHSAS18001职业健康管理体系认证和全国工业生产许可证 | D50: 个 | E50: 6 | H50: =F50+G50 -> 0 | I50: =H50*E50 -> 0
A51: 2 | B51: 双口面板 | C51: 双口方模块面板(含边框/标签),带防尘盖,白色 面板类型：86*86mm型 面板端口数：双口 面板主体塑料材质：采用ABS塑胶材质，耐冲压，阻燃 标识：含有机玻璃的标签 防尘门：优质ABS工程塑料 Z字形弹簧材质：钢丝 连接方式：直接卡接信息模块 边框拆卸：侧面拆卸边框，更加方便省力 安装方式：使用面板包装内配套的双螺丝明装或暗装 匹配性：与语音、有线电视、五类、超五类，六类、超六类等全线模块兼容 使用温度： -20～70℃ 湿度：85%（温度85℃±3℃） 要求产品供应商通过ISO9001质量管理认证、ISO14001环境管理体系认证、OHSAS18001职业健康管理体系认证和全国工业生产许可证 | D51: 个 | E51: 55 | H51: =F51+G51 -> 0 | I51: =H51*E51 -> 0
A52: 3 | B52: 单口地插 | C52: 弹出阻尼式双联六类电脑地插(铜质光面) 四周表面作倒角和圆角处理，抛光表面，工艺精湛，质地均匀一致 面板材质采用铜合金或不锈钢，耐腐蚀耐磨损，外观豪华优美 底盒尺寸：100*100*60mm，材质选用锌合金 翻盖开合灵活，无卡死现象 翻盖合上后与外框之间无不平现象 采用防渗透防踩踏设计，可有效防水、防重压 灵活性：可安装多种不同地插功能件，满足弱电通信、强电、光通信、多媒体等使用需求 接地：配有接地螺丝，与地接触，接触电阻小于0.05Ω 可安装1-3位功能模块，另可根据实际情况选配数十种多媒体模块 功能模块插座采用快速拆卸设计，接线安装及维护极其方便快捷 使用温度： -20～70℃ 湿度：85%（温度85℃±3℃） 要求产品供应商通过ISO9001质量管理认证、ISO14001环境管理体系认证、OHSAS18001职业健康管理体系认证和全国工业生产许可证 | D52: 个 | E52: 5 | H52: =F52+G52 -> 0 | I52: =H52*E52 -> 0
A53: 二 | B53: 水平、主干子系统 | H53: =F53+G53 -> 0 | I53: =H53*E53 -> 0
A54: 1 | B54: 6类4对非屏蔽双绞线，低烟无卤 | C54: 产品规格：Cat6非屏蔽双绞线缆。 性能：23AWG线规的电缆满足250MHz条件下的传输要求，并采用带十字支撑架结构，可以有效隔离对绞线对以优化NEXT和ELFEXT性能，以保证整个布线系统的可靠性及稳定性； 标准：符合Category 6 ANSI/TIA/EIA-568-C2-1 and ISO/IEC 11801标准并可提供ETL或UL,信产部认证及相关测试报告； 芯线对数及屏蔽层：4对，每芯带有色条区别，内有线缆撕裂绳； 带宽要求：Cat6≥250MHz，支持1000 Base-T以及1000Base-TX局域网以及宽带视频应用； 电气特性：1.0-100.0MHz输入阻抗（欧姆） 100±6，100-250MHz输入阻抗（欧姆） 100±6，1.0-250.0MHz时延偏离(ns/100m) ≤45，线对对地的电容不平衡(pF/100m) ≤330，20°C条件下的导线最大直流电阻（欧姆/km）为73.2，电阻不平衡（%） ≤5； 认证：低烟无卤线缆满足 IEC60332、IEC 61034、IEC 60754标准要求，并在线缆外皮上标注符合的国际标准名称； 护套标识：LSZH护套，外护套印有品牌、型号规格、线规、屏蔽类型、标准号、缆型、生产序列号等信息，字迹清晰、不褪色、容易辨别，用于产品的质量回溯，并印有逆序长度标注(305~0 meter)以方便识别线缆长度； 包装：标准纸箱包装，外包装箱上印刷条形码等标识以方便业主及监理单位在不利用任何专业检测设备的前提下，就可以方便、简易、迅速的判断供应的货物是否为原厂原装正品； 水平线缆为低烟无卤LSZH产品，符合IEC60332-1阻燃等级，并提供中国信息产业部授权机构出具的第三方燃烧测试报告； 链路支持4连接，符合ANSI/TIA 568-C标准，并提供中国信息产业部授权检测机构出具的第三方传输性能测试报告； 产品需要满足元器件级别测试认证，其中双绞线，信息模块，跳线均有中国信息产业部授权检测机构或ETL出具的第三方传输性能测试报告。提供CE、ROHS、UL认证证书 | D54: 米 | E54: =18*305 -> 5490 | H54: =F54+G54 -> 0 | I54: =H54*E54 -> 0
A55: 2 | B55: 室内万兆多模光缆，8芯，9/125um，低烟无卤(LSZH) | C55: OM3 室内多模 LSZH, 8 芯 护套材质：LSZH（水绿/浅绿） 12芯 光缆外径：6.8±0.3mm 护套厚度：0.6±0.1mm 涂层直径：245±7μm 包层直径：125±1.0μm 纤芯直径：50±2.5mm 加强构件材质：聚酯纱 纤芯颜色：蓝、橙、绿、棕、灰、白、红、黑、黄、紫、粉红、青绿 光纤类型：OM3多模光纤 衰减系数：@850nm≤3.50dB/km；@1300≤1.5dB/km 敷设方式：室内穿管、桥架敷设 敷设最小弯曲半径：动态弯曲半径≥20倍光缆外径 静态弯曲半径≥10倍光缆外径 敷设拉力：敷设时最大短期拉力≤440N 使用拉力：敷设时最大长期拉力≤130N 敷设压扁力：敷设时短期压扁力≤1000N 使用压扁力：建议使用时长期压扁力≤200N 使用温度：-20～60℃ 要求产品供应商通过ISO9001质量管理认证、ISO14001环境管理体系认证、OHSAS18001职业健康管理体系认证和全国工业生产许可证 提供CE、ROHS认证证书 | D55: 米 | E55: 315 | H55: =F55+G55 -> 0 | I55: =H55*E55 -> 0
A56: 三 | B56: 管理子系统 | H56: =F56+G56 -> 0 | I56: =H56*E56 -> 0
A57: 1 | B57: 24口非屏蔽空配线架 | C57: 产品规格：六类非屏蔽齐平式配线架，可选T568A和T568B连线方案； 性能：预装不带防尘盖六类信息模块，24口RJ45模块化配线架，每端口自带防尘盖并附带透明接线固定后盖，以提高线缆的应力消除能力，确保模块端接的长期可靠性。 标准：完全符合AS/NZS 3080：2003, ISO/IEC11801 2002版本2和ANSI/TIA/EIA-568-C系列连接硬件标准的要求 结构：可拆卸的后侧理线支架，后侧理线支架可以在端接之后将其安装好； 安装方式：与标准的19”机柜/机架兼容。 标识：前方的透明标签系统可以快速方便地识别信道； 结构：带有金属粉末涂层的框架结构，坚固耐用耐腐蚀，保护配线架免受腐蚀和刮伤。可拆卸后部电缆管理架，附带所有安装和电缆固定的完整套件，包括魔术贴扎带用于线缆捆扎。 安装：19”机柜式安装，高度为1U，配线架的背后要求配备托线架，用于绑扎双绞线，可确保安装的电缆整齐同时消除应力，提高模块端接的长期可靠性； | D57: 个 | E57: 6 | H57: =F57+G57 -> 0 | I57: =H57*E57 -> 0
A58: 3 | B58: 6类标准跳线 | C58: 规格：CAT6 UTP 4对标准RJ45/RJ45信息软跳线Cat6非屏蔽跳线； 标准：完全符合AS/NZS 3080：2003,ISO/IEC 11801第2版2002 和ANSI/TIA/EIA-568-B系列连接硬件标准要求； 线规：24AWG多芯信息软跳线；线缆带有十字骨架用于分隔线对，保证跳线弯曲缠绕的情况下仍然有出色的近段串扰和远端串扰性能； 耐用性：可拔插750次以上；RJ45接头采用聚碳酸脂，FCC第68部分第F节 UL 94V-0； 触点材料：磷青铜，有50um镀金层和100um镀镍层； 传输带宽：CAT6≥250MHz； 接触阻抗：最大为10mΩ； 长度要求：2米规格的插接线，两端接头采用全模制的RJ45接头，适用于所有CAT6配线架，确保先对的完整性，提高应力消除能力； 认证：CM等UL认证防火等级须在线缆外皮上印有UL文件编号，并且在线缆包装上贴有UL专属的镭射标签； 跳线颜色：蓝色。 要求产品供应商通过ISO9001质量管理认证、ISO14001环境管理体系认证、OHSAS18001职业健康管理体系认证和全国工业生产许可证 | D58: 根 | E58: 121 | H58: =F58+G58 -> 0 | I58: =H58*E58 -> 0
A59: 4 | B59: 理线架 | C59: 塑料理线器, 适合六类系统理线 材质：钢架+黑色喷塑 可容纳24根网络跳线或者光纤跳线 安装高度：1U 安装方式：机柜螺丝安装 使用温度： -20～70℃ 分12档金属与非金属类型 湿度：85%（温度85℃±3℃） △产品供应商必须是产品制造商，要求产品供应商通过ISO9001质量管理认证、ISO14001环境管理体系认证、OHSAS18001职业健康管理体系认证和全国工业生产许可证 | D59: 个 | E59: 9 | H59: =F59+G59 -> 0 | I59: =H59*E59 -> 0
A60: 5 | B60: 24口光纤配线架 | C60: 预端接配线箱适用于19英寸标准机架或机柜，1U和4U高度可选，采用金属材质的冷轧钢板，坚固耐用，符合EIA-310-D。 配线箱提供前侧理线空间，无需提供额外理线器。 配线箱采用可前后抽拉的结构设计，方便前后线缆管理。 提供“普通”和“高密度”两种尺寸的MTP预端接配线箱。普通方案的MTP预端接配线箱配套普通MTP模块，可实现1U最高72芯，4U最高288芯的应用。高密度方案的MTP预端接配线箱配套小型MTP模块，可实现1U最高96芯的应用。 预端接配线箱还能支持普通LC/SC耦合器板，支持预端接和熔接混用；单模和多模类型可选。要求产品供应商通过ISO9001质量管理认证、ISO14001环境管理体系认证、OHSAS18001职业健康管理体系认证和全国工业生产许可证 | D60: 个 | E60: 3 | H60: =F60+G60 -> 0 | I60: =H60*E60 -> 0
A61: 6 | B61: 多模跳线 | C61: LC-LC OM3双工多模 光跳线 3m 连接器插针类型：陶瓷氧化锆 插头材质：高耐冲击性防火阻燃型PC，符合UL94V-0 插针端面：UPC端面 品牌化尾套设计，便于用户识别快速原装正品 连接器插入损耗：≤0.2dB/每接口 最大插入损耗：≤0.3dB/每接口 重复性：≤0.1dB 互换性：≤0.20dB 回波损耗 PC≥45，UPC ≥ 50dB，APC ≥ 60dB； 拔插次数：≥1000次 线缆外径：2.0mm（单芯）、2*2.0mm（双芯） 护套材质：PVC /LSZH 护套颜色可选：多模OM1/OM2橙色，单模OS2黄色，万兆多模OM3/OM4水绿色/浅绿色 工厂预端接并100%测试合格，确保产品质量及传输性能 使用弯曲半径：建议使用弯曲半径>10倍跳线外径 工作温度：-40～+80℃ 储存温度：-20～+85℃ 要求产品供应商通过ISO9001质量管理认证、ISO14001环境管理体系认证、OHSAS18001职业健康管理体系认证和全国工业生产许可证 | D61: 根 | E61: 4 | H61: =F61+G61 -> 0 | I61: =H61*E61 -> 0
A62: 7 | B62: 多模适配器板 | C62: 1U 高密度熔纤方案适配器板，含6个双工多模LC适配器支持FC、LC、ST、SC四种类型耦合器的卡接 单个适配器板支持卡接LC双工耦合器最大支持12芯 | D62: 个 | E62: 4 | H62: =F62+G62 -> 0 | I62: =H62*E62 -> 0
A63: 8 | B63: 多模尾纤 | C63: LC OM3多模尾纤 1.0m 连接器插针类型：陶瓷氧化锆 插头材质：高耐冲击性防火阻燃型PC，符合UL94V-0 插针端面：UPC端面 品牌化尾套设计，便于用户识别快速原装正品 连接器插入损耗：≤0.2dB/每接口 最大插入损耗：≤0.3dB/每接口 重复性：≤0.1dB 互换性：≤0.20dB 回波损耗 PC≥45，UPC ≥ 50dB，APC ≥ 60dB； 拔插次数：≥1000次 线缆外径：2.0mm（单芯）、2*2.0mm（双芯） 护套材质：PVC /LSZH 护套颜色可选：多模OM1/OM2橙色，单模OS2黄色，万兆多模OM3/OM4水绿色/浅绿色 工厂预端接并100%测试合格，确保产品质量及传输性能 使用弯曲半径：建议使用弯曲半径>10倍跳线外径 工作温度：-40～+80℃ 储存温度：-20～+85℃ 要求产品供应商通过ISO9001质量管理认证、ISO14001环境管理体系认证、OHSAS18001职业健康管理体系认证和全国工业生产许可证 | D63: 根 | E63: 48 | H63: =F63+G63 -> 0 | I63: =H63*E63 -> 0
A64: 四 | B64: 设备间子系统 | H64: =F64+G64 -> 0 | I64: =H64*E64 -> 0
A65: 1 | B65: 24口光纤配线架 | C65: 预端接配线箱适用于19英寸标准机架或机柜，1U和4U高度可选，采用金属材质的冷轧钢板，坚固耐用，符合EIA-310-D。 配线箱提供前侧理线空间，无需提供额外理线器。 配线箱采用可前后抽拉的结构设计，方便前后线缆管理。 提供“普通”和“高密度”两种尺寸的MTP预端接配线箱。普通方案的MTP预端接配线箱配套普通MTP模块，可实现1U最高72芯，4U最高288芯的应用。高密度方案的MTP预端接配线箱配套小型MTP模块，可实现1U最高96芯的应用。 预端接配线箱还能支持普通LC/SC耦合器板，支持预端接和熔接混用；单模和多模类型可选。要求产品供应商通过ISO9001质量管理认证、ISO14001环境管理体系认证、OHSAS18001职业健康管理体系认证和全国工业生产许可证 | D65: 个 | E65: 2 | H65: =F65+G65 -> 0 | I65: =H65*E65 -> 0
A66: 2 | B66: 理线架 | C66: 塑料理线器, 适合六类系统理线 材质：钢架+黑色喷塑 可容纳24根网络跳线或者光纤跳线 安装高度：1U 安装方式：机柜螺丝安装 使用温度： -20～70℃ 分12档金属与非金属类型 湿度：85%（温度85℃±3℃） △产品供应商必须是产品制造商，要求产品供应商通过ISO9001质量管理认证、ISO14001环境管理体系认证、OHSAS18001职业健康管理体系认证和全国工业生产许可证 | D66: 个 | E66: 1 | H66: =F66+G66 -> 0 | I66: =H66*E66 -> 0
A67: 3 | B67: 多模跳线 | C67: LC-LC OM3双工多模 光跳线 3m 连接器插针类型：陶瓷氧化锆 插头材质：高耐冲击性防火阻燃型PC，符合UL94V-0 插针端面：UPC端面 品牌化尾套设计，便于用户识别快速原装正品 连接器插入损耗：≤0.2dB/每接口 最大插入损耗：≤0.3dB/每接口 重复性：≤0.1dB 互换性：≤0.20dB 回波损耗 PC≥45，UPC ≥ 50dB，APC ≥ 60dB； 拔插次数：≥1000次 线缆外径：2.0mm（单芯）、2*2.0mm（双芯） 护套材质：PVC /LSZH 护套颜色可选：多模OM1/OM2橙色，单模OS2黄色，万兆多模OM3/OM4水绿色/浅绿色 工厂预端接并100%测试合格，确保产品质量及传输性能 使用弯曲半径：建议使用弯曲半径>10倍跳线外径 工作温度：-40～+80℃ 储存温度：-20～+85℃ 要求产品供应商通过ISO9001质量管理认证、ISO14001环境管理体系认证、OHSAS18001职业健康管理体系认证和全国工业生产许可证 | D67: 根 | E67: 4 | H67: =F67+G67 -> 0 | I67: =H67*E67 -> 0
A68: 4 | B68: 多模适配器板 | C68: 1U 高密度熔纤方案适配器板，含6个双工多模LC适配器支持FC、LC、ST、SC四种类型耦合器的卡接 单个适配器板支持卡接LC双工耦合器最大支持12芯 | D68: 个 | E68: 4 | H68: =F68+G68 -> 0 | I68: =H68*E68 -> 0
A69: 5 | B69: 多模尾纤 | C69: LC OM3多模尾纤 1.0m 连接器插针类型：陶瓷氧化锆 插头材质：高耐冲击性防火阻燃型PC，符合UL94V-0 插针端面：UPC端面 品牌化尾套设计，便于用户识别快速原装正品 连接器插入损耗：≤0.2dB/每接口 最大插入损耗：≤0.3dB/每接口 重复性：≤0.1dB 互换性：≤0.20dB 回波损耗 PC≥45，UPC ≥ 50dB，APC ≥ 60dB； 拔插次数：≥1000次 线缆外径：2.0mm（单芯）、2*2.0mm（双芯） 护套材质：PVC /LSZH 护套颜色可选：多模OM1/OM2橙色，单模OS2黄色，万兆多模OM3/OM4水绿色/浅绿色 工厂预端接并100%测试合格，确保产品质量及传输性能 使用弯曲半径：建议使用弯曲半径>10倍跳线外径 工作温度：-40～+80℃ 储存温度：-20～+85℃ 要求产品供应商通过ISO9001质量管理认证、ISO14001环境管理体系认证、OHSAS18001职业健康管理体系认证和全国工业生产许可证 | D69: 根 | E69: 48 | H69: =F69+G69 -> 0 | I69: =H69*E69 -> 0
A70: 6 | B70: 配管 | C70: 1、名称：电气配管 2、规格：JDG20暗敷 3、含配管开槽及修复 | D70: m | E70: 864 | H70: =F70+G70 -> 0 | I70: =H70*E70 -> 0
A71: 7 | B71: 配管 | C71: 1、名称：电气配管 2、规格：JDG20吊顶内明敷 | D71: m | E71: 864 | H71: =F71+G71 -> 0 | I71: =H71*E71 -> 0
A72: 8 | B72: 接线盒 铁质86# | C72: 1.名称:接线盒 2.材质:铁质86# 3.安装形式:暗装 | D72: 只 | E72: 120 | H72: =F72+G72 -> 0 | I72: =H72*E72 -> 0
A73: C | B73: 设备网布线 | I73: =SUM(I74:I99) -> 0
A74: 一 | B74: 水平、主干子系统 | H74: =F74+G74 -> 0 | I74: =H74*E74 -> 0
A75: 1 | B75: 6类4对非屏蔽双绞线，低烟无卤 | C75: 产品规格：Cat6非屏蔽双绞线缆。 性能：23AWG线规的电缆满足250MHz条件下的传输要求，并采用带十字支撑架结构，可以有效隔离对绞线对以优化NEXT和ELFEXT性能，以保证整个布线系统的可靠性及稳定性； 标准：符合Category 6 ANSI/TIA/EIA-568-C2-1 and ISO/IEC 11801标准并可提供ETL或UL,信产部认证及相关测试报告； 芯线对数及屏蔽层：4对，每芯带有色条区别，内有线缆撕裂绳； 带宽要求：Cat6≥250MHz，支持1000 Base-T以及1000Base-TX局域网以及宽带视频应用； 电气特性：1.0-100.0MHz输入阻抗（欧姆） 100±6，100-250MHz输入阻抗（欧姆） 100±6，1.0-250.0MHz时延偏离(ns/100m) ≤45，线对对地的电容不平衡(pF/100m) ≤330，20°C条件下的导线最大直流电阻（欧姆/km）为73.2，电阻不平衡（%） ≤5； 认证：低烟无卤线缆满足 IEC60332、IEC 61034、IEC 60754标准要求，并在线缆外皮上标注符合的国际标准名称； 护套标识：LSZH护套，外护套印有品牌、型号规格、线规、屏蔽类型、标准号、缆型、生产序列号等信息，字迹清晰、不褪色、容易辨别，用于产品的质量回溯，并印有逆序长度标注(305~0 meter)以方便识别线缆长度； 包装：标准纸箱包装，外包装箱上印刷条形码等标识以方便业主及监理单位在不利用任何专业检测设备的前提下，就可以方便、简易、迅速的判断供应的货物是否为原厂原装正品； 水平线缆为低烟无卤LSZH产品，符合IEC60332-1阻燃等级，并提供中国信息产业部授权机构出具的第三方燃烧测试报告； 链路支持4连接，符合ANSI/TIA 568-C标准，并提供中国信息产业部授权检测机构出具的第三方传输性能测试报告； 产品需要满足元器件级别测试认证，其中双绞线，信息模块，跳线均有中国信息产业部授权检测机构或ETL出具的第三方传输性能测试报告。 | D75: 米 | E75: =305*63*0.8 -> 15372 | H75: =F75+G75 -> 0 | I75: =H75*E75 -> 0
A76: 2 | B76: 室外单模光缆，4芯 | C76: OS2室外轻铠单模, 4 芯, 9um 外护套材料：聚乙烯（PE） 结构：采用中心管式 护套厚度：1.0±0.1mm 光缆外径：8.6±0.2mm 光缆加强件：两根夹带平行高强度磷化钢丝 钢丝直径：1.0±0.02mm 铠装层：双面镀铬涂塑钢带（PSP）纵包 松套管材质：PBT 纤芯颜色：蓝、橙、绿、棕、灰、白、红、黑、黄、紫、粉红、青绿 芯数：2-12芯 光纤类型：OS2单模光纤 衰减系数：@1310nm≤0.36dB/km；@1550≤0.22dB/km 敷设方式：管道、非自承式架空适用，进局、槽道、电缆沟可用 敷设最小弯曲半径：动态弯曲半径≥20倍光缆外径 静态弯曲半径≥10倍光缆外径 敷设拉力：建议敷设时短期拉力≤1500N 使用拉力：建议使用时长期拉力≤600N 敷设压扁力：建议敷设时短期压扁力≤1000N 使用压扁力：建议使用时长期压扁力≤300N 使用温度：-20～60℃ 要求产品供应商通过ISO9001质量管理认证、ISO14001环境管理体系认证、OHSAS18001职业健康管理体系认证和全国工业生产许可证 提供CE、ROHS认证证书 | D76: 米 | E76: 3870 | H76: =F76+G76 -> 0 | I76: =H76*E76 -> 0
A77: 3 | B77: 室内万兆多模光缆，8芯，9/125um，低烟无卤(LSZH) | C77: OM3 室内多模 LSZH, 8 芯 50um 护套材质：LSZH（水绿/浅绿） 12芯 光缆外径：6.8±0.3mm 护套厚度：0.6±0.1mm 涂层直径：245±7μm 包层直径：125±1.0μm 纤芯直径：50±2.5mm 加强构件材质：聚酯纱 纤芯颜色：蓝、橙、绿、棕、灰、白、红、黑、黄、紫、粉红、青绿 光纤类型：OM3多模光纤 衰减系数：@850nm≤3.50dB/km；@1300≤1.5dB/km 敷设方式：室内穿管、桥架敷设 敷设最小弯曲半径：动态弯曲半径≥20倍光缆外径 静态弯曲半径≥10倍光缆外径 敷设拉力：敷设时最大短期拉力≤440N 使用拉力：敷设时最大长期拉力≤130N 敷设压扁力：敷设时短期压扁力≤1000N 使用压扁力：建议使用时长期压扁力≤200N 使用温度：-20～60℃ 要求产品供应商通过ISO9001质量管理认证、ISO14001环境管理体系认证、OHSAS18001职业健康管理体系认证和全国工业生产许可证 提供CE、ROHS认证证书 | D77: 米 | E77: 225 | H77: =F77+G77 -> 0 | I77: =H77*E77 -> 0
A78: 二 | B78: 管理子系统 | H78: =F78+G78 -> 0 | I78: =H78*E78 -> 0
A79: 1 | B79: 24口非屏蔽空配线架 | C79: 产品规格：六类非屏蔽齐平式配线架，可选T568A和T568B连线方案； 性能：预装不带防尘盖六类信息模块，24口RJ45模块化配线架，每端口自带防尘盖并附带透明接线固定后盖，以提高线缆的应力消除能力，确保模块端接的长期可靠性。 标准：完全符合AS/NZS 3080：2003, ISO/IEC11801 2002版本2和ANSI/TIA/EIA-568-C系列连接硬件标准的要求 结构：可拆卸的后侧理线支架，后侧理线支架可以在端接之后将其安装好； 安装方式：与标准的19”机柜/机架兼容。 标识：前方的透明标签系统可以快速方便地识别信道； 结构：带有金属粉末涂层的框架结构，坚固耐用耐腐蚀，保护配线架免受腐蚀和刮伤。可拆卸后部电缆管理架，附带所有安装和电缆固定的完整套件，包括魔术贴扎带用于线缆捆扎。 安装：19”机柜式安装，高度为1U，配线架的背后要求配备托线架，用于绑扎双绞线，可确保安装的电缆整齐同时消除应力，提高模块端接的长期可靠性； | D79: 个 | E79: 18 | H79: =F79+G79 -> 0 | I79: =H79*E79 -> 0
A80: 3 | B80: 6类标准跳线 | C80: 规格：CAT6 UTP 4对标准RJ45/RJ45信息软跳线Cat6非屏蔽跳线； 标准：完全符合AS/NZS 3080：2003,ISO/IEC 11801第2版2002 和ANSI/TIA/EIA-568-B系列连接硬件标准要求； 线规：24AWG多芯信息软跳线；线缆带有十字骨架用于分隔线对，保证跳线弯曲缠绕的情况下仍然有出色的近段串扰和远端串扰性能； 耐用性：可拔插750次以上；RJ45接头采用聚碳酸脂，FCC第68部分第F节 UL 94V-0； 触点材料：磷青铜，有50um镀金层和100um镀镍层； 传输带宽：CAT6≥250MHz； 接触阻抗：最大为10mΩ； 长度要求：2米规格的插接线，两端接头采用全模制的RJ45接头，适用于所有CAT6配线架，确保先对的完整性，提高应力消除能力； 认证：CM等UL认证防火等级须在线缆外皮上印有UL文件编号，并且在线缆包装上贴有UL专属的镭射标签； 跳线颜色：蓝色。 要求产品供应商通过ISO9001质量管理认证、ISO14001环境管理体系认证、OHSAS18001职业健康管理体系认证和全国工业生产许可证 | D80: 根 | E80: 239 | H80: =F80+G80 -> 0 | I80: =H80*E80 -> 0
A81: 4 | B81: 理线架 | C81: 塑料理线器, 适合六类系统理线 材质：钢架+黑色喷塑 可容纳24根网络跳线或者光纤跳线 安装高度：1U 安装方式：机柜螺丝安装 使用温度： -20～70℃ 分12档金属与非金属类型 湿度：85%（温度85℃±3℃） △产品供应商必须是产品制造商，要求产品供应商通过ISO9001质量管理认证、ISO14001环境管理体系认证、OHSAS18001职业健康管理体系认证和全国工业生产许可证 | D81: 个 | E81: 31 | H81: =F81+G81 -> 0 | I81: =H81*E81 -> 0
A82: 5 | B82: 24口光纤配线架 | C82: 预端接配线箱适用于19英寸标准机架或机柜，1U和4U高度可选，采用金属材质的冷轧钢板，坚固耐用，符合EIA-310-D。 配线箱提供前侧理线空间，无需提供额外理线器。 配线箱采用可前后抽拉的结构设计，方便前后线缆管理。 提供“普通”和“高密度”两种尺寸的MTP预端接配线箱。普通方案的MTP预端接配线箱配套普通MTP模块，可实现1U最高72芯，4U最高288芯的应用。高密度方案的MTP预端接配线箱配套小型MTP模块，可实现1U最高96芯的应用。 预端接配线箱还能支持普通LC/SC耦合器板，支持预端接和熔接混用；单模和多模类型可选。要求产品供应商通过ISO9001质量管理认证、ISO14001环境管理体系认证、OHSAS18001职业健康管理体系认证和全国工业生产许可证 | D82: 个 | E82: 13 | H82: =F82+G82 -> 0 | I82: =H82*E82 -> 0
A83: 6 | B83: 多模跳线 | C83: LC-LC OM3双工多模 光跳线 3m 连接器插针类型：陶瓷氧化锆 插头材质：高耐冲击性防火阻燃型PC，符合UL94V-0 插针端面：UPC端面 品牌化尾套设计，便于用户识别快速原装正品 连接器插入损耗：≤0.2dB/每接口 最大插入损耗：≤0.3dB/每接口 重复性：≤0.1dB 互换性：≤0.20dB 回波损耗 PC≥45，UPC ≥ 50dB，APC ≥ 60dB； 拔插次数：≥1000次 线缆外径：2.0mm（单芯）、2*2.0mm（双芯） 护套材质：PVC /LSZH 护套颜色可选：多模OM1/OM2橙色，单模OS2黄色，万兆多模OM3/OM4水绿色/浅绿色 工厂预端接并100%测试合格，确保产品质量及传输性能 使用弯曲半径：建议使用弯曲半径>10倍跳线外径 工作温度：-40～+80℃ 储存温度：-20～+85℃ 要求产品供应商通过ISO9001质量管理认证、ISO14001环境管理体系认证、OHSAS18001职业健康管理体系认证和全国工业生产许可证 | D83: 根 | E83: 7 | H83: =F83+G83 -> 0 | I83: =H83*E83 -> 0
A84: 7 | B84: 多模适配器板 | C84: 1U 高密度熔纤方案适配器板，含6个双工多模LC适配器支持FC、LC、ST、SC四种类型耦合器的卡接 单个适配器板支持卡接LC双工耦合器最大支持12芯 | D84: 个 | E84: 2 | H84: =F84+G84 -> 0 | I84: =H84*E84 -> 0
A85: 8 | B85: 多模尾纤 | C85: LC OM3多模尾纤 1.0m 连接器插针类型：陶瓷氧化锆 插头材质：高耐冲击性防火阻燃型PC，符合UL94V-0 插针端面：UPC端面 品牌化尾套设计，便于用户识别快速原装正品 连接器插入损耗：≤0.2dB/每接口 最大插入损耗：≤0.3dB/每接口 重复性：≤0.1dB 互换性：≤0.20dB 回波损耗 PC≥45，UPC ≥ 50dB，APC ≥ 60dB； 拔插次数：≥1000次 线缆外径：2.0mm（单芯）、2*2.0mm（双芯） 护套材质：PVC /LSZH 护套颜色可选：多模OM1/OM2橙色，单模OS2黄色，万兆多模OM3/OM4水绿色/浅绿色 工厂预端接并100%测试合格，确保产品质量及传输性能 使用弯曲半径：建议使用弯曲半径>10倍跳线外径 工作温度：-40～+80℃ 储存温度：-20～+85℃ 要求产品供应商通过ISO9001质量管理认证、ISO14001环境管理体系认证、OHSAS18001职业健康管理体系认证和全国工业生产许可证 | D85: 根 | E85: 16 | H85: =F85+G85 -> 0 | I85: =H85*E85 -> 0
A86: 9 | B86: 单模跳线 | C86: LC-LC OS2双工单模 光跳线 3m 连接器插针类型：陶瓷氧化锆 插头材质：高耐冲击性防火阻燃型PC，符合UL94V-0 插针端面：UPC端面 品牌化尾套设计，便于用户识别快速原装正品 连接器插入损耗：≤0.2dB/每接口 最大插入损耗：≤0.3dB/每接口 重复性：≤0.1dB 互换性：≤0.20dB 回波损耗 PC≥45，UPC ≥ 50dB，APC ≥ 60dB； 拔插次数：≥1000次 线缆外径：2.0mm（单芯）、2*2.0mm（双芯） 护套材质：PVC /LSZH 护套颜色可选：多模OM1/OM2橙色，单模OS2黄色，万兆多模OM3/OM4水绿色/浅绿色 工厂预端接并100%测试合格，确保产品质量及传输性能 使用弯曲半径：建议使用弯曲半径>10倍跳线外径 工作温度：-40～+80℃ 储存温度：-20～+85℃ 要求产品供应商通过ISO9001质量管理认证、ISO14001环境管理体系认证、OHSAS18001职业健康管理体系认证和全国工业生产许可证 | D86: 根 | E86: 11 | H86: =F86+G86 -> 0 | I86: =H86*E86 -> 0
A87: 10 | B87: 单模适配器板 | C87: 1U 高密度熔纤方案适配器板，含6个双工单模LC适配器 支持FC、LC、ST、SC四种类型耦合器的卡接 单个适配器板支持卡接LC双工耦合器最大支持12芯 要求产品供应商通过ISO9001质量管理认证、ISO14001环境管理体系认证、OHSAS18001职业健康管理体系认证和全国工业生产许可证 | D87: 个 | E87: 11 | H87: =F87+G87 -> 0 | I87: =H87*E87 -> 0
A88: 11 | B88: 单模尾纤 | C88: LC OS2单模尾纤 1.0m 连接器插针类型：陶瓷氧化锆 插头材质：高耐冲击性防火阻燃型PC，符合UL94V-0 插针端面：UPC端面 品牌化尾套设计，便于用户识别快速原装正品 连接器插入损耗：≤0.2dB/每接口 最大插入损耗：≤0.3dB/每接口 重复性：≤0.1dB 互换性：≤0.20dB 回波损耗 PC≥45，UPC ≥ 50dB，APC ≥ 60dB； 拔插次数：≥1000次 线缆外径：2.0mm（单芯）、2*2.0mm（双芯） 护套材质：PVC /LSZH 护套颜色可选：多模OM1/OM2橙色，单模OS2黄色，万兆多模OM3/OM4水绿色/浅绿色 工厂预端接并100%测试合格，确保产品质量及传输性能 使用弯曲半径：建议使用弯曲半径>10倍跳线外径 工作温度：-40～+80℃ 储存温度：-20～+85℃ 要求产品供应商通过ISO9001质量管理认证、ISO14001环境管理体系认证、OHSAS18001职业健康管理体系认证和全国工业生产许可证 | D88: 根 | E88: 44 | H88: =F88+G88 -> 0 | I88: =H88*E88 -> 0
A89: 三 | B89: 设备间子系统 | H89: =F89+G89 -> 0 | I89: =H89*E89 -> 0
A90: 1 | B90: 24口光纤配线架 | C90: 预端接配线箱适用于19英寸标准机架或机柜，1U和4U高度可选，采用金属材质的冷轧钢板，坚固耐用，符合EIA-310-D。 配线箱提供前侧理线空间，无需提供额外理线器。 配线箱采用可前后抽拉的结构设计，方便前后线缆管理。 提供“普通”和“高密度”两种尺寸的MTP预端接配线箱。普通方案的MTP预端接配线箱配套普通MTP模块，可实现1U最高72芯，4U最高288芯的应用。高密度方案的MTP预端接配线箱配套小型MTP模块，可实现1U最高96芯的应用。 预端接配线箱还能支持普通LC/SC耦合器板，支持预端接和熔接混用；单模和多模类型可选。要求产品供应商通过ISO9001质量管理认证、ISO14001环境管理体系认证、OHSAS18001职业健康管理体系认证和全国工业生产许可证 | D90: 个 | E90: 3 | H90: =F90+G90 -> 0 | I90: =H90*E90 -> 0
A91: 2 | B91: 理线架 | C91: 塑料理线器, 适合六类系统理线 材质：钢架+黑色喷塑 可容纳24根网络跳线或者光纤跳线 安装高度：1U 安装方式：机柜螺丝安装 使用温度： -20～70℃ 分12档金属与非金属类型 湿度：85%（温度85℃±3℃） △产品供应商必须是产品制造商，要求产品供应商通过ISO9001质量管理认证、ISO14001环境管理体系认证、OHSAS18001职业健康管理体系认证和全国工业生产许可证 | D91: 个 | E91: 3 | H91: =F91+G91 -> 0 | I91: =H91*E91 -> 0
A92: 3 | B92: 多模跳线 | C92: LC-LC OM3双工多模 光跳线 3m 连接器插针类型：陶瓷氧化锆 插头材质：高耐冲击性防火阻燃型PC，符合UL94V-0 插针端面：UPC端面 品牌化尾套设计，便于用户识别快速原装正品 连接器插入损耗：≤0.2dB/每接口 最大插入损耗：≤0.3dB/每接口 重复性：≤0.1dB 互换性：≤0.20dB 回波损耗 PC≥45，UPC ≥ 50dB，APC ≥ 60dB； 拔插次数：≥1000次 线缆外径：2.0mm（单芯）、2*2.0mm（双芯） 护套材质：PVC /LSZH 护套颜色可选：多模OM1/OM2橙色，单模OS2黄色，万兆多模OM3/OM4水绿色/浅绿色 工厂预端接并100%测试合格，确保产品质量及传输性能 使用弯曲半径：建议使用弯曲半径>10倍跳线外径 工作温度：-40～+80℃ 储存温度：-20～+85℃ 要求产品供应商通过ISO9001质量管理认证、ISO14001环境管理体系认证、OHSAS18001职业健康管理体系认证和全国工业生产许可证 | D92: 根 | E92: 7 | H92: =F92+G92 -> 0 | I92: =H92*E92 -> 0
A93: 4 | B93: 多模适配器板 | C93: 1U 高密度熔纤方案适配器板，含6个双工多模LC适配器支持FC、LC、ST、SC四种类型耦合器的卡接 单个适配器板支持卡接LC双工耦合器最大支持12芯 | D93: 个 | E93: 2 | H93: =F93+G93 -> 0 | I93: =H93*E93 -> 0
A94: 5 | B94: 多模尾纤 | C94: LC OM3多模尾纤 1.0m 连接器插针类型：陶瓷氧化锆 插头材质：高耐冲击性防火阻燃型PC，符合UL94V-0 插针端面：UPC端面 品牌化尾套设计，便于用户识别快速原装正品 连接器插入损耗：≤0.2dB/每接口 最大插入损耗：≤0.3dB/每接口 重复性：≤0.1dB 互换性：≤0.20dB 回波损耗 PC≥45，UPC ≥ 50dB，APC ≥ 60dB； 拔插次数：≥1000次 线缆外径：2.0mm（单芯）、2*2.0mm（双芯） 护套材质：PVC /LSZH 护套颜色可选：多模OM1/OM2橙色，单模OS2黄色，万兆多模OM3/OM4水绿色/浅绿色 工厂预端接并100%测试合格，确保产品质量及传输性能 使用弯曲半径：建议使用弯曲半径>10倍跳线外径 工作温度：-40～+80℃ 储存温度：-20～+85℃ 要求产品供应商通过ISO9001质量管理认证、ISO14001环境管理体系认证、OHSAS18001职业健康管理体系认证和全国工业生产许可证 | D94: 根 | E94: 16 | H94: =F94+G94 -> 0 | I94: =H94*E94 -> 0
A95: 6 | B95: 单模跳线 | C95: LC-LC OS2双工单模 光跳线 3m 连接器插针类型：陶瓷氧化锆 插头材质：高耐冲击性防火阻燃型PC，符合UL94V-0 插针端面：UPC端面 品牌化尾套设计，便于用户识别快速原装正品 连接器插入损耗：≤0.2dB/每接口 最大插入损耗：≤0.3dB/每接口 重复性：≤0.1dB 互换性：≤0.20dB 回波损耗 PC≥45，UPC ≥ 50dB，APC ≥ 60dB； 拔插次数：≥1000次 线缆外径：2.0mm（单芯）、2*2.0mm（双芯） 护套材质：PVC /LSZH 护套颜色可选：多模OM1/OM2橙色，单模OS2黄色，万兆多模OM3/OM4水绿色/浅绿色 工厂预端接并100%测试合格，确保产品质量及传输性能 使用弯曲半径：建议使用弯曲半径>10倍跳线外径 工作温度：-40～+80℃ 储存温度：-20～+85℃ 要求产品供应商通过ISO9001质量管理认证、ISO14001环境管理体系认证、OHSAS18001职业健康管理体系认证和全国工业生产许可证 | D95: 根 | E95: 11 | H95: =F95+G95 -> 0 | I95: =H95*E95 -> 0
A96: 7 | B96: 单模适配器板 | C96: 1U 高密度熔纤方案适配器板，含6个双工单模LC适配器 支持FC、LC、ST、SC四种类型耦合器的卡接 单个适配器板支持卡接LC双工耦合器最大支持12芯 要求产品供应商通过ISO9001质量管理认证、ISO14001环境管理体系认证、OHSAS18001职业健康管理体系认证和全国工业生产许可证 | D96: 个 | E96: 11 | H96: =F96+G96 -> 0 | I96: =H96*E96 -> 0
A97: 8 | B97: 单模尾纤 | C97: LC OS2单模尾纤 1.0m 连接器插针类型：陶瓷氧化锆 插头材质：高耐冲击性防火阻燃型PC，符合UL94V-0 插针端面：UPC端面 品牌化尾套设计，便于用户识别快速原装正品 连接器插入损耗：≤0.2dB/每接口 最大插入损耗：≤0.3dB/每接口 重复性：≤0.1dB 互换性：≤0.20dB 回波损耗 PC≥45，UPC ≥ 50dB，APC ≥ 60dB； 拔插次数：≥1000次 线缆外径：2.0mm（单芯）、2*2.0mm（双芯） 护套材质：PVC /LSZH 护套颜色可选：多模OM1/OM2橙色，单模OS2黄色，万兆多模OM3/OM4水绿色/浅绿色 工厂预端接并100%测试合格，确保产品质量及传输性能 使用弯曲半径：建议使用弯曲半径>10倍跳线外径 工作温度：-40～+80℃ 储存温度：-20～+85℃ 要求产品供应商通过ISO9001质量管理认证、ISO14001环境管理体系认证、OHSAS18001职业健康管理体系认证和全国工业生产许可证 | D97: 根 | E97: 44 | H97: =F97+G97 -> 0 | I97: =H97*E97 -> 0
A98: 9 | B98: 配管 | C98: 1、名称：电气配管 2、规格：JDG20暗敷 3、含配管开槽及修复 | D98: m | E98: 440 | H98: =F98+G98 -> 0 | I98: =H98*E98 -> 0
A99: 10 | B99: 配管 | C99: 1、名称：电气配管 2、规格：JDG20吊顶内明敷 | D99: m | E99: 440 | H99: =F99+G99 -> 0 | I99: =H99*E99 -> 0
A100: D | B100: 本系统总价 | C100: A+B+C | I100: =I5+I48+I73 -> 0

Sheet 计算机网络
A1: 计算机网络系统
A2: 工程：苏地2012-G-81号地块酒店区域智能化工程
A3: 序号 | B3: 项目名称描述 | C3: 技术参数 | D3: 单位 | E3: 工程量A | F3: 单价（元） | H3: 总价（元） | J3: 备注
F4: 主材B | G4: 安装费C | H4: 综合单价D=B+C | I4: 合价E=A*D
A5: A | B5: 客用网 | I5: =SUM(I6:I37) -> 0
A6: 一 | B6: 出口设备
A7: 1 | B7: 防火墙 | C7: 全新下一代千兆防火墙，1U高度，可选外置电源，提供1个千兆管理口，1个console接口；固化42个千兆电口；2个SFP千兆光口；内置64G硬盘；1个USB口；可选配病毒库、攻击库、应用识别库、垃圾邮件库、网页分类库特征库升级服务（可选配光模块：MINI-GBIC-LX-SM1310 V7.0、GE-ESFP-LX SM 1310 V6.1、GE-ESFP-SX MM850 V7.0、MINI-GBIC-SX MM850 V6.1、MINI-GBIC-SX MM850 V7.0、MINI-GBIC-SX | D7: 台 | E7: 1 | H7: =F7+G7 -> 0 | I7: =E7*H7 -> 0
C8: RG-WALL 1600-M5100病毒库、攻击库、应用识别库、垃圾邮件库、网页分类库特征库升级服务授权1年 | D8: 套 | E8: 3 | H8: =F8+G8 -> 0 | I8: =E8*H8 -> 0
A9: 二 | B9: 核心交换机 | H9: =F9+G9 -> 0 | I9: =E9*H9 -> 0
A10: 1 | B10: 核心交换机 | C10: S7805C主机箱，共5个槽位，包含2个引擎槽位和3个业务槽位 | D10: 台 | E10: 2 | H10: =F10+G10 -> 0 | I10: =E10*H10 -> 0
C11: S7805C高性能一代主控引擎 | D11: 块 | E11: 4 | H11: =F11+G11 -> 0 | I11: =E11*H11 -> 0
C12: 通用电源模块（交流，300W），适用S7805C及S7505 | D12: 块 | E12: 4 | H12: =F12+G12 -> 0 | I12: =E12*H12 -> 0
C13: EA系列24端口千兆以太网电口(RJ45)+24端口千兆以太网光口(SFP,LC)+4端口万兆以太网光口(SFP+,LC) | D13: 块 | E13: 2 | H13: =F13+G13 -> 0 | I13: =E13*H13 -> 0
C14: EA系列24端口千兆以太网光口(SFP,LC)+12端口千兆以太网电口复用(RJ45)+4端口万兆以太网光口(SFP+,LC) | D14: 块 | E14: 2 | H14: =F14+G14 -> 0 | I14: =E14*H14 -> 0
A15: 2 | B15: 千兆多模光模块 | C15: 1000BASE-SX mini GBIC转换模块（850nm），500m | D15: 个 | E15: 8 | H15: =F15+G15 -> 0 | I15: =E15*H15 -> 0
A16: 3 | B16: 万兆单模光模块 | C16: 万兆LC接口模块（1310nm），10km，适用于SFP+接口 | D16: 个 | E16: 2 | H16: =F16+G16 -> 0 | I16: =E16*H16 -> 0
A17: 4 | B17: 万兆多模光模块 | C17: 万兆LC接口模块（62.5/125μm：33米；50/125μm：66米；模态带宽为2000MHz•km时传输300米），适用于SFP+接口 | D17: 个 | E17: 2 | H17: =F17+G17 -> 0 | I17: =E17*H17 -> 0
A18: 三 | B18: 汇聚交换机 | H18: =F18+G18 -> 0 | I18: =E18*H18 -> 0
A19: 1 | B19: 48口汇聚交换机（满足至少36光） | C19: 48口100/1000M SFP光口，4个1G/10G SFP+光口，2个扩展槽，2个模块化电源插槽，至少需要购买1个RG-PA150I-F电源模块 | D19: 台 | E19: 2 | H19: =F19+G19 -> 0 | I19: =E19*H19 -> 0
C20: 150W交流电源模块，适用于RG-S5750C-48SFP4XS-H交换机，必配1块，支持1+1电源冗余 | D20: 块 | E20: 4 | H20: =F20+G20 -> 0 | I20: =E20*H20 -> 0
A21: 2 | B21: 千兆单模光模块 | C21: 1000BASE-LX mini GBIC转换模块（1310nm），10km | D21: 个 | E21: 67 | H21: =F21+G21 -> 0 | I21: =E21*H21 -> 0
A22: 3 | B22: 万兆单模光模块 | C22: 万兆LC接口模块（1310nm），10km，适用于SFP+接口 | D22: 个 | E22: 2 | H22: =F22+G22 -> 0 | I22: =E22*H22 -> 0
A23: 四 | B23: 接入层交换机 | H23: =F23+G23 -> 0 | I23: =E23*H23 -> 0
A24: 1 | B24: 8口POE千兆交换机 | C24: 8个10/100/1000M自适应电口，2个100M/1G SFP光口，固化单交流电源，，无风扇，支持PoE/PoE+远程供电，125W PoE供电 | D24: 台 | E24: 53 | H24: =F24+G24 -> 0 | I24: =E24*H24 -> 0
A25: 2 | B25: 24口千兆接入层交换机 | C25: 24口10/100/1000M自适应电口，4个SFP光口，固化单交流电源，无风扇 | D25: 台 | E25: 2 | H25: =F25+G25 -> 0 | I25: =E25*H25 -> 0
A26: 3 | B26: 48口千兆接入层交换机 | C26: 48口10/100/1000M自适应端口，4个SFP光口，固化单交流电源和风扇 | D26: 台 | E26: 2 | H26: =F26+G26 -> 0 | I26: =E26*H26 -> 0
A27: 4 | B27: 24口千兆POE接入层交换机 | C27: 固化24个10/100/1000M自适应电口，4个1G SFP光口，1-24口支持PoE+/PoE，1-4号口支持HPoE（60W），整机PoE最大输出370W。 | D27: 台 | E27: 18 | H27: =F27+G27 -> 0 | I27: =E27*H27 -> 0
A28: 5 | B28: 千兆多模光模块 | C28: 1000BASE-SX mini GBIC转换模块（850nm），500m | D28: 个 | E28: 8 | H28: =F28+G28 -> 0 | I28: =E28*H28 -> 0
A29: 6 | B29: 千兆单模光模块 | C29: 1000BASE-LX mini GBIC转换模块（1310nm），10km | D29: 个 | E29: 67 | H29: =F29+G29 -> 0 | I29: =E29*H29 -> 0
A30: 五 | B30: 无线设备 | H30: =F30+G30 -> 0 | I30: =E30*H30 -> 0
A31: 1 | B31: 无线控制器 | C31: 下一代无线控制器，自带8个千兆电口，2个SFP复用口；默认支持32个AP，可通过扩展License最大控制224个AP；支持墙面式AP特性，墙面式AP最大可控数量翻倍，标配一个电源，不可扩展 | D31: 台 | E31: 1 | H31: =F31+G31 -> 0 | I31: =E31*H31 -> 0
A32: 2 | B32: 客房AP | C32: 室内灵动天线型无线接入点，内置X-sense灵动天线，双路双频，整机四条空间流，整机最大接入速率1.267Gbps；扩展模式下整机四路射频，八条空间流，整机最大接入速率2.4Gbps。可支持802.11a/b/g/n和802.11ac，支持802.11ac Wave2，支持MU-MIMO，胖/瘦模式切换、PoE和本地供电（PoE和本地电源适配器需单独选购）。支持通过POE给AP卫星MAP552(SR)供电，为主AP提供扩容、补盲、定位、探针等扩展功能，搭载MAP552(SR)后，RG-AP720-I需POE+供电。AP720-I+MAP552(SR)的组合包支持最大无线理论连接速率≥2.4Gbps（1267Mbps+300Mbps+867Mbps）。 | D32: 台 | E32: 97 | H32: =F32+G32 -> 0 | I32: =E32*H32 -> 0
A33: 3 | B33: 公区AP | C33: 高密度802.11ac Wave2室内无线接入点，三路双频，2*2MIMO，2.4G最大400Mbps，5G最大867Mbps，整机最大支持6条空间流，整机最高接入速率2.6Gbps，支持内置蓝牙，支持对外扩展物联网模块，支持胖/瘦模式切换、双千兆电口、支持本地供电和PoE+供电（PoE+和本地电源适配器需单独选购） | D33: 台 | E33: 52 | H33: =F33+G33 -> 0 | I33: =E33*H33 -> 0
A34: 4 | B34: 无线接入授权 | C34: WS系列无线控制器产品专用升级许可证License，每套可支持增加128个普通AP或256个墙面式AP的控制权 | D34: 套 | E34: 1 | H34: =F34+G34 -> 0 | I34: =E34*H34 -> 0
A35: 六 | B35: 网络管理 | H35: =F35+G35 -> 0 | I35: =E35*H35 -> 0
A36: 1 | B36: IMC标准版带50个节点 | C36: iMC-智能管理平台标准版 | D36: 套 | E36: 1 | H36: =F36+G36 -> 0 | I36: =E36*H36 -> 0
A37: 2 | B37: 企业版/标准版50扩容license | C37: iMC-智能管理平台标准版-50 License | D37: 套 | E37: 1 | H37: =F37+G37 -> 0 | I37: =E37*H37 -> 0
A38: B | B38: 管理网 | I38: =SUM(I39:I55) -> 0
A39: 一 | B39: 出口设备
A40: 1 | B40: 防火墙 | C40: 全新下一代千兆防火墙，1U高度，可选外置电源，提供1个千兆管理口，1个console接口；固化42个千兆电口；2个SFP千兆光口；内置64G硬盘；1个USB口；可选配病毒库、攻击库、应用识别库、垃圾邮件库、网页分类库特征库升级服务（可选配光模块：MINI-GBIC-LX-SM1310 V7.0、GE-ESFP-LX SM 1310 V6.1、GE-ESFP-SX MM850 V7.0、MINI-GBIC-SX MM850 V6.1、MINI-GBIC-SX MM850 V7.0、MINI-GBIC-SX | D40: 台 | E40: 1 | H40: =F40+G40 -> 0 | I40: =E40*H40 -> 0
C41: RG-WALL 1600-M5100病毒库、攻击库、应用识别库、垃圾邮件库、网页分类库特征库升级服务授权1年 | D41: 套 | E41: 3 | H41: =F41+G41 -> 0 | I41: =E41*H41 -> 0
A42: 二 | B42: 核心交换机 | H42: =F42+G42 -> 0 | I42: =E42*H42 -> 0
A43: 1 | B43: 核心交换机 | C43: S7805C主机箱，共5个槽位，包含2个引擎槽位和3个业务槽位 | D43: 台 | E43: 1 | H43: =F43+G43 -> 0 | I43: =E43*H43 -> 0
C44: S7805C高性能一代主控引擎 | D44: 块 | E44: 2 | H44: =F44+G44 -> 0 | I44: =E44*H44 -> 0
C45: 通用电源模块（交流，300W），适用S7805C及S7505 | D45: 块 | E45: 2 | H45: =F45+G45 -> 0 | I45: =E45*H45 -> 0
C46: EA系列24端口千兆以太网电口(RJ45)+24端口千兆以太网光口(SFP,LC)+4端口万兆以太网光口(SFP+,LC) | D46: 块 | E46: 1 | H46: =F46+G46 -> 0 | I46: =E46*H46 -> 0
C47: EA系列24端口千兆以太网光口(SFP,LC)+12端口千兆以太网电口复用(RJ45)+4端口万兆以太网光口(SFP+,LC) | D47: 块 | E47: 1 | H47: =F47+G47 -> 0 | I47: =E47*H47 -> 0
A48: 2 | B48: 千兆多模光模块 | C48: 1000BASE-SX mini GBIC转换模块（850nm），500m | D48: 个 | E48: 5 | H48: =F48+G48 -> 0 | I48: =E48*H48 -> 0
A49: 3 | B49: 万兆多模光模块 | C49: 万兆LC接口模块（62.5/125μm：33米；50/125μm：66米；模态带宽为2000MHz•km时传输300米），适用于SFP+接口 | D49: 个 | E49: 2 | H49: =F49+G49 -> 0 | I49: =E49*H49 -> 0
A50: 三 | B50: 接入层交换机 | H50: =F50+G50 -> 0 | I50: =E50*H50 -> 0
A51: 1 | B51: 24口千兆接入层交换机 | C51: 24口10/100/1000M自适应电口，4个SFP光口，固化单交流电源，无风扇 | D51: 台 | E51: 3 | H51: =F51+G51 -> 0 | I51: =E51*H51 -> 0
A52: 2 | B52: 48口千兆接入层交换机 | C52: 48口10/100/1000M自适应端口，4个SFP光口，固化单交流电源和风扇 | D52: 台 | E52: 2 | H52: =F52+G52 -> 0 | I52: =E52*H52 -> 0
A53: 3 | B53: 千兆多模光模块 | C53: 1000BASE-SX mini GBIC转换模块（850nm），500m | D53: 个 | E53: 5 | H53: =F53+G53 -> 0 | I53: =E53*H53 -> 0
A54: 四 | B54: 网络管理 | H54: =F54+G54 -> 0 | I54: =E54*H54 -> 0
A55: 1 | B55: IMC标准版带50个节点 | C55: iMC-智能管理平台标准版 | D55: 套 | E55: 1 | H55: =F55+G55 -> 0 | I55: =E55*H55 -> 0
A56: C | B56: 设备网 | I56: =SUM(I57:I68) -> 0
A57: 一 | B57: 核心交换机 | H57: =F57+G57 -> 0 | I57: =E57*H57 -> 0
A58: 1 | B58: 核心交换机 | C58: S7805C主机箱，共5个槽位，包含2个引擎槽位和3个业务槽位 | D58: 台 | E58: 1 | H58: =F58+G58 -> 0 | I58: =E58*H58 -> 0
C59: S7805C高性能一代主控引擎 | D59: 台 | E59: 2 | H59: =F59+G59 -> 0 | I59: =E59*H59 -> 0
C60: 通用电源模块（交流，300W），适用S7805C及S7505 | D60: 台 | E60: 2 | H60: =F60+G60 -> 0 | I60: =E60*H60 -> 0
C61: EA系列24端口千兆以太网电口(RJ45)+24端口千兆以太网光口(SFP,LC)+4端口万兆以太网光口(SFP+,LC) | D61: 台 | E61: 1 | H61: =F61+G61 -> 0 | I61: =E61*H61 -> 0
C62: EA系列24端口千兆以太网光口(SFP,LC)+12端口千兆以太网电口复用(RJ45)+4端口万兆以太网光口(SFP+,LC) | D62: 台 | E62: 1 | H62: =F62+G62 -> 0 | I62: =E62*H62 -> 0
A63: 2 | B63: 千兆多模光模块 | C63: 1000BASE-SX mini GBIC转换模块（850nm），500m | D63: 个 | E63: 19 | H63: =F63+G63 -> 0 | I63: =E63*H63 -> 0
A64: 二 | B64: 接入层交换机 | H64: =F64+G64 -> 0 | I64: =E64*H64 -> 0
A65: 1 | B65: 8口POE千兆交换机 | C65: 8个10/100/1000M自适应电口，2个100M/1G SFP光口，固化单交流电源，，无风扇，支持PoE/PoE+远程供电，125W PoE供电 | D65: 台 | E65: 1 | H65: =F65+G65 -> 0 | I65: =E65*H65 -> 0
A66: 2 | B66: 24口千兆交换机 | C66: 24口10/100/1000M自适应电口，4个SFP光口，固化单交流电源，无风扇 | D66: 台 | E66: 11 | H66: =F66+G66 -> 0 | I66: =E66*H66 -> 0
A67: 3 | B67: 24口POE千兆交换机 | C67: 固化24个10/100/1000M自适应电口，4个1G SFP光口，1-24口支持PoE+/PoE，1-4号口支持HPoE（60W），整机PoE最大输出370W。 | D67: 台 | E67: 7 | H67: =F67+G67 -> 0 | I67: =E67*H67 -> 0
A68: 4 | B68: 千兆多模光模块 | C68: 1000BASE-SX mini GBIC转换模块（850nm），500m | D68: 个 | E68: 19 | H68: =F68+G68 -> 0 | I68: =E68*H68 -> 0
A69: D | B69: 有线电视系统 | I69: =I70 -> 0
A70: 1 | B70: 千兆交换机 | C70: 24口10/100/1000M自适应电口，4个SFP光口，固化单交流电源，无风扇 | D70: 台 | E70: 1 | H70: =F70+G70 -> 0 | I70: =E70*H70 -> 0
A71: E | B71: 本系统总价 | C71: A+B+C+D | I71: =I5+I38+I56+I69 -> 0

Sheet 程控
A1: 程控交换机系统
A2: 工程：苏地2012-G-81号地块酒店区域智能化工程
A3: 序号 | B3: 项目名称描述 | C3: 技术参数 | D3: 单位 | E3: 工程量A | F3: 单价（元） | H3: 总价（元） | J3: 备注
F4: 主材B | G4: 安装费C | H4: 综合单价D=B+C | I4: 合价E=A*D
A5: 一 | B5: 软件、系统配置 （系统组件及许可） | I5: =SUM(I6:I15) -> 0
A6: 1 | B6: IS2000主机 | C6: 网口个数：WAN*2 可接入终端类型：AG、IAD 、网关、IP话机、视频话机、软终端等 单套最大代理注册用户：30000 呼叫并发数：2000 IVR并发数：500 彩铃：1000 最大Centrex群数：256 最大电话会议成员数：64 电源：AC：160V~240V / 50Hz~60Hz 网管协议：SNMP/TR069 物理尺寸：标准19英寸机柜、1U高度 | D6: 套 | E6: 2 | H6: =F6+G6 -> 0 | I6: =E6*H6 -> 0
A7: 2 | B7: 2E1板卡 | C7: 提供2个数字中继 | D7: 个 | E7: 2 | H7: =F7+G7 -> 0 | I7: =E7*H7 -> 0
A8: 3 | B8: 电话会议组件 | C8: 支持64方的电话会议，（可以分四组） | D8: 套 | E8: 1 | H8: =F8+G8 -> 0 | I8: =E8*H8 -> 0
A9: 4 | B9: 系统主备许可 | C9: 对注册到服务器的IP话机或网关等sip用户开通相应权限 | D9: 个 | E9: 1 | H9: =F9+G9 -> 0 | I9: =E9*H9 -> 0
A10: 5 | B10: 彩铃用户组件 | C10: 系统具有彩铃功能，内置高音质音乐源，系统内置长达4分钟的高音质音乐源，用户可自行定义音乐、广告语、广告歌作为等待音和回铃音。 | D10: 套 | E10: 1 | H10: =F10+G10 -> 0 | I10: =E10*H10 -> 0
A11: 6 | B11: 酒管软件中间件 | C11: 设备需要内置酒店中间件，与国内、外知名PMS酒馆系统无缝对接。无须第三方设备，第三方兼容对接不便 | D11: 个 | E11: 1 | H11: =F11+G11 -> 0 | I11: =E11*H11 -> 0
A12: 7 | B12: 录音用户 | C12: 可对模拟用户或SIP用户的通话进行录音，直接生成语音文件； | D12: 个 | E12: 30 | H12: =F12+G12 -> 0 | I12: =E12*H12 -> 0
A13: 8 | B13: 语音信箱用户 | C13: 住客房间分机忙、无人接听时，自动将来话引导至语音邮箱。住客外出也可预先录制一段外出留言，当有电话来时，自动播放外出留言给来话者。分机忙、无人接听、外出时都支持来电者给住客留言，并在留言成功后，点亮留言灯，告知住客有新留言。 语音信箱服务包括： 听取留言、 录个人问候语、修改个人信箱密码、设置留言通知号、录转接问候语等功能。 | D13: 个 | E13: 30 | H13: =F13+G13 -> 0 | I13: =E13*H13 -> 0
A14: 9 | B14: PC话务台 | C14: 登录网络电话，鼠标点击客户邮箱，直接给客户发邮件。只需把PC话务台安装在可连接到公司局域网的任何一台PC电脑，并运行成功登录某一分机电话即可使用，此时PC话务台软件和分机电话合二为一。PC话务台具有基本客户管理功能、名片夹、电话状态监控、通话记录、鼠标拨打电话、召开多方电话会议、支持头戴耳机电话、软摘机、软挂机、转接电话、修改分机电话权限、设置叫醒服务等功能。 | D14: 套 | E14: 1 | H14: =F14+G14 -> 0 | I14: =E14*H14 -> 0
A15: 10 | B15: CTI接口 | C15: 具有CTI接口。酒店可以基于系统平台开发一套客房呼叫中心，有咨询房价、预定房间、客房消费、订餐、账单统计等服务 | D15: 套 | E15: 1 | H15: =F15+G15 -> 0 | I15: =E15*H15 -> 0
A16: 二 | B16: 语音网关 | I16: =SUM(I17:I22) -> 0
A17: 1 | B17: GU128语音网关 | C17: 每台提供128个模拟分机端口 | D17: 台 | E17: 1 | H17: =F17+G17 -> 0 | I17: =E17*H17 -> 0
A18: 2 | B18: 32对连接电缆线 | C18: 每台GU128需配置4条电缆线 | D18: 台 | E18: 4 | H18: =F18+G18 -> 0 | I18: =E18*H18 -> 0
A19: 3 | B19: GM200主机 | C19: 主机提供6个通用槽位 | D19: 台 | E19: 1 | H19: =F19+G19 -> 0 | I19: =E19*H19 -> 0
A20: 4 | B20: FXD08M数字用户板 | C20: 提供8路数字分机端口 | D20: 块 | E20: 1 | H20: =F20+G20 -> 0 | I20: =E20*H20 -> 0
A21: 5 | B21: 25键多功能数字话机 | C21: 提供20个直选键数字话机 | D21: 台 | E21: 2 | H21: =F21+G21 -> 0 | I21: =E21*H21 -> 0
A22: 6 | B22: SIP话机 | C22: 132*58图形字符点阵带背光液晶屏；窄带编码：G.711(A/μ)、G.729A/B/AB、G.726、 iLBC、 宽带编码：G.722、L16 支持VAD、CNG、AEC、PLC、AJB、AGC等音频处理 ；来电显示、重拔、静音、免打扰、 三方会议、快速拔号、语音信箱 | D22: 台 | E22: 650 | H22: =F22+G22 -> 0 | I22: =E22*H22 -> 0
A23: 三 | B23: 配件 | I23: =SUM(I24:I26) -> 0
A24: 1 | B24: 本地维护电脑 | C24: 第八代处理 Intel Core I5-8500 3.0Ghz（6C,9M）/4G DDR4 2400/1TB 7200RPM 3.5"硬盘/集成千兆网卡/1G 独立显卡/DVD光驱/USB接口：前6后4/USB键盘鼠标/180W电源/WIN10 PRO 64位系统/联想19.5"WLED显示器/3年全国保修 | D24: 台 | E24: 1 | H24: =F24+G24 -> 0 | I24: =E24*H24 -> 0
A25: 2 | B25: 打印机 | C25: 彩色办公无线打印机 自动双面打印 无线直连 黑白(最佳)：最高1200x1200dpi的最佳分辨率(使用普通纸张，输入分辨率为600 x 600 dpi)； 彩色(最佳)：最高2400x1200dpi 的最佳分辨率(使用惠普高级相纸，输入分辨率为600 x 600 dpi),黑白：最快34页/分钟(草稿模式，A4)；最快22页/分钟(ISO模式，堪比激光打印)； 双面打印 (A4)：最快12页/分钟；彩色：最快34页/分钟(草稿模式，A4)；最快18页/分钟(ISO模式，堪比激光打印)； 双面打印 (A4)：最快10 页/分钟,P 955黑色原装耗材、HP 955青色原装耗材、HP 955品红色原装耗材、HP 955黄色原装耗材；HP 955XL高容量黑色、青色、品红色、黄色原装耗材 | D25: 台 | E25: 1 | H25: =F25+G25 -> 0 | I25: =E25*H25 -> 0
A26: 3 | B26: 连接配套配件及跳线 | C26: 配线架、连接电缆及同轴电缆转换器 | D26: 套 | E26: 1 | H26: =F26+G26 -> 0 | I26: =E26*H26 -> 0
A27: 四 | B27: 本系统总价 | C27: （一）+（二）+（三） | I27: =I5+I16+I23 -> 0

Sheet 视频监控
A1: 视频监控系统
A2: 工程：苏地2012-G-81号地块酒店区域智能化工程
A3: 序号 | B3: 项目名称描述 | C3: 技术参数 | D3: 单位 | E3: 工程量A | F3: 单价（元） | H3: 总价（元） | J3: 备注
F4: 主材B | G4: 安装费C | H4: 综合单价D=B+C | I4: 合价E=A*D
A5: 序号 | B5: 设备名称 | C5: 技术参数 | D5: 单位 | E5: 数量 | F5: 单价 | H5: 合价
A6: 一 | B6: 前端设备 | I6: =SUM(I7:I20) -> 0
A7: 1 | B7: 1080P室内枪机 | C7: 1. 采用高性能200万像素1/2.7英寸CMOS图像传感器 2. 镜头焦距2.7mm~13.5mm 3. 最低照度彩色：0.001 lx，黑白：0.0001 lx 4. 支持H.265编码，支持超低码流传输 5. ▲宽动态不小于106dB，且宽动态综合评价得分应不小于132（提供公安部检验报告证明） 6. 红外补光距离不小于150米 7. ▲支持帧率动态控制功能，当触发报警时，视频录像帧率应自动调整至设定值（提供公安部检验报告证明） 8. 支持走廊模式，宽动态，3D降噪，强光抑制，背光补偿，数字水印，适用不同监控环境 9. 支持绊线入侵，区域入侵等智能行为分析功能 10. 支持热度图导出功能，摄像机可根据客流信息生成热度图，并支持热度图导出 11. ▲支持最多同时开启28个视频窗口进行画面浏览（提供公安部检验报告证明） 12. 支持报警3进2出，音频1进1出，128G Micro SD卡 13. 支持DC12V/POE供电方式，方便工程安装 14. 支持电源输出功能，电源输出端可提供DC12V电源输出 15. 支持IP67防护等级 | D7: 台 | E7: 45 | H7: =F7+G7 -> 0 | I7: =E7*H7 -> 0
A8: 2 | B8: 1080P室外超星光一体机（不带红外） | C8: 1. 采用超星光超低照度200万像素1/1.8英寸CMOS图像传感器 2. 最低照度彩色：0.0003 lx，黑白：0.0001 lx。 3. 支持H.265编码，实现超低码流传输 4. 支持走廊模式，宽动态，3D降噪，强光抑制，背光补偿，数字水印，适用不同监控环境 5. ▲支持帧率动态控制功能，当触发报警时，视频录像帧率应自动调整至设定值。（提供公安部检验报告证明） 6. 支持智能编码功能，摄像机开启智能编码功能后，码流节约1/2。 7. 客流量统计准确率不低于96% 8. 支持人脸侦测功能，可同时检测20个人脸 9. 支持信息标记功能，可通过画笔在IE浏览器下进行标记 10. ▲支持焦距自动归为功能，当焦距位置发生变化时，可自动调节焦距到预设位置。（提供公安部检验报告证明） 11. ▲具备区域入侵、越界入侵、物体遗留/移除、徘徊检测、非法停车、快速移动、人员聚集、进入/离开区域、逆行、平躺起身等智能行为分析功能。（提供公安部检验报告证明） 12. 支持存储卡锁定功能，锁定后的存储卡不能在电脑，手机或其他设备上读取 13. 支持报警2进1出，音频1进1出，485，BNC，128G Micro SD卡，内置MIC 14. ▲支持电源备份功能，设备可同时采用DC12V或AC24V与POE供电，当一路电源停止后，设备仍能正常工作。（提供公安部检验报告证明） | D8: 台 | E8: 91 | H8: =F8+G8 -> 0 | I8: =E8*H8 -> 0
A9: 3 | B9: 高清镜头 | C9: 像面尺寸1/1.7英寸；镜头焦距3.7-16mm；F1.5；1200万；CS接口 | D9: 台 | E9: 91 | H9: =F9+G9 -> 0 | I9: =E9*H9 -> 0
A10: 4 | B10: 室外枪机支架护罩 | C10: 室外护罩，含支架 | D10: 台 | E10: 91 | H10: =F10+G10 -> 0 | I10: =E10*H10 -> 0
A11: 5 | B11: 补光灯 | C11: 1. 铝合金材质 2. 支持不少于20颗CREE光源，超远补光 3. 支持光敏控制方式，启动阈值30Lux 4. 照射距离不低于30米 5. 色温5500-6500K 6. 适应温度-30~70℃； 湿度＜90%的环境应用 7. 支持IP66防护等级 8. 额定功率不大于16W 9. 支持DC12V供电 10. 支持壁装、吊装、面装安装方式 | D11: 个 | E11: 91 | H11: =F11+G11 -> 0 | I11: =E11*H11 -> 0
A12: 6 | B12: 补光灯电源 | C12: DC12V/2A | D12: 个 | E12: 91 | H12: =F12+G12 -> 0 | I12: =E12*H12 -> 0
A13: 7 | B13: 1080P半球 | C13: 1. 采用高性能200万像素1/2.7英寸CMOS图像传感器 2. 镜头焦距2.7mm~13.5mm 3. 镜头支持自动变焦、自动调节光圈及一键聚焦功能 4. 最低照度彩色：0.001 lx，黑白：0.0001 lx 5. 支持H.265编码，实现超低码流传输 6. ▲宽动态不小于106dB，且宽动态综合评价得分应不小于132（提供公安部检验报告证明） 7. 内置红外补光灯，最大红外监控距离60米 8. ▲支持帧率动态控制功能，当触发报警时，视频录像帧率应自动调整至设定值（提供公安部检验报告证明） 9. 支持走廊模式，宽动态，3D降噪，强光抑制，背光补偿，数字水印，适用不同监控环境 10. 支持绊线入侵，区域入侵等智能行为分析功能 11. 支持热度图导出功能，摄像机可根据客流信息生成热度图，并支持热度图导出 12. ▲支持最多同时开启28个视频窗口进行画面浏览（提供公安部检验报告证明） 13. 支持128G Micro SD卡 14. 支持DC12V/POE供电方式 15. 支持欠压/过压检测功能，当电压低于10V或高于15V时，可在客户端显示图标或者播放报警提示音 16. 支持IP67防护等级 | D13: 台 | E13: 92 | H13: =F13+G13 -> 0 | I13: =E13*H13 -> 0
A14: 8 | B14: 1080P室内球机 | C14: 1. 采用200万像素1/1.8英寸CMOS传感器 2. 镜头焦距5.0mm~115mm 3. 支持23倍光学变倍，16倍数字变倍 4. ▲最低照度彩色：0.0002lux黑白：0.0001lux（提供公安部检验报告证明） 5. 支持H.265编码，支持超低码流传输 6. 具有三种滤光片，在白天、夜晚及有雾情况下可自动切换不同的滤光片进行成像。滤光片透过率不小于96% 7. ▲在夜间，天气晴朗无雾，视线无遮挡的条件下，通过自带补光灯补光及变焦，可识别距样机120m处的人体轮廊，开启红外光补光，可看清距样机250m处的人体轮廊（提供公安部检验报告证明） 8. ▲当设置报警目标为人、非机动车、机动车中一个或多个目标类型时，则支持该类型目标触发规则（绊线入侵、区域入侵）之后报警，并联动上报对应类型报警信息给后端（提供公安部检验报告证明） 9. 支持穿越围栏、绊线入侵、区域入侵、物品遗留、快速移动、停车检测、人员聚集、物品搬移、徘徊检测多种行为检测；支持目标过滤 10. 水平方向360°连续旋转，垂直方向-20°～90°自动翻转180°后连续监视,无监视盲区 11. 支持300个预置位，8条巡航路径，5条巡迹路径 12. 支持1路音频输入和1路音频输出 13. 内置2路报警输入和1路报警输出，支持报警联动功能 14. 支持IP66防护等级，6000V防雷、防浪涌和防突波保护 15. 支持AC24V±25%宽电压输入 | D14: 台 | E14: 2 | H14: =F14+G14 -> 0 | I14: =E14*H14 -> 0
A15: 9 | B15: 室外球机 | C15: 1. 采用200万像素1/1.8英寸CMOS传感器 2. 镜头焦距5.0mm~115mm 3. 支持23倍光学变倍，16倍数字变倍 4. ▲最低照度彩色：0.0002lux黑白：0.0001lux（提供公安部检验报告证明） 5. 支持H.265编码，支持超低码流传输 6. 具有三种滤光片，在白天、夜晚及有雾情况下可自动切换不同的滤光片进行成像。滤光片透过率不小于96% 7. ▲在夜间，天气晴朗无雾，视线无遮挡的条件下，通过自带补光灯补光及变焦，可识别距样机120m处的人体轮廊，开启红外光补光，可看清距样机250m处的人体轮廊（提供公安部检验报告证明） 8. ▲当设置报警目标为人、非机动车、机动车中一个或多个目标类型时，则支持该类型目标触发规则（绊线入侵、区域入侵）之后报警，并联动上报对应类型报警信息给后端（提供公安部检验报告证明） 9. 支持穿越围栏、绊线入侵、区域入侵、物品遗留、快速移动、停车检测、人员聚集、物品搬移、徘徊检测多种行为检测；支持目标过滤 10. 水平方向360°连续旋转，垂直方向-20°～90°自动翻转180°后连续监视,无监视盲区 11. 支持300个预置位，8条巡航路径，5条巡迹路径 12. 支持1路音频输入和1路音频输出 13. 内置2路报警输入和1路报警输出，支持报警联动功能 14. 支持IP66防护等级，6000V防雷、防浪涌和防突波保护 15. 支持AC24V±25%宽电压输入 | D15: 台 | E15: 3 | H15: =F15+G15 -> 0 | I15: =E15*H15 -> 0
A16: 10 | B16: 室外球机支架 | C16: 白色/铝合金 | D16: 个 | E16: 3 | H16: =F16+G16 -> 0 | I16: =E16*H16 -> 0
A17: 11 | B17: 电梯半球 | C17: 1. 采用星光级低照度200万像素1/2.8英寸CMOS图像传感器 2. 最低照度彩色：0.001 lx，黑白：0.001 lx 3. 支持H.265、H.264、MJPEG视频编码格式，其中H.265和H.264都支持Baseline/Main/High Profile。 4. ▲支持帧率动态控制功能，当触发报警时，视频录像帧率应自动调整至设定值。（提供公安部检验报告证明） 5. 内置红外补光灯，最大红外监控距离20米 6. 支持最多同时开启20个视频窗口进行画面浏览 7. 支持绊线入侵，区域入侵，物品遗留，物品搬移，人脸检测等智能行为分析功能 8. 支持走廊模式，宽动态，3D降噪，强光抑制，背光补偿，数字水印，适用不同监控环境 9. ▲支持10行字符叠加，字体对齐方式和叠加位置可设，具有图片叠加到视频画面功能。（提供公安部检验报告证明） 10. 支持128G Micro SD卡，内置MIC 11. 支持DC12V/POE供电方式，方便工程安装 12. 支持IP67，IK10防护等级 | D17: 台 | E17: 6 | H17: =F17+G17 -> 0 | I17: =E17*H17 -> 0
A18: 12 | B18: 无线网桥 | C18: 1. 业务端口3个 2. 1*POE RJ45(IN：220V，OUT：48V/0.25A)、1*LAN RJ45 DC 12V电源接口 3. 无线标准IEEE802.11 b/g/n 4. 工作频率2412~2472 MHz（支持频率扩展，扩展范围：2312MHz-2732MHz） 5. 无线方向角 水平65°，仰角60° 6. 传输距离400m 7. 加密方式WPA-PSK；WPA2-PSK 8. 工作温度-30℃～+60℃ | D18: 对 | E18: 6 | H18: =F18+G18 -> 0 | I18: =E18*H18 -> 0
... A20: 14 | B20: 室外摄像机电源模块 | C20: DC12V/2A | D20: 台 | E20: 91 | H20: =F20+G20 -> 0 | I20: =E20*H20 -> 0
A21: 二 | B21: 控制中心设备 | I21: =SUM(I22:I30) -> 0
A22: 1 | B22: 中心管理服务器 | C22: 1. 采用LINUX操作系统 2. 支持电源、风扇、磁盘等模块热插拔 3. 标配8G内存，最大可扩展至64G；具有128G的SSD 4. 多址模式下支持接入、存储、转发各800Mbps；转发和存储性能相互独立； 5. 绑定模式下支持接入、存储、转发各1600Mbps；转发和存储性能相互独立； 6. 支持管理5000路视频监控，200路卡口，具有1亿的卡口过车数据 7. 支持B/S、C/S等多个客户端同时访问平台，支持iphone、ipad、android等访问客户端 8. 支持发送RTSP、RTMP协议实时码流 9. ▲支持进行flv、avi、mp4格式的视频预览；支持HLS取视频流；（提供公安部检验报告证明） 10. 支持H.264、H.265、SVAC、MPEG4、MJPEG视频编码格式的IPC接入； 11. 支持16个磁盘，支持1TB、2TB、3TB、4TB、5TB、6TB、8TB、10TB 12. 支持SATA、SAS磁盘，支持SSD，支持磁盘混插，支持2.5/3.5英寸磁盘 13. 支持Raid功能，包括Raid0、Raid1、Raid5、Raid6、Raid10、Raid50、Raid60、JBOD，支持全局热备和本地热备 14. ▲支持存储配额设置，淡忘存储，将对指定天数的录像进行抽帧存储，支持小文件存储；（提供公安部检验报告证明） 15. 支持对前端录像的断网补录、定时补录功能。 16. 可根据网口量配置相应数量的不同网段IP地址，此外支持负载均衡、容错模式、链路聚合等模式 17. 客户端支持多屏应用，同时展现多个业务界面 18. ▲支持N+M备份，支持平台上下6级级联。（提供公安部检验报告证明） 19. ▲支持账号锁定机制，启用后可设置账户非法登录次数，以及账户锁定时长；（提供公安部检验报告证明） 20. 支持秒级存储及回放，可回放设备断网/断电前一秒录像； 21. 支持1/2、1/4、1/8、1/16、2、4、8、16、32、64、128倍速快慢放回放； 22. 支持超图、google在线地图、google离线地图、PGIS地图； 23. 支持NTP校时，支持对前端设备、分布式服务器、下级服务器、客户端校时； | D22: 台 | E22: 1 | H22: =F22+G22 -> 0 | I22: =E22*H22 -> 0
A23: 2 | B23: 流媒体服务器 | C23: 1. 操作系统 LINUX系统 2. 支持2700Mbps码流接入 3. 支持2700Mbps码流转出 4. 支持800Mbps的HLS接入、800Mbps的HLS转出 5. 支持1000个IP、5000路通道 6. 支持大华、海康、主动注册、GB28181、ONVIF等设备接入 7. 支持远程运维升级 8. 配置4个超高速智能调节静音风扇；内存16GB、最大可扩展至64GB；配置1块1T 3.5吋硬盘网口个数 4个千兆网口 | D23: 台 | E23: 1 | H23: =F23+G23 -> 0 | I23: =E23*H23 -> 0
A24: 3 | B24: 磁盘阵列式NVR | C24: 1. 采用嵌入式Linux系统，支持双系统备份和自动切换功能；支持4K分辨率码流接入并解码输出； 2. 具备4个千兆以太网接口、2个光口、1个RS232接口、1个RS485接口、1个VGA接口、10个HDMI接口、1个RCA音频输入接口、1个RCA输出接口、4个USB接口(后面板2个USB3.0，前面板2个USB2.0)、24个SATA接口、1个eSATA接口、16个报警输入接口、8个报警输出接口，1个电源输入接口。 3. ▲最大支持128路IPC接入，总码流为768Mbps；最大存储码流为768Mbps；最大转发码流为768Mbps；最大回放码流为128Mbps；(提供公安部检验报告证明) 4. 支持将IPC接入配置以CSV格式文件导入或导出本机，CSV格式文件允许用户编辑； 5. ▲可通过HDMI1和HDMI2接口将3840x2160分辨率的不同码流解码同时显示输出在两个4K的液晶屏上;支持本地36分割预览，显示32通道预览画面;支持用户自己创建预览显示的布局，可组成6个自定义布局的窗口,单个窗口视频源可选择;支持VGA、 HDMI1、HDMI2屏输出，可输出不同的视频画面；(提供公安部检验报告证明) 9. 可将多台样机配置为集群管理方式，当某台样机发生故障时，备用样机可替换故障样机继续录像,故障恢复后，备用样机可将存储的录像回传给故障机，可以同时指定多台为备用样机； 10. 本地和web端在预览和回放模式下，支持对接入4000x3000分辨率的鱼眼视频以拼接的方式进行后矫正功能； 11. 支持鱼眼摄像机和球机的配合联动，点击鱼眼图像中的一个点，球机镜头能自动对准该位置点； 12. 支持在两个主通道画面上分别叠加1个其他通道的小画面视频，包括编码并可在16画面预览模式下预览； 13. ▲将多路通道的多幅图像拼接成一幅图像；(提供公安部检验报告证明) 14. "在特定条件下，当接入的画面中发生绊线入侵、区域入侵、穿越围栏、移动侦测、人脸检测、物品遗留、物品搬移时，可给出报警提示，可对检测到的人脸图像进行预览，既可以支持Smart IPC，也可以支持第三方普通IPC； 15. 在特定条件下，当接入的画面中发生场景变化、快速移动时，可给出报警提示； 16. 在特定条件下，可对检测到的车牌、车标、车辆颜色信息进行预览，既可以支持Smart IPC，也可以支持第三方普通IPC； 17. 支持热度图，可统计指定时间段区域内的运动频繁度；统计结果支持日报表、周报表、月报表方式进行展示； 18. 支持客流统计，可统计指定时间段不同区域的客流量大小；统计结果支持日报表、周报表、月报表、年报表方式进行展示； 19. 在预览和回放界面均可同步指定POS机收银信息，显示商品名称、单价、数量、金额信息，可通过显示窗口下方查询条进行高级查询。 20. ▲支持卡口相机的图片直接存入本机，并能检索、查看；(提供公安部检验报告证明) | D24: 台 | E24: 3 | H24: =F24+G24 -> 0 | I24: =E24*H24 -> 0
A25: 4 | B25: 监控级4T硬盘 | C25: 4000G；7200RPM；128M；SATA | D25: 块 | E25: 60 | H25: =F25+G25 -> 0 | I25: =E25*H25 -> 0
A26: 5 | B26: 网络控制键盘 | C26: 1. ▲不小于10.2英寸显示触摸屏，分辨率不低于1280*800，不少于3个触控按钮(提供公安部检验报告证明) 2. 支持对H.264、H.264H、H.264B、H.265、MJPEG等编码格式的视频进行解码 3. 需具有WIFI连接功能 4. 支持同时预览不少于16路1080P图像 5. ▲不少于4个USB、4个HDMI(提供公安部检验报告证明) 6. 支持管理不少于30000台设备 7. 支持4路HDMI输出，支持1/4/9/16画面分割图像输出 8. ▲具有不少于2个RJ45、RS485、RS424、4个USB、4个HDMI接口、1个静音按键、2个音量调节按键、一个音频输入、一个音频输出、4路报警输入、4路报警输出(提供公安部检验报告证明) 9. 支持IP20防护等级 10. 支持DC 12V± 25%电压范围内正常工作 11. 通过高低温测试可在+55°~-10°正常运行 | D26: 台 | E26: 1 | H26: =F26+G26 -> 0 | I26: =E26*H26 -> 0
A27: 6 | B27: 4路高清解码器 | C27: 1. 采用1U的机箱，保证机柜空间的利用率 2. 嵌入式LINUX操作系统 3. 支持2路HDMI信号采集接口 4. 支持4路HDMI信号输出接口/2路BNC信号输出接口 5. 支持4路HDMI音频输出/2路BNC音频输出 6. 支持MPEG2/MPEG4/H.264/H.265/MJPEG视频解码，支持AAC、PCM、G.711音频解码； 7. ▲支持1路HDMI视（音）频输入，并且支持将输入的视（音）频通过视（音）频输出接口输出，HDMI输入输出图像延时≤90ms；(提供公安部检验报告证明) 8. 支持通过串口控制屏幕开关 9. 支持1/4/9/16/25/36画面分割切换 10. ▲H.264/H.265视频解码均支持4路4000X3000、4路3840X2160、16路1920X1080、36路1280X720、64路704X576网络视频解码；(提供公安部检验报告证明) 11. HDMI输出接口支持3840x2160,，1920x1080,1280x1024，1280x720，1024x768五种显示分辨率；HDMI输入接口支持,3840x2160分辨率 12. 支持Onvif、RTSP协议接入，支持国标GB28181接入 ，支持海康私有协议/大华私有协议接入； 13. ▲支持1X1，1X2，2X1，2X2拼接，每个输出端口支持1/4/9/16分割显示，支持分割线开启/关闭设置，支持底色设置；(提供公安部检验报告证明) 14. 支持远程录像文件的解码输出； 15. 支持1个10M/100M/1000M自适应以太网接口 | D27: 台 | E27: 4 | H27: =F27+G27 -> 0 | I27: =E27*H27 -> 0
A28: 7 | B28: 46寸液晶拼接单元 | C28: 1. 屏幕尺寸46寸，LED光源 2. 分辨率：1920×1080 3. 亮度：不低于500cd/m2 4. 双边拼缝≦5.3mm 5. 水平可视角度≧178°，垂直可视角度≧178° 6. 输入接口需支持：USB，HDMI，VGA，DVI,BNC，音频； 7. 输出接口需支持：DVI，RS232，音频； 8. 液晶显示单元漏光度低于 0.02cd/m²； 9. 液晶拼接单元具备3 组冗余风扇，一个风扇损坏不会影响整机运行 10. 拼接单元具有便捷的拼接及调整装置，利于装拆和售后维护， | D28: 台 | E28: 12 | H28: =F28+G28 -> 0 | I28: =E28*H28 -> 0
A29: 8 | B29: 拼接支架底座（含HDMI，机柜等） | C29: 定制 | D29: 套 | E29: 1 | H29: =F29+G29 -> 0 | I29: =E29*H29 -> 0
A30: 9 | B30: 监控工作站 | C30: 第八代处理 Intel Core I5-8500 3.0Ghz（6C,9M）/4G DDR4 2400/1TB 7200RPM 3.5"硬盘/集成千兆网卡/1G 独立显卡/DVD光驱/USB接口：前6后4/USB键盘鼠标/180W电源/WIN10 PRO 64位系统/联想19.5"WLED显示器/3年全国保修 | D30: 台 | E30: 1 | H30: =F30+G30 -> 0 | I30: =E30*H30 -> 0
A31: 三 | B31: 车行抓拍系统 | I31: =SUM(I32:I35) -> 0
A32: 1 | B32: 微卡口|智慧监控单元 | C32: 包含摄像机、高清镜头、室外防护罩、LED补光灯、风扇、相机内置防雷模块、电源适配器、安装万向节等 1.采用1/1.8英寸GS-CMOS； 2.传感器有效像素不低于800W； 3.镜头：10.5-42mm 4.支持H.264H、H.264M、H.264B、MJEPG编码方式； 5.支持电子陀螺仪姿态检测、GPS、TF卡等； 6.采用高性能VPU深度学习芯片，硬件处理性能提升12倍，加载深度学习智能算法，支持： 7.微卡口支持4车道； 8. 支持车辆抓拍并自动识别车牌号码 9. 支持IP66防护等级； | D32: 台 | E32: 2 | H32: =F32+G32 -> 0 | I32: =E32*H32 -> 0
A33: 2 | B33: 终端服务器 | C33: 1. 支持违章图片普通合成和新国标六合一合成功能，合成顺序自定义 2. 支持RTSP/ONVIF/GB28181/GB35114协议，兼容多种摄像机接入 3. 支持断网续传，当设备与平台断开，重连后设备将断开时间段的图片继续传给平台 4. 支持黑白名单文件导入导出；支持按照车牌模糊查询 5. 支持数据防篡改，录像、图片文件无法直接删除 6. 支持按时间、通道、违章类型、车牌、车速、车道查询 7. 标配1块1T硬盘，标配GPS功能 8. 支持4路高清图片，4路高清实时录像 9. 支持2个内置SATA接口硬盘 10. 支持2个RS232串口（1个用于调试串口），1个RS485接口,1个USB3.0接口 11. 支持2路报警输入，2路报警输出 12. 支持4个RJ4510M/100M自适应以太网口，2个RJ451000M接口 | D33: 台 | E33: 1 | H33: =F33+G33 -> 0 | I33: =E33*H33 -> 0
A34: 3 | B34: 室外立杆 | C34: 1.8M | D34: 个 | E34: 2 | H34: =F34+G34 -> 0 | I34: =E34*H34 -> 0
A35: 4 | B35: 二合一防雷器 | C35: 电源网络二合一防雷器；电源：DC12V/AC24V；网络1000M | D35: 台 | E35: 2 | H35: =F35+G35 -> 0 | I35: =E35*H35 -> 0
A36: 四 | B36: 辅材 | I36: =I37+I38 -> 0
A37: 1 | B37: 电源线RVV3*2.5 | C37: RVV线缆 | D37: 米 | E37: 960 | H37: =F37+G37 -> 0 | I37: =E37*H37 -> 0
A38: 2 | B38: 配管 | C38: JDG20（含开槽、支架、防火涂料等） | D38: 米 | E38: 2850 | H38: =F38+G38 -> 0 | I38: =E38*H38 -> 0
A39: 五 | B39: 本系统总价 | C39: （一）+（二）+（三）+（四） | I39: =I6+I21+I31+I36 -> 0

Sheet 报警
A1: 防盗报警系统
A2: 工程：苏地2012-G-81号地块酒店区域智能化工程
A3: 序号 | B3: 项目名称描述 | C3: 技术参数 | D3: 单位 | E3: 工程量A | F3: 单价（元） | H3: 总价（元） | J3: 备注
F4: 主材B | G4: 安装费C | H4: 综合单价D=B+C | I4: 合价E=A*D
A5: A | B5: 室内报警 | I5: =SUM(I6:I27) -> 0
A6: 一 | B6: 前端设备
A7: 1 | B7: 紧急按钮 | C7: UL认证 5A@24 VDC 塑料外壳 输出：常闭/常开 | D7: 个 | E7: 15 | H7: =F7+G7 -> 0 | I7: =E7*H7 -> 0
A8: 2 | B8: 声光报警器 | C8: 声光报警器;声压≥108分贝;电流≤200毫安 | D8: 个 | E8: 3 | H8: =F8+G8 -> 0 | I8: =E8*H8 -> 0
A9: 2 | B9: 双鉴移动探测器 | C9: 产品特性: 系统采用高电压、低能量设计思路，对人体不会构成生命危害； 自带2路报警输出(DC12V)、2路开关量信号输出同时具备常开和常闭，可实现与视频、报警、灯光等其它的安防系统联动，提高系统的安全防范等级； 自带有2路开关量输入报警,1路常开,1路常闭. 可设置关闭此功能； 脉冲电子围栏具有拆开报警,断线报警, 短路报警, 停电时电池供电报警, 电池低压报警, 开关量输入报警等； 可设置成自动模式,正常工作时输出低压,报警时输出高压； 支持单个系统支持接入6个键盘（（键盘可挂总线任意位置）； 支持管理中心软件对系统远程布撤防； 支持本地布撤防； 支持LED数码管和LCD液晶显示屏实时的动态显示前端输出脉冲电压； 支持防拆设计：可实现光敏防拆和物理机械防拆开关两种方式； 支持12V4.5Ah内置铅酸蓄电池，能在停电的情况下继续工作7~8小时，来电后自动转换成市电供电。有完善的电池接口保护,不怕接口短路和电池反接； 支持高低压输出电压调节: 高压设置范围:3.0kv-5.5kv. 低压设置范围:0.8kv-1.2kv； | D9: 个 | E9: 38 | H9: =F9+G9 -> 0 | I9: =E9*H9 -> 0
A10: 3 | B10: 报警键盘 | C10: 产品特性: 可控制255台防区电子围栏防区，具有强大的系统管理功能； 支持一键读取已连接防区； 两种密码权限，4位密码可任意修改； 支持3个定时布撤防，键盘管理更加智能化； 采用4.5寸液晶屏显示； 自带1路开关量信号输出（常闭、常开可选），更好的联动报警设备； 支持2个遥控器学码； 可储存64条报警、操作记录信息； 支持打印机接入功能，可实时打印报警记录； | D10: 个 | E10: 4 | H10: =F10+G10 -> 0 | I10: =E10*H10 -> 0
A11: 4 | B11: 双防区模块 | C11: 防区扩展模块，可接入2个常闭NC防区，使用线末电阻监控防止破坏 | D11: 个 | E11: 3 | H11: =F11+G11 -> 0 | I11: =E11*H11 -> 0
A12: 5 | B12: 八防区模块 | C12: 防区扩展模块，可接入8个常闭NC防区，使用线末电阻监控防止破坏 | D12: 个 | E12: 7 | H12: =F12+G12 -> 0 | I12: =E12*H12 -> 0
A13: 6 | B13: 继电器输出模块 | D13: 个 | E13: 10 | H13: =F13+G13 -> 0 | I13: =E13*H13 -> 0
A14: 二 | B14: 中心管理设备 | H14: =F14+G14 -> 0 | I14: =E14*H14 -> 0
A15: 1 | B15: 管理工作站 | C15: 第八代处理 Intel Core I5-8500 3.0Ghz（6C,9M）/4G DDR4 2400/1TB 7200RPM 3.5"硬盘/集成千兆网卡/1G 独立显卡/DVD光驱/USB接口：前6后4/USB键盘鼠标/180W电源/WIN10 PRO 64位系统/联想19.5"WLED显示器/3年全国保修 | D15: 台 | E15: 1 | H15: =F15+G15 -> 0 | I15: =E15*H15 -> 0
A16: 2 | B16: 报警管理软件 | C16: ● 总线、IP联网型接警中心软件,带加密狗。 ● 报警语音、电子地图、防区面板、打印、短信、开关联动、平台转发， 历史记录查询、EXCEL导出。 ● 温湿度显示、高低温、湿度报警。 ● 手机APP报警显示、撤布防操作。 ● 设备手动、定时布撤防，防区、单设备、多设备控制。 ● 刷卡、考勤支持。在线注册、注销、编辑卡。 ● 开关面板控制、每天三时段定时开关、开关组多开关同时控制。 ● 设备定时测试，允许/禁止防区实时状态上报并通过防区面板实时显示 | D16: 套 | E16: 1 | H16: =F16+G16 -> 0 | I16: =E16*H16 -> 0
A17: 3 | B17: 总线报警主机 | C17: 最多可接2050个防区；双通讯总线输出，通讯距离可达2400米；自身带有2个有线防区,通过485通讯接口可以外接最多256个总线设备，每个扩展输入设备最多可接8个防区；最多有256个分区，支持报警联动输出；可由电脑直接向其写入配置信息；可电话联网Contact ID协议（使用RVVP2*1.0屏蔽双绞线） | D17: 台 | E17: 1 | H17: =F17+G17 -> 0 | I17: =E17*H17 -> 0
A18: 4 | B18: 液晶报警键盘 | C18: 中文LCD编程键盘（与7480V2.0/7480EV2.0配套使用） | D18: 个 | E18: 1 | H18: =F18+G18 -> 0 | I18: =E18*H18 -> 0
A19: 5 | B19: 总线延伸模块 | C19: 连接到总线回路，用辅助电源对模块供电 外接电源：16.5VAC, 25VA变电器 外置 12V铅酸蓄电池供电 尺寸：163×108×32 mm | D19: 个 | E19: 1 | H19: =F19+G19 -> 0 | I19: =E19*H19 -> 0
A20: 6 | B20: 网络通信转换器 | C20: 可以通过PC软件进行远程布撤防、远程编程、远程旁路和恢复操作 实时通讯，主机脱网后中心可立即发现 无通讯费用，系统运营成本低 及时准确上报Honeywell VISTA系列报警主机的重要报告 支持从局域网内到跨城域的各级远程通讯 主机掉电异常状况时，保存至少50条最新报告，并可根据需要回放 需实现配置的在线查询 需实现配置的在线更改 硬件触发恢复默认出厂值设置 LED指示灯显示自身工作状态 小型化设计，安装接线简便 符合相关行业标准、国家标准、国际标准 | D20: 块 | E20: 1 | H20: =F20+G20 -> 0 | I20: =E20*H20 -> 0
A21: 7 | B21: 开关电源 | C21: 12V7A | D21: 个 | E21: 91 | H21: =F21+G21 -> 0 | I21: =E21*H21 -> 0
A22: 三 | B22: 辅材 | H22: =F22+G22 -> 0 | I22: =E22*H22 -> 0
A23: 1 | B23: 报警总线 | C23: RVVPS 线缆 | D23: 米 | E23: 665 | H23: =F23+G23 -> 0 | I23: =E23*H23 -> 0
A24: 2 | B24: 信号线 | C24: RVV 线缆 | D24: 米 | E24: 665 | H24: =F24+G24 -> 0 | I24: =E24*H24 -> 0
A25: 3 | B25: 信号线 | C25: RVV 线缆 | D25: 米 | E25: 1415 | H25: =F25+G25 -> 0 | I25: =E25*H25 -> 0
A26: 4 | B26: 电源线 | C26: RVV 线缆 | D26: 米 | E26: 665 | H26: =F26+G26 -> 0 | I26: =E26*H26 -> 0
A27: 5 | B27: 电线管（含开槽、支架、防火涂料等） | C27: 镀锌线管 | D27: 米 | E27: 780 | H27: =F27+G27 -> 0 | I27: =E27*H27 -> 0
A28: B | B28: 周界报警 | I28: =SUM(I29:I44) -> 0
A29: 一 | B29: 中心设备 | I29: =E29*H29 -> 0
A30: 1 | B30: 报警控制服务器（工控机版） | C30: 第八代处理 Intel Core I5-8500 3.0Ghz（6C,9M）/4G DDR4 2400/1TB 7200RPM 3.5"硬盘/集成千兆网卡/1G 独立显卡/DVD光驱/USB接口：前6后4/USB键盘鼠标/180W电源/WIN10 PRO 64位系统/联想19.5"WLED显示器/3年全国保修 | D30: 台 | E30: 1 | H30: =F30+G30 -> 0 | I30: =E30*H30 -> 0
A31: 2 | B31: 光纤主机（8防区） | C31: 电压 AC220V 50Hz ±10% 功耗 ≤15W 振动监测频率响应 1~100kHz 系统灵敏度 每个防区可单独设置 防区数量 8防区 报警输出接口 开关量 光纤接口类型 FC/APC 通信接口 Usb 连接报警控制服务器 工作温度 -10~50℃ 工作湿度 5~90% 尺寸（W*H*D） 482mm×140mm×453mm | D31: 台 | E31: 1 | H31: =F31+G31 -> 0 | I31: =E31*H31 -> 0
A32: 3 | B32: 显示器 | C32: 屏幕尺寸 19英寸 最佳分辨率 1280x1024 屏幕比例 5:4（普屏） 高清标准 1080p 面板类型 IPS 背光类型 LED背光 动态对比度 400万:1 静态对比度 1000:1 响应时间 8ms 点距 0.293mm 亮度 250cd/㎡ 可视面积 374.8×299.8mm 可视角度 178/178° 显示颜色 16.7M | D32: 台 | E32: 1 | H32: =F32+G32 -> 0 | I32: =E32*H32 -> 0
A33: 4 | B33: 联动模块 | C33: RJ45网络连接 | D33: 台 | E33: 1 | H33: =F33+G33 -> 0 | I33: =E33*H33 -> 0
A34: 二 | B34: 前端设备 | H34: =F34+G34 -> 0 | I34: =E34*H34 -> 0
A35: 1 | B35: 防区中继盒 | C35: 工作原理 耦合器，分光、光干涉 防区供电 无源 外壳材质 ABS 接口 3芯尾纤和通信光缆、传感光缆对熔，裸纤使用续接包保护 工作温度 -40~70℃ 安装方式 挂墙、埋地 | D35: 个 | E35: 3 | H35: =F35+G35 -> 0 | I35: =E35*H35 -> 0
A36: 2 | B36: 防区终端盒 | C36: 工作原理 法拉第旋镜，光信号反射 防区供电 无源 外壳材质 ABS 接口 1芯尾纤和传感光缆对熔 工作温度 -40~70℃ 安装方式 挂墙、埋地 | D36: 个 | E36: 3 | H36: =F36+G36 -> 0 | I36: =E36*H36 -> 0
A37: 3 | B37: 振动感应光缆 | C37: 光缆型号 GYXTW型（中心管式铠装室外光缆） 外护套材质 聚乙烯 光纤类型 G.652 光纤芯数 2芯 允许拉伸强度 长期600N，短期1500N 允许抗侧压强度 长期300N/10cm，短期 1000N/10cm 布设场合 不限 工作温度 -40~70℃ 衰减系数 ＜0.21dB/Km 使用寿命 ＞25年 光缆弯曲半径 静态100mm/动态200mm 铺设方式 U型、波浪型、一字型 光缆直径 8mm 整盘出售不散买（100米每盘） | D37: 米 | E37: 1000 | H37: =F37+G37 -> 0 | I37: =E37*H37 -> 0
A38: 4 | B38: 通信光缆 | C38: 16芯单模轻铠 光缆型号 GYXTW型（中心管式铠装室外光缆） 外护套材质 聚乙烯 光纤类型 G.652 光纤芯数 防区数量*2 允许拉伸强度 长期600N，短期1500N 允许抗侧压强度 长期300N/10cm，短期 1000N/10cm 布设场合 不限 工作温度 -40~70℃ 衰减系数 ＜0.21dB/Km 使用寿命 ＞25年 光缆弯曲半径 静态100mm/动态200mm 铺设方式 U型、波浪型、一字型 光缆直径 8mm | D38: 米 | E38: 500 | H38: =F38+G38 -> 0 | I38: =E38*H38 -> 0
A39: 5 | B39: 红外对射 | C39: 四通道变频技术，三光束、探测距离100米 | D39: 对 | E39: 1 | H39: =F39+G39 -> 0 | I39: =E39*H39 -> 0
A40: 6 | B40: 单防区地址码模块 | C40: 单防区扩展模块，可接入1个常闭NC防区，使用线末电阻监控防止破坏 | D40: 个 | E40: 1 | H40: =F40+G40 -> 0 | I40: =E40*H40 -> 0
A41: 三 | B41: 辅材 | H41: =F41+G41 -> 0 | I41: =E41*H41 -> 0
A42: 1 | B42: 光纤跳线 | C42: 3米LC-LC | D42: 条 | E42: 3 | H42: =F42+G42 -> 0 | I42: =E42*H42 -> 0
A43: 3 | B43: 光纤接续盒 | C43: 8口光纤合LC-LC | D43: 个 | E43: 3 | H43: =F43+G43 -> 0 | I43: =E43*H43 -> 0
A44: 4 | B44: ODF配线架 | C44: FC型1U12芯固定式光纤配线架 | D44: 块 | E44: 1 | H44: =F44+G44 -> 0 | I44: =E44*H44 -> 0
A45: C | B45: 本系统总价 | C45: A+B | I45: =I5+I28 -> 0

Sheet 门禁
A1: 门禁一卡通系统
A2: 工程：苏地2012-G-81号地块酒店区域智能化工程
A3: 序号 | B3: 项目名称描述 | C3: 技术参数 | D3: 单位 | E3: 工程量A | F3: 单价（元） | H3: 总价（元） | J3: 备注
F4: 主材B | G4: 安装费C | H4: 综合单价D=B+C | I4: 合价E=A*D
A5: 一 | B5: 中央管理设备 | I5: =SUM(I6:I9) -> 0
A6: 1 | B6: 计算机 | C6: 第八代处理 Intel Core I5-8500 3.0Ghz（6C,9M）/4G DDR4 2400/1TB 7200RPM 3.5"硬盘/集成千兆网卡/1G 独立显卡/DVD光驱/USB接口：前6后4/USB键盘鼠标/180W电源/WIN10 PRO 64位系统/联想19.5"WLED显示器/3年全国保修 | D6: 台 | E6: 1 | H6: =F6+G6 -> 0 | I6: =E6*H6 -> 0
A7: 2 | B7: 一卡通管理平台 | C7: 一卡通管理平台基础版 2000人以下 | D7: 台 | E7: 1 | H7: =F7+G7 -> 0 | I7: =E7*H7 -> 0
A8: 3 | B8: 桌上型IC感应式发卡器 | C8: 13.56MHz/Mifare-1卡感应格式，USB接口 | D8: 台 | E8: 1 | H8: =F8+G8 -> 0 | I8: =E8*H8 -> 0
A9: 4 | B9: IC感应卡片 | C9: 感应卡 | D9: 台 | E9: 100 | H9: =F9+G9 -> 0 | I9: =E9*H9 -> 0
A10: 二 | B10: 前段设备 | I10: =SUM(I11:I19) -> 0
A11: 1 | B11: 一卡通门禁管理系统 | C11: 曾送 | D11: 台 | E11: 1 | H11: =F11+G11 -> 0 | I11: =E11*H11 -> 0
A12: 2 | B12: 4门工业级门禁四门网控器 | C12: 可连接8台读卡器(4进4出)，容纳30500张卡片，尺寸：W160×H30×D224(mm) | D12: 台 | E12: 2 | H12: =F12+G12 -> 0 | I12: =E12*H12 -> 0
A13: 3 | B13: 8门工业级门禁八门网控器 | C13: 可连接16台读卡器(8进8出)，容纳30500张卡片，尺寸：W160×H30×D224(mm) | D13: 台 | E13: 1 | H13: =F13+G13 -> 0 | I13: =E13*H13 -> 0
A14: 4 | B14: IC感应式读卡器 | C14: 13.56MHz/支持CPU卡、Mifare-1、电信卡、NFC，灌胶具完全防尘防水，键盘按键，尺寸：W81x H120xD21(mm) | D14: 台 | E14: 10 | H14: =F14+G14 -> 0 | I14: =E14*H14 -> 0
A15: 5 | B15: 门禁专用外出开门按钮(防火塑料) | C15: 防火阻燃塑料86型开关 | D15: 台 | E15: 10 | H15: =F15+G15 -> 0 | I15: =E15*H15 -> 0
A16: 6 | B16: 单门磁力锁 | C16: 不锈钢材质，工作电压DC12V，规格,：L250xW47xD25(mm) | D16: 台 | E16: 10 | H16: =F16+G16 -> 0 | I16: =E16*H16 -> 0
A17: 7 | B17: 门禁专用控制箱 | C17: 门禁控制器专用，W420xH320xD150(mm) | D17: 台 | E17: 2 | H17: =F17+G17 -> 0 | I17: =E17*H17 -> 0
A18: 8 | B18: 门禁、电锁专用开关电源12V4安 | C18: 输出电源: DC12V 4.2A，尺寸: L129xW98xH38(mm)，短路过载保护 | D18: 台 | E18: 2 | H18: =F18+G18 -> 0 | I18: =E18*H18 -> 0
A19: 9 | B19: 门禁、电锁专用导轨开关电源12V8安 | C19: 输出电源: DC12V 8.5A，导轨型，短路过载保护 | D19: 台 | E19: 2 | H19: =F19+G19 -> 0 | I19: =E19*H19 -> 0
A20: 三 | B20: 考勤系统 | I20: =SUM(I21:I22) -> 0
A21: 1 | B21: 一卡通考勤管理系统 | C21: 5个读卡点以下, 50人以下 | D21: 台 | E21: 2 | H21: =F21+G21 -> 0 | I21: =E21*H21 -> 0
A22: 2 | B22: IC触控感应式读卡器 | C22: 13.56MHz/支持读写Mifare-1卡, 读电信卡, 读二代身份证卡, 读CPU卡，背光式液晶屏幕，尺寸：W81.5xH132xD22(mm)，读卡可显示适配器号、姓名，可搭配考勤使用 | D22: 台 | E22: 2 | H22: =F22+G22 -> 0 | I22: =E22*H22 -> 0
A23: 四 | B23: 管线及附材 | I23: =SUM(I24:I28) -> 0
A24: 1 | B24: 通讯网线RVV2*1.0 | C24: RVV 线缆 | D24: 米 | E24: 200 | H24: =F24+G24 -> 0 | I24: =E24*H24 -> 0
A25: 2 | B25: 通讯控制线RVV6*1.0 | C25: RVV 线缆 | D25: 米 | E25: 380 | H25: =F25+G25 -> 0 | I25: =E25*H25 -> 0
A26: 3 | B26: 通讯网线RVV4*1.0 | C26: RVV 线缆 | D26: 米 | E26: 290 | H26: =F26+G26 -> 0 | I26: =E26*H26 -> 0
A27: 4 | B27: 电源线RVV2*1.5 | C27: RVV 线缆 | D27: 米 | E27: 100 | H27: =F27+G27 -> 0 | I27: =E27*H27 -> 0
A28: 5 | B28: 电线管JDG20（含开槽、支架、防火涂料等） | C28: 镀锌线管 | D28: 米 | E28: 200 | H28: =F28+G28 -> 0 | I28: =E28*H28 -> 0
A29: 五 | B29: 本系统总价 | C29: （一）+（二）+（三）+（四） | I29: =I5+I10+I20+I23 -> 0

Sheet 巡更
A1: 巡更系统
A2: 工程：苏地2012-G-81号地块酒店区域智能化工程
A3: 序号 | B3: 项目名称描述 | C3: 技术参数 | D3: 单位 | E3: 工程量A | F3: 单价（元） | H3: 总价（元） | J3: 备注
F4: 主材B | G4: 安装费C | H4: 综合单价D=B+C | I4: 合价E=A*D
A5: 1 | B5: 信息钮 | C5: 使用寿命： 大于10年 使用温度： -40～60℃ 尺寸： Φ6mmX28mm管状卡 重量： 20g 耐用性： 强 防水抗摔防裂 工作电压： 无 工作电流： 无 记忆容量： 无限 | D5: 个 | E5: 52 | H5: =F5+G5 -> 0 | I5: =E5*H5 -> 0
A6: 2 | B6: 夜光标识牌 | C6: 用于辨识已安装的巡更巡检点 | D6: 个 | E6: 52 | H6: =F6+G6 -> 0 | I6: =E6*H6 -> 0
A7: 3 | B7: 巡更棒 | C7: 记录存储容量 30719 条记录 功耗 探测电流 60uA 电池寿命 一节CR123A电池可连续使用二年左右（每日读卡200次） 读卡距离 3～6cm 通讯格式 无线感应通讯 工作温度 -40℃～70℃ 工作湿度 0～95℅ 体积 130x38x27mm 重量 150～190g （根据铝合金或钢制内胆） 供电 3V锂电池 (CR123A) | D7: 个 | E7: 10 | H7: =F7+G7 -> 0 | I7: =E7*H7 -> 0
A8: 4 | B8: 通讯底座 | C8: 无线通讯座 配置 4个LED指示灯，助于识别数据传输状态 同一通讯坐型号可配用于多类巡更巡检产品 提供无线传输方式，让巡更巡检器设计达到完全无接口，防止破坏 巡更巡检器连接：RFID 无线传输 计算机连接：USB 长度(mm) 159 高度(mm) 33 宽度(mm) 79 | D8: 个 | E8: 2 | H8: =F8+G8 -> 0 | I8: =E8*H8 -> 0
A9: 5 | B9: 人员钮 | C9: 人员卡,作为巡逻人员身份识别使用 | D9: 个 | E9: 10 | H9: =F9+G9 -> 0 | I9: =E9*H9 -> 0
A10: 6 | B10: 巡更软件 | C10: 系统化的设计：从应用软件到巡更机硬件的一体化设计，完全瞄准用户需要，二次开发迅速。 产品可靠性高、实用性强。特别进行电磁学设计使功耗革命性的降低，使非接触式巡更机走向实用。防水、抗摔设计使故障率降低。 网络化软件，管理软件专业化定制化，针对性强，使用户想要的功能一个不少，用户不想要的功能一个不多，符合用户习惯，因此软件使用简单，功能强大。产品按照ISO9001质量体系要求进行设计、生产销售，外协厂家均通过ISO9002质量体系认证，确保了产品质量。 | D10: 套 | E10: 1 | H10: =F10+G10 -> 0 | I10: =E10*H10 -> 0
A11: 7 | B11: 本系统总价 | C11: 1+2+3+4+5+6 | I11: =SUM(I5:I10) -> 0

Sheet 停车场
A1: 分部分项工程量清单表
A2: 供应单价： I = A
A3: 安装单价： J = [ A + B + C + D + E + ( C x 0.1 + D ) x F% + D x G% ] x ( 1 + H% ) - A
A4: 停车场系统
A5: 工程：苏地2012-G-81号地块酒店区域智能化工程
A6: 序号 | B6: 项目名称描述 | C6: 技术参数 | D6: 单位 | E6: 工程量A | F6: 单价（元） | H6: 总价（元） | J6: 备注
F7: 主材B | G7: 安装费C | H7: 综合单价D=B+C | I7: 合价E=A*D
A8: 一 | B8: 二进二出车牌识别系统 | C8: 平面图上有一处停车场属于B区 | I8: =SUM(I9:I12) -> 0
A9: 1 | B9: 高速直臂自动挡车器 | C9: 前门标准配置高亮LED屏，指示挡车器运行状态。速度为1秒(±10%)(快速型)；3秒(±10%)（普通型）,杆长≤3米（快速型）；杆长≤4米（普通型）,采用先进的数字感应控制防砸技术，当落杆时触碰到障碍物时，挡车器能够智能检测，停止落杆并迅速返回，从而可实现有效保证车辆的安全。 尺寸： 345mm*295mm*980mm(长宽高) 8 颜色： 红/闪银黑/水晶蓝 环境温度： -35℃～+75℃ 相对湿度： 相对湿度≤90%，且不凝露 工作电压： AC220V/110V±10%，50/60Hz 电机功率 机芯电机120W 起杆时间： 1秒(±10%)(快速型)；3秒(±10%)（普通型） 功能： 遇阻反弹，无需安装压力电波 | D9: 套 | E9: 4 | H9: =F9+G9 -> 0 | I9: =E9*H9 -> 0
A10: 2 | B10: 车辆检测器 | C10: 交流电压：~ 220V 50Hz 直流电压：12V 功耗：小于3W 相对湿度：最大95% 灵敏度：3档调节 信号保持时间：不受限制 防护等级：IP30 工作环境温度：-40℃ ~ +65℃， 存贮温度：-40℃ ~ +85℃ 工作频率：50KHz ~ 250KHz 反应时间：100mS 继电器：250V AC/3A 线圈电感量：线圈加上连接线可为40---1000uH，理想值应在80---500uH之间。 掉电时处理器返回时间：近似2S | D10: 套 | E10: 8 | H10: =F10+G10 -> 0 | I10: =E10*H10 -> 0
A11: 3 | B11: 一体式智慧车场控制机(含机箱、主控制器、双层显示屏、语音、车牌识别摄像机、补光灯) | C11: 一体化两行LED绿色显示屏，（含机箱体、主控制器、显示屏、语音） 技术参数 机箱颜色：闪银黑 工作温度：-30℃～+70℃ 工作湿度：≤95%，无凝露 工作电源：AC220V±10%，50HZ 通讯方式：TCP/IP  200万像素1/2.8"逐行扫描 CMOS，分辨率可达1920*1080。 采用先进视频压缩技术H .264 做视频编码，抓拍帧采用JPEG编码。 支持地感触发、视频流、地感+视频流等多种车辆检测识别方式。 支持智能检测识别功能。 支持OSD信息叠加功能，支持视频/图片叠加水印，水印可校验。 支持SSD卡本地图片存储、自动覆盖、自动上传。 支持远程客户端控制功能，进行参数配置、视频预览、远程升级。 支持配置文件导入导出。 | D11: 台 | E11: 4 | H11: =F11+G11 -> 0 | I11: =E11*H11 -> 0
A12: 4 | B12: 岗亭 | C12: 标准 | D12: 套 | E12: 0 | H12: =F12+G12 -> 0 | I12: =E12*H12 -> 0
A13: 二 | B13: 出口管理工作站 | I13: =SUM(I14:I16) -> 0
A14: 1 | B14: 光纤收发器 | C14: 基本规格 接口类型 RJ-45，SC 网络 符合协议标准 IEEE 802.3，IEEE802.3u，IEEE802.3z，IEEE 802.3ab 传输速率 10/100/1000Mbps 最大传输距离 60000米 | D14: 对 | E14: 1 | H14: =F14+G14 -> 0 | I14: =E14*H14 -> 0
A15: 2 | B15: 软件狗 | C15: 配合软件使用 | D15: 套 | E15: 1 | H15: =F15+G15 -> 0 | I15: =E15*H15 -> 0
A16: 3 | B16: 工作站 | C16: 第八代处理 Intel Core I5-8500 3.0Ghz（6C,9M）/4G DDR4 2400/1TB 7200RPM 3.5"硬盘/集成千兆网卡/1G 独立显卡/DVD光驱/USB接口：前6后4/USB键盘鼠标/180W电源/WIN10 PRO 64位系统/联想19.5"WLED显示器/3年全国保修 | D16: 台 | E16: 1 | H16: =F16+G16 -> 0 | I16: =E16*H16 -> 0
A17: 三 | B17: 管理中心 | I17: =SUM(I18:I19) -> 0
A18: 1 | B18: 停车场管理软件 | C18: 含管理中心、数据分析中心、车牌校正中心、中央缴费处、出入口管理（含收费）、自助缴费终端等； 可支持云联网，支持微信、APP手机支付功能 可配套手持机及自助缴费机设备 支持金融支付接口等，可与银联等第三方系统对接 具有软件著作权登记证书 | D18: 套 | E18: 1 | H18: =F18+G18 -> 0 | I18: =E18*H18 -> 0
A19: 2 | B19: 服务器 | C19: 1U机架式服务器主机酷睿 i3-8100 4核4线程 8G ECC / 1T 企业级硬盘 | D19: 台 | E19: 1 | H19: =F19+G19 -> 0 | I19: =E19*H19 -> 0
A20: 四 | B20: 管线及辅材 | I20: =SUM(I21:I22) -> 0
A21: 1 | B21: 室外2芯单模光纤 | C21: OS2室外轻铠单模, 2芯, 9um | D21: 米 | E21: 785 | H21: =F21+G21 -> 0 | I21: =E21*H21 -> 0
A22: 2 | B22: 6类4对非屏蔽双绞线，低烟无卤 | C22: 产品规格：Cat6非屏蔽双绞线缆。 性能：23AWG线规的电缆满足250MHz条件下的传输要求，并采用带十字支撑架结构，可以有效隔离对绞线对以优化NEXT和ELFEXT性能，以保证整个布线系统的可靠性及稳定性； 标准：符合Category 6 ANSI/TIA/EIA-568-C2-1 and ISO/IEC 11801标准并可提供ETL或UL,信产部认证及相关测试报告； 芯线对数及屏蔽层：4对，每芯带有色条区别，内有线缆撕裂绳； 带宽要求：Cat6≥250MHz，支持1000 Base-T以及1000Base-TX局域网以及宽带视频应用； 电气特性：1.0-100.0MHz输入阻抗（欧姆） 100±6，100-250MHz输入阻抗（欧姆） 100±6，1.0-250.0MHz时延偏离(ns/100m) ≤45，线对对地的电容不平衡(pF/100m) ≤330，20°C条件下的导线最大直流电阻（欧姆/km）为73.2，电阻不平衡（%） ≤5； 认证：低烟无卤线缆满足 IEC60332、IEC 61034、IEC 60754标准要求，并在线缆外皮上标注符合的国际标准名称； 护套标识：LSZH护套，外护套印有品牌、型号规格、线规、屏蔽类型、标准号、缆型、生产序列号等信息，字迹清晰、不褪色、容易辨别，用于产品的质量回溯，并印有逆序长度标注(305~0 meter)以方便识别线缆长度； 包装：标准纸箱包装，外包装箱上印刷条形码等标识以方便业主及监理单位在不利用任何专业检测设备的前提下，就可以方便、简易、迅速的判断供应的货物是否为原厂原装正品； 水平线缆为低烟无卤LSZH产品，符合IEC60332-1阻燃等级，并提供中国信息产业部授权机构出具的第三方燃烧测试报告； 链路支持4连接，符合ANSI/TIA 568-C标准，并提供中国信息产业部授权检测机构出具的第三方传输性能测试报告； 产品需要满足元器件级别测试认证，其中双绞线，信息模块，跳线均有中国信息产业部授权检测机构或ETL出具的第三方传输性能测试报告。 | D22: 米 | E22: 603 | H22: =F22+G22 -> 0 | I22: =E22*H22 -> 0
A23: 五 | B23: 本系统总价 | C23: （一）+（二）+（三）+（四） | I23: =I8+I13+I17+I20 -> 0

Sheet 有线电视
A1: 有线电视系统
A2: 工程：苏地2012-G-81号地块酒店区域智能化工程
A3: 序号 | B3: 项目名称描述 | C3: 技术参数 | D3: 单位 | E3: 工程量A | F3: 单价（元） | H3: 总价（元） | J3: 备注
F4: 主材B | G4: 安装费C | H4: 综合单价D=B+C | I4: 合价E=A*D
A5: 1 | B5: 广电机顶盒 | C5: 采购安装 | D5: 个 | E5: 48 | H5: =F5+G5 -> 0 | I5: =E5*H5 -> 0
A6: 2 | B6: CA卡 | C6: 采购安装 | D6: 张 | E6: 48 | H6: =F6+G6 -> 0 | I6: =E6*H6 -> 0
A7: 2 | B7: 八路高清编码器 | C7: 1、设备采用1U 19英寸标准机架式设计。 2、设备自带2个千兆全双工IP接口，支持IP信号输入输出功能，支持双网管接口和数据传输功能； 3、设备支持60路IP输入输出，支持SPTS、MPTS输入输出功能； 4、设备支持UDP、RTP的单播及组播技术； 5、采用专业编码芯片，支持8路HDMI高清编码功能； 6、视频编码格式：H.264； 7、视频编码模式：CBR、VBR； 8、视频分辨率：480i、576i、720p、1080i、1080p； 9、音频编码格式：MPEG-1 Layer2、AAC、AC3； 10、音频模式：单声道、双声道、立体声； 11、支持音量调节功能； 12、设备支持节目复用、透传等功能； 13、具备NIT表添加、编辑等功能，支持节目排序； 14、设备支持输入输出码流实时监测功能，支持ETR 290 报错分析功能； | D7: 台 | E7: 7 | H7: =F7+G7 -> 0 | I7: =E7*H7 -> 0
A8: 3 | B8: 国标数字电视调制器 | C8: 1、设备采用1U 19英寸标准机架式设计； 2、设备自带2个千兆全双工IP接口，支持远程网络管理和数据输出功能； 3、设备具备1个RF调制接口，阻抗75Ω，可根据需求支持8路QAM/DTMB/ OFDM调制输出功能； 4、设备支持60路IP输出，支持SPTS、MPTS输入输出功能； 5、设备支持UDP、RTP的单播及组播技术； 6、调制频率范围：48-862MHz； 7、最高输出电平：106dBμV； 8、支持RF电平增益设置功能； 9、设备支持节目复用、透传等功能； 10、设备只支持PSI/SI表自动生成功能； 11、具备NIT表添加、编辑等功能，支持节目排序； 12、设备支持输入输出码流实时监测功能，支持ETR 290 报错分析功能； | D8: 台 | E8: 5 | H8: =F8+G8 -> 0 | I8: =E8*H8 -> 0
A9: 6 | B9: 高清视频播放器 | C9: 4K UHD蓝光DVD影碟机 杜比视界 3D/USB播放 网络视频 双HDMI 蓝光高清播放机器 黑色 | D9: 台 | E9: 6 | H9: =F9+G9 -> 0 | I9: =E9*H9 -> 0
A10: 7 | B10: 千兆交换机 | C10: 24口10/100/1000M自适应电口，4个SFP光口，固化单交流电源，无风扇 | D10: 台 | E10: 1 | H10: =F10+G10 -> 0 | I10: =E10*H10 -> 0
A11: 8 | B11: 混合器 | C11: 频率范围40～860MHz,输入口隔离度≥24dB,插入损耗≤19dB,带内平坦度±2dB | D11: 台 | E11: 1 | H11: =F11+G11 -> 0 | I11: =E11*H11 -> 0
A12: 9 | B12: 前置放大器 | C12: 19英寸1U机壳,功率增益 28dB,输出电平 120dBuV(带外抑制60dBc) | D12: 台 | E12: 1 | H12: =F12+G12 -> 0 | I12: =E12*H12 -> 0
A13: 10 | B13: 标准机柜 | C13: 前玻璃后钣金门机柜 配3块隔板 1个PDU 1套风扇 支脚4个 螺丝40套 | D13: 台 | E13: 3 | H13: =F13+G13 -> 0 | I13: =E13*H13 -> 0
A14: 11 | B14: 光发射机 | C14: FC/APC适配器，发射功率12mW，选用带光隔离器的高线性、低噪声分布反馈DFB激光器，AGC/MGC控制，工作状态异常时，以声光告警 | D14: 台 | E14: 1 | H14: =F14+G14 -> 0 | I14: =E14*H14 -> 0
A15: 12 | B15: 光分路器 | C15: 单模光分比均分，双窗口1310/1550nm，连接器FC/APC | D15: 台 | E15: 1 | H15: =F15+G15 -> 0 | I15: =E15*H15 -> 0
A16: 13 | B16: 光接收机 | C16: 光接收器件和RF放大模块均采用进口器件,工作带宽860MHz，可扩展光纤回传功能，带光功率显示电路，压铸铝合金外壳，2路RF高电平输出 | D16: 台 | E16: 8 | H16: =F16+G16 -> 0 | I16: =E16*H16 -> 0
... A27: 24 | B27: 同轴电缆 | C27: 芯数 1 护套材质 PE 防护等级 IP40 应用范围 信息传输系统 绝缘厚度 1.2 外表材质 交联聚乙烯 | D27: 米 | E27: 2850 | H27: =F27+G27 -> 0 | I27: =E27*H27 -> 0
A28: 25 | B28: 本系统总价 | C28: 1+2+3+4+5+6+…+24 | I28: =SUM(I5:I27) -> 0

Sheet 互动电视
A1: 互动电视系统
A2: 工程：苏地2012-G-81号地块酒店区域智能化工程
A3: 序号 | B3: 项目名称描述 | C3: 技术参数 | D3: 单位 | E3: 工程量A | F3: 单价（元） | H3: 总价（元） | J3: 备注
F4: 主材B | G4: 安装费C | H4: 综合单价D=B+C | I4: 合价E=A*D
A5: 一 | B5: 中心管理设备 | I5: =SUM(I6:I18) -> 0
A6: 1 | B6: 流媒体服务器 | C6: INTEL 至强E3-1230v5（4核/3.4GHz/8M） 16GB DDR4 ECC 2400GHz（最大可支持64G内存） 2TB SATA 3.5寸 7200转企业级*3块（最大可支持8块热插拔硬盘槽位） LSI RAID卡，12G传输，1GB缓存，支持RAID0、1、5、6、10、50、60级别（可选断电保护电池模块） INTEL 1000M网口*4，支持网卡绑定 集成远程管理模块，支持远程管理 PCI-E3.0x8*2 PCI-E 3.0 x4*1 550W*2(1+1)白金版服务器冗余电源 2U机架式 | D6: 台 | E6: 1 | H6: =F6+G6 -> 0 | I6: =E6*H6 -> 0
A7: 2 | B7: 应用服务器 | C7: E3架构，单 CPU； 标配16GB DDR3智能内存； 标配2 x 1T SATA硬盘, 支持RAID 0/1； 标配4个千兆以太网口； 标配2个电源； 2U高度； | D7: 台 | E7: 1 | H7: =F7+G7 -> 0 | I7: =E7*H7 -> 0
A8: 3 | B8: 流媒体智能平台软件V2.0 | C8: 系统管理模块，包括系统用户管理、客人管理、终端设备的管理、栏目内容的管理等。 | D8: 套 | E8: 1 | H8: =F8+G8 -> 0 | I8: =E8*H8 -> 0
C9: 酒店内容模块，包括首页视频、酒店设施、服务指南、安全提示等服务指南，消息留言等服务； | D9: 套 | E9: 1 | H9: =F9+G9 -> 0 | I9: =E9*H9 -> 0
C10: 系统提供基于DVB-C的高清、标清数字电视播放，支持境内、境外数字电视的整合，支持电子节目单的显示，支持断网播放; | D10: 套 | E10: 1 | H10: =F10+G10 -> 0 | I10: =E10*H10 -> 0
C11: 娱乐类模块：包括音乐精选、音悦故事等 | D11: 套 | E11: 1 | H11: =F11+G11 -> 0 | I11: =E11*H11 -> 0
C12: 资讯类模块：包括今日会议、汇率、天气、世界时间 | D12: 套 | E12: 1 | H12: =F12+G12 -> 0 | I12: =E12*H12 -> 0
C13: 酒店栏目的内容设计：按照酒店VI视觉风格，定制与酒店信息相关的中英两种界面的栏目内容。含一次酒店信息页面内容的设计制作，含上线前三次修改次数。 | D13: 套 | E13: 1 | H13: =F13+G13 -> 0 | I13: =E13*H13 -> 0
C14: 高清视频点播模块，系统提供视频点播功能，支持实时抛帐到PMS（需要PMS提供接口），在线200部电影，月更新5-10部; | D14: 套 | E14: 1 | H14: =F14+G14 -> 0 | I14: =E14*H14 -> 0
C15: PMS接口授权模块，系统中与PMS接口的授权模块，支持与PMS数据同步，可实现入住状态、客人称谓、人性化的欢迎页面、查询账单、消息留言、电影抛帐等功能。 | D15: 套 | E15: 1 | H15: =F15+G15 -> 0 | I15: =E15*H15 -> 0
C16: 团队客人管理模块，团客信息管理，界面根据团客信息自动显示个性化的团队欢迎页、团队客人日程、团客联系名单及会议信息等 | D16: 套 | E16: 1 | H16: =F16+G16 -> 0 | I16: =E16*H16 -> 0
C17: 帐单查询模块，通过系统可以查询并浏览该客房的帐单与明细等 | D17: 套 | E17: 1 | H17: =F17+G17 -> 0 | I17: =E17*H17 -> 0
C18: 电视点餐模块，客人通过ISTV在客房订餐，信息传送给餐饮（服务）中心，餐饮（服务）中心电话确认订餐细节并下单。 | D18: 套 | E18: 1 | H18: =F18+G18 -> 0 | I18: =E18*H18 -> 0
A19: 二 | B19: 前端设备 | I19: =SUM(I20:I21) -> 0
A20: 1 | B20: 智能机顶盒终端 | C20: Hi3796M V100;四核Mali450;8GByte EMMC;512MByte DDR3;1*HDMI OUT;2*USB 2.0;1*Ethernet 10/100M;1*红外1*串口1*CA卡槽;1*tuner IEC头母头 接头规格：英制F头1*电源插孔;功耗:最大12W;尺寸:145*145*25. 视频解码支持 H.265 Main Profile@L5.0 High-tier | D20: 台 | E20: 97 | H20: =F20+G20 -> 0 | I20: =E20*H20 -> 0
A21: 2 | B21: 终端软件使用许可 | C21: 客户端终端显示引擎控制系统模块,附客制化STB开机页面 | D21: 套 | E21: 97 | H21: =F21+G21 -> 0 | I21: =E21*H21 -> 0
A22: 三 | B22: 本系统总价 | C22: （一）+（二） | I22: =I5+I19 -> 0

Sheet 无线对讲
A1: 无线对讲系统
A2: 工程：苏地2012-G-81号地块酒店区域智能化工程
A3: 序号 | B3: 项目名称描述 | C3: 技术参数 | D3: 单位 | E3: 工程量A | F3: 单价（元） | H3: 总价（元） | J3: 备注
F4: 主材B | G4: 安装费C | H4: 综合单价D=B+C | I4: 合价E=A*D
A5: 1 | B5: 数字中继台 | C5: 1、支持数字TDMA模式下2个同步语音或数据信道； 2、高功率下100%连续工作周期； 3、可在模拟或数字模式下工作； 4、射频输出功率：50W 5、频率范围：403~470MHz 6、信道间隔：12.5KHz 7、频率稳定性：+/-0.5PPM 8、接收机互调：75dB 9、接收机邻近信道选择：60dB/12.5kHz | D5: 套 | E5: 3 | H5: =F5+G5 -> 0 | I5: =E5*H5 -> 0
A6: 2 | B6: 发射合路器 | C6: 工作频率：400-430MHz 插入损耗：2合路 ≤4.1dB 驻波比：输入≤1.2dB 输出≤1.4dB Tx to Rx隔离度：≥70dBm Ant to Tx隔离度：≥50dBm | D6: 套 | E6: 1 | H6: =F6+G6 -> 0 | I6: =E6*H6 -> 0
A7: 3 | B7: 接收分路器 | C7: 工作频率：400-430MHz 工作带宽：5MHz 波段增益：标准8~12dB，定制20~25dB 输入驻波比：≤1.40 输出驻波比：≤1.30 带内纹波(P-P)：≤0.5dB 隔离度：≥23dB | D7: 套 | E7: 1 | H7: =F7+G7 -> 0 | I7: =E7*H7 -> 0
A8: 4 | B8: 带通双工器 | C8: 工作频率：400-430MHz 工作带宽：UHF：±3MHz 最大功率：Max：200W 插入损耗：≤1.5dB 带外抑制 Out of band：±2.5MHz ≥45dB Out of band：﹣2.5MHz ≥25dB Out of band：±5MHz ≥75dB Out of band：﹣5MHz ≥45dB 隔离度：RX-TX band ≥75dB RX band ≥75dB TX band ≥75dB 驻波比：≤1.25 | D8: 套 | E8: 1 | H8: =F8+G8 -> 0 | I8: =E8*H8 -> 0
A9: 5 | B9: 干线放大器 | C9: 频率范围：RX:140-143/157-160/350-356/402-408/409-415/450-456MHz TX: 146-149/163-166/360-366/412-418/419-425/460-466MHz 上下行频率间隔:150MHz上下行间隔5.7MHz、350/400/450MHz上下行间隔10MHz 最大输出功率：RX:-7±3dBm TX:33±3dBm 最大输入功率（不损毁）：RX: -30 dBm TX:10 dBm 增益：RX: 35dB±3dB TX: 48dB±3dB 带内波动：RX:≤3dB TX:≤2dB 电压驻波比:≤1.5 时延:≤1.5μs 杂散发射：工作频带内:≤-30dBm/30kHz 工作频带外:9KHz-1GHz:-36dBm/100kHz ;1GHz-12.75GHz:-30dBm/1MHz 互调衰减：工作频带内:RX: ≤-55dBc/30kHz TX: ≤-40dBc/30kHz 工作频带外(偏离工作频带2.5MHz之外): 9kHz-1GHz(含1GHz):-36dBm/30kHz 1GHz-12.75GHz:-30dBm/30kHz 带外抑制：工作频带边缘±5MHz：≥70dBc 工作频带边缘±10MHz：≥70dBc | D9: 套 | E9: 2 | H9: =F9+G9 -> 0 | I9: =E9*H9 -> 0
A10: 6 | B10: 射频同轴电缆 | C10: 特性阻抗:50±1Ω 速度系数：0.88 电容：76 pF/m 最大使用频率：8.8 GHZ 额定功率峰值：58 KW | D10: 米 | E10: 1000 | H10: =F10+G10 -> 0 | I10: =E10*H10 -> 0
A11: 7 | B11: 耦合分配器 | C11: 频率范围：350-480MHz 阻抗：50Ω 驻波比：≤1.3 插入损耗：≤0.5 隔离度：≥22dB | D11: 只 | E11: 18 | H11: =F11+G11 -> 0 | I11: =E11*H11 -> 0
A12: 8 | B12: 室内全向天线 | C12: 频率范围:136-174MHz 350-480MHz 阻抗：50Ω 驻波比：≤1.4 增益：2.15dBi 极化方式：垂直 避雷保护：直流接地 耐功率：100W 接头形式：SL16 | D12: 只 | E12: 18 | H12: =F12+G12 -> 0 | I12: =E12*H12 -> 0
A13: 9 | B13: 室外全向天线 | C13: 频率范围:136-174MHz 350-480MHz 阻抗：50Ω 驻波比：≤1.2 增益：5dBi 极化方式：垂直 避雷保护：直流接地 耐功率：100W 接头形式：N-K | D13: 只 | E13: 1 | H13: =F13+G13 -> 0 | I13: =E13*H13 -> 0
A14: 10 | B14: 同轴避雷器 | C14: 工作频率:0～11GHz 最大持续电压Un：≤70 最大通流容量：10KV 限流电压：≤650V 插入损值：≤0.2dB 驻波比：<1.2 | D14: 只 | E14: 1 | H14: =F14+G14 -> 0 | I14: =E14*H14 -> 0
A15: 11 | B15: 同轴连接器 | C15: 频率范围:0-1000MHz 阻抗：50Ω 驻波比：≤1.2 插入损耗：≤0.1 | D15: 只 | E15: 90 | H15: =F15+G15 -> 0 | I15: =E15*H15 -> 0
A16: 12 | B16: 直角连接器 | C16: 频率范围:0-1000MHz 阻抗：50Ω 驻波比：≤1.2 插入损耗：≤0.1 | D16: 只 | E16: 18 | H16: =F16+G16 -> 0 | I16: =E16*H16 -> 0
A17: 13 | B17: 数字对讲机 | C17: 频率范围：UHF:400-470MHz7 VHF:146-174MHZ，信道容量：256，区域容量：16，信道间隔;25/12.5KHz,重量:250g,外形尺寸(H*W*D):110.2 x 59 x 30mm,频率稳定度:±0.5ppm,天线阻抗:50Ω,防尘防水:IP54标准,防湿:MIL-STD-810 C/D/E/F/G标准 | D17: 套 | E17: 20 | H17: =F17+G17 -> 0 | I17: =E17*H17 -> 0
A18: 14 | B18: 本系统总价 | C18: 1+2+3+4+5+6+…+13 | I18: =SUM(I5:I17) -> 0

Sheet 信息发布
A1: 信息发布系统
A2: 工程：苏地2012-G-81号地块酒店区域智能化工程
A3: 序号 | B3: 项目名称描述 | C3: 技术参数 | D3: 单位 | E3: 工程量A | F3: 单价（元） | H3: 总价（元） | J3: 备注
F4: 主材B | G4: 安装费C | H4: 综合单价D=B+C | I4: 合价E=A*D
A5: 1 | B5: 管理电脑 | C5: Core i7-7700 3.6G 4C 65W/4GB DDR4 2400内存/1TB 7200RPM 3.5" SATA3硬盘/RAID 1 (2 HDDs min)阵列/集成显卡/DVD光驱/USB键鼠/集成声卡/机箱报警开关/ 250W 85%电源/板载网卡/DOS/3年保修 | D5: 台 | E5: 1 | H5: =F5+G5 -> 0 | I5: =E5*H5 -> 0
A6: 2 | B6: 服务器 | C6: 机架式1U服务器：至强处理器 Intel® Xeon E3-1220 v6/1*8G 2133 ECCDDR4 内存/1TB（7.2K SATA3.5寸 硬盘/最大支持 2 块 3.5 英寸非热插拔盘，可选最大支持 4 块 2.5 英寸非热插拔硬盘/DVD光驱/集成网卡/外部设备接口：8 个 USB 2.0 接口 (2 前 6 后)；1 个 VGA 接口/1 个显示接口/1 个串口/导轨/300W电源/3年保修 | D6: 台 | E6: 1 | H6: =F6+G6 -> 0 | I6: =E6*H6 -> 0
A7: 3 | B7: 22寸广告一体机 | C7: 显示屏：22〞 背光类型：LED 分辨率：1920X1080 显示尺寸（mm）：476.64(H)×268.11(V) 响应时间：18ms 亮度：250cd/m² 对比度：3000:1 高宽比：16：9 CPU：双核处理器 主频1.2GHz 内存：1G 媒体播放格式：mkv,mov, mp4,avi, ts,mpg,mpeg,wmv,rm,rmvb,flv等；并且全高清解 视频编码格式：mpeg-1,mpeg-2,mpeg-4(XVID),ms-mpeg4v1,ms-mpeg4v2,ms-mpeg4v3,SorensomH.263,H.263,H.264(AVC),WMV7/8,wmv9(VC-1),RV(8/9/10),Divx-3,Divx-4,Divx-5,On2 VP6等 音频编码格式：Mp3,ogg,m4a,wma,wav,flac,amr,aac等 图片格式：JPEG,BMP,GIF,PNG等 音响：5W,8Ω×2 存储介质：SD，U盘 信号接口：网络接口RJ45，wifi，3G（可选）、SIM卡选配3G或4G、USB接口2路、SD卡插槽1路 | D7: 台 | E7: 4 | H7: =F7+G7 -> 0 | I7: =E7*H7 -> 0
A8: 4 | B8: 32寸广告一体机 | C8: 显示屏：32〞 背光类型：LED 分辨率：1366X768 显示尺寸（mm）：697.4845(H)×392.256(V) 响应时间：7ms 亮度：360cd/m² 对比度：3000:1 高宽比：16：9 CPU：双核处理器 主频1.2GHz 内存：1G 媒体播放格式：mkv,mov, mp4,avi, ts,mpg,mpeg,wmv,rm,rmvb,flv等；并且全高清解 视频编码格式：mpeg-1,mpeg-2,mpeg-4(XVID),ms-mpeg4v1,ms-mpeg4v2,ms-mpeg4v3,SorensomH.263,H.263,H.264(AVC),WMV7/8,wmv9(VC-1),RV(8/9/10),Divx-3,Divx-4,Divx-5,On2 VP6等 音频编码格式：Mp3,ogg,m4a,wma,wav,flac,amr,aac等 图片格式：JPEG,BMP,GIF,PNG等 音响：5W,8Ω×2 存储介质：SD，U盘 信号接口：网络接口RJ45，wifi，3G（可选）、SIM卡选配3G或4G、USB接口2路、SD卡插槽1路 | D8: 台 | E8: 4 | H8: =F8+G8 -> 0 | I8: =E8*H8 -> 0
A9: 5 | B9: 55寸一体机 | C9: 显示屏：55〞 背光类型：LED 分辨率：1366X768 显示尺寸（mm）：697.4845(H)×392.256(V) 响应时间：9ms 亮度：360cd/m² 对比度：1200:1 高宽比：16：9 CPU：双核处理器 主频1.2GHz 内存：1G 媒体播放格式：mkv,mov, mp4,avi, ts,mpg,mpeg,wmv,rm,rmvb,flv等；并且全高清解 视频编码格式：mpeg-1,mpeg-2,mpeg-4(XVID),ms-mpeg4v1,ms-mpeg4v2,ms-mpeg4v3,SorensomH.263,H.263,H.264(AVC),WMV7/8,wmv9(VC-1),RV(8/9/10),Divx-3,Divx-4,Divx-5,On2 VP6等 音频编码格式：Mp3,ogg,m4a,wma,wav,flac,amr,aac等 图片格式：JPEG,BMP,GIF,PNG等 音响：5W,8Ω×2(箱体） 存储介质：SD，U盘 信号接口：网络接口RJ45，wifi，3G（可选）、SIM卡选配3G或4G、USB接口2路、SD卡插槽1路 | D9: 台 | E9: 3 | H9: =F9+G9 -> 0 | I9: =E9*H9 -> 0
A10: 6 | B10: 信息发布软件 | D10: 套 | E10: 1 | H10: =F10+G10 -> 0 | I10: =E10*H10 -> 0
A11: 7 | B11: 终端授权 | D11: 套 | E11: 11 | H11: =F11+G11 -> 0 | I11: =E11*H11 -> 0
A12: 8 | B12: 六类非屏蔽双绞线 | C12: 产品规格：Cat6非屏蔽双绞线缆。 性能：23AWG线规的电缆满足250MHz条件下的传输要求，并采用带十字支撑架结构，可以有效隔离对绞线对以优化NEXT和ELFEXT性能，以保证整个布线系统的可靠性及稳定性； 标准：符合Category 6 ANSI/TIA/EIA-568-C2-1 and ISO/IEC 11801标准并可提供ETL或UL,信产部认证及相关测试报告； 芯线对数及屏蔽层：4对，每芯带有色条区别，内有线缆撕裂绳； 带宽要求：Cat6≥250MHz，支持1000 Base-T以及1000Base-TX局域网以及宽带视频应用； 电气特性：1.0-100.0MHz输入阻抗（欧姆） 100±6，100-250MHz输入阻抗（欧姆） 100±6，1.0-250.0MHz时延偏离(ns/100m) ≤45，线对对地的电容不平衡(pF/100m) ≤330，20°C条件下的导线最大直流电阻（欧姆/km）为73.2，电阻不平衡（%） ≤5； 认证：低烟无卤线缆满足 IEC60332、IEC 61034、IEC 60754标准要求，并在线缆外皮上标注符合的国际标准名称； 护套标识：LSZH护套，外护套印有品牌、型号规格、线规、屏蔽类型、标准号、缆型、生产序列号等信息，字迹清晰、不褪色、容易辨别，用于产品的质量回溯，并印有逆序长度标注(305~0 meter)以方便识别线缆长度； 包装：标准纸箱包装，外包装箱上印刷条形码等标识以方便业主及监理单位在不利用任何专业检测设备的前提下，就可以方便、简易、迅速的判断供应的货物是否为原厂原装正品； 水平线缆为低烟无卤LSZH产品，符合IEC60332-1阻燃等级，并提供中国信息产业部授权机构出具的第三方燃烧测试报告； 链路支持4连接，符合ANSI/TIA 568-C标准，并提供中国信息产业部授权检测机构出具的第三方传输性能测试报告； 产品需要满足元器件级别测试认证，其中双绞线，信息模块，跳线均有中国信息产业部授权检测机构或ETL出具的第三方传输性能测试报告。提供CE、ROHS、UL认证证书 | D12: 箱 | E12: 1 | H12: =F12+G12 -> 0 | I12: =E12*H12 -> 0
A13: 9 | B13: 配管 | D13: 米 | E13: 120 | H13: =F13+G13 -> 0 | I13: =E13*H13 -> 0
A14: 10 | B14: 本系统总价 | C14: 1+2+3+4+5+6+7+8+9 | I14: =SUM(I5:I13) -> 0

Sheet 照明
A1: 智能照明系统
A2: 工程：苏地2012-G-81号地块酒店区域智能化工程
A3: 序号 | B3: 项目名称描述 | C3: 技术参数 | D3: 单位 | E3: 工程量A | F3: 单价（元） | H3: 总价（元） | J3: 备注
F4: 主材B | G4: 安装费C | H4: 综合单价D=B+C | I4: 合价E=A*D
A5: 1 | B5: 4路10A开关模块 | C5: 电源要求：220-240VAC/频率50-60Hz 总线通讯及电源：CANBUS/DC12V 单通道负载：10A，支持阻性、感性负载； 开关操作100,000 次操作以上 浪涌电流120A （20 毫秒） 开关状态指示灯、通讯指示灯、电源指示灯； 总线带载量最大支持120个 支持网络时钟、天文时钟； 负载线缆最大支持10m² 总线通讯采用RJ45 端口； 运行温度范围0˚C 到45˚C 工作湿度范围相对湿度0-95%，无冷凝 产品特点 • 提供4个10A 开关输出通道，并配置堵路断路器。 • 触点无火花，常开模式，具备抗干扰隔离 • 支持回路异常报警，回路运行时间记录； • 支持离线运行，如果总线丢失，仍然会保留状态。 • 标准配电箱安装。 • 符合CE（ 欧盟） 标准。执行标准号如AS/ NZ1044:1995、EN55014-1:1993、IEC 60669-2-1 : 2002 等 | D5: 个 | E5: 14 | H5: =F5+G5 -> 0 | I5: =E5*H5 -> 0
A6: 2 | B6: 8路10A开关模块 | C6: 电源要求：220-240VAC/频率50-60Hz 总线通讯及电源：CANBUS/DC12V 单通道负载：10A，支持阻性、感性负载； 开关操作100,000 次操作以上 浪涌电流120A （20 毫秒） 开关状态指示灯、通讯指示灯、电源指示灯； 总线带载量最大支持120个 支持网络时钟、天文时钟； 负载线缆最大支持10m² 总线通讯采用RJ45 端口； 运行温度范围0˚C 到45˚C 工作湿度范围相对湿度0-95%，无冷凝 产品特点 • 提供8个10A 开关输出通道，并配置堵路断路器。 • 触点无火花，常开模式，具备抗干扰隔离 • 支持回路异常报警，回路运行时间记录； • 支持离线运行，如果总线丢失，仍然会保留状态。 • 标准配电箱安装。 • 符合CE（ 欧盟） 标准。执行标准号如AS/ NZ1044:1995、EN55014-1:1993、IEC 60669-2-1 : 2002 等 | D6: 个 | E6: 7 | H6: =F6+G6 -> 0 | I6: =E6*H6 -> 0
A7: 4 | B7: 智能控制面板 | C7: 技术信息 总线通讯及电源：CANBUS/DC12V 总线带载量最大支持120个 状态指示灯可编程，橙色和蓝色（或定制颜色） 安装方式：标准86底盒安装 面板颜色支持定制 运行温度范围0˚C 到40˚C 工作湿度范围相对湿度0-95%，无冷凝 产品特点 • 支持8个可编程按键。 • 带有双色指示灯并有夜灯功能。 | D7: 个 | E7: 34 | H7: =F7+G7 -> 0 | I7: =E7*H7 -> 0
A8: 5 | B8: 照度传感器 | C8: 技术信息 总线通讯及电源：CANBUS/DC12V 总线带载量最大支持120个 亮度测量可编程调节，0-65535 勒克斯 定时器分辨率1 秒 光阀值调整0-65535 勒克斯 安装方式齐平吸顶安装 符合标准AS/NZS CISPR 22；IEC CISPR 22 和CISPR 24； EN 55022 和 EN 55024；RoHS 运行温度范围5.C 到50.C 工作湿度范围相对湿度10 - 90%，无冷凝 | D8: 个 | E8: 13 | H8: =F8+G8 -> 0 | I8: =E8*H8 -> 0
A9: 6 | B9: 智能网关 | C9: 技术信息 总线通讯及电源：CANBUS/DC12V 开关状态指示灯、通讯指示灯、电源指示灯； 支持TCP联网，联网最大支持量255个 支持网络时钟、天文时钟； 总线通讯采用RJ45 端口； 运行温度范围0˚C 到45˚C 工作湿度范围相对湿度0-95%，无冷凝 支持第三方设备端口，如RS485/RS232 支持USB接口设置与更新 运行温度范围0˚C 到45˚C 工作湿度范围相对湿度10 - 95% 产品特点 • 支持控制逻辑自定义。 • 支持日程、逻辑和场景自定义。 • 支持控制回路运行管理。 • 符合CE（欧盟）标准。 | D9: 个 | E9: 1 | H9: =F9+G9 -> 0 | I9: =E9*H9 -> 0
A10: 7 | B10: 系统电源 | C10: 输出范围：12V/8.5A；效率：88%；输入电压：85～264VAC/120～370VDC；过载保护：过电流点在105%～160%时恒流限流自动复原；安装方式：DIN35mm导轨安装 | D10: 个 | E10: 5 | H10: =F10+G10 -> 0 | I10: =E10*H10 -> 0
A11: 9 | B11: PCMS管理软件 | C11: PCMS管理软件采用图形可视化界面，支持互联网远程控制与管理； PCMS管理软件支持用户权限管理，不受客户端数量限制； 支持控制回路异常报警。控住回路运行曲线。灯具使用寿命记录及开关次数记录。 支持控制逻辑自定义，通过客户端新建、更改、设置，控制场景、事件和日程。 软件采用TCP/IP方式组网； | D11: 套 | E11: 1 | H11: =F11+G11 -> 0 | I11: =E11*H11 -> 0
A12: 11 | B12: 服务器 | C12: E5-2620V4*2/16G*4/4T SAS*3热/H730-1G/DVD/750W双电/导轨 | D12: 台 | E12: 1 | H12: =F12+G12 -> 0 | I12: =E12*H12 -> 0
A13: 12 | B13: 6类4对非屏蔽双绞线，低烟无卤 | C13: 产品规格：Cat6非屏蔽双绞线缆。 性能：23AWG线规的电缆满足250MHz条件下的传输要求，并采用带十字支撑架结构，可以有效隔离对绞线对以优化NEXT和ELFEXT性能，以保证整个布线系统的可靠性及稳定性； 标准：符合Category 6 ANSI/TIA/EIA-568-C2-1 and ISO/IEC 11801标准并可提供ETL或UL,信产部认证及相关测试报告； 芯线对数及屏蔽层：4对，每芯带有色条区别，内有线缆撕裂绳； 带宽要求：Cat6≥250MHz，支持1000 Base-T以及1000Base-TX局域网以及宽带视频应用； 电气特性：1.0-100.0MHz输入阻抗（欧姆） 100±6，100-250MHz输入阻抗（欧姆） 100±6，1.0-250.0MHz时延偏离(ns/100m) ≤45，线对对地的电容不平衡(pF/100m) ≤330，20°C条件下的导线最大直流电阻（欧姆/km）为73.2，电阻不平衡（%） ≤5； 认证：低烟无卤线缆满足 IEC60332、IEC 61034、IEC 60754标准要求，并在线缆外皮上标注符合的国际标准名称； 护套标识：LSZH护套，外护套印有品牌、型号规格、线规、屏蔽类型、标准号、缆型、生产序列号等信息，字迹清晰、不褪色、容易辨别，用于产品的质量回溯，并印有逆序长度标注(305~0 meter)以方便识别线缆长度； 包装：标准纸箱包装，外包装箱上印刷条形码等标识以方便业主及监理单位在不利用任何专业检测设备的前提下，就可以方便、简易、迅速的判断供应的货物是否为原厂原装正品； 水平线缆为低烟无卤LSZH产品，符合IEC60332-1阻燃等级，并提供中国信息产业部授权机构出具的第三方燃烧测试报告； 链路支持4连接，符合ANSI/TIA 568-C标准，并提供中国信息产业部授权检测机构出具的第三方传输性能测试报告； 产品需要满足元器件级别测试认证，其中双绞线，信息模块，跳线均有中国信息产业部授权检测机构或ETL出具的第三方传输性能测试报告。 | D13: 箱 | E13: 8 | H13: =F13+G13 -> 0 | I13: =E13*H13 -> 0
A14: 13 | B14: 镀锌管JDG20（含开槽、支架、防火涂料等） | C14: JDG20 | D14: 米 | E14: 600 | H14: =F14+G14 -> 0 | I14: =E14*H14 -> 0
A15: 14 | B15: 本系统总价 | C15: 1+2+3+4+5+6+7+8+9+…+13 | I15: =SUM(I5:I14) -> 0

Sheet 楼控
A1: 楼宇设备自动控制系统
A2: 工程：苏地2012-G-81号地块酒店区域智能化工程
A3: 序号 | B3: 项目名称描述 | C3: 技术参数 | D3: 单位 | E3: 工程量A | F3: 单价（元） | H3: 总价（元） | J3: 备注
F4: 主材B | G4: 安装费C | H4: 综合单价D=B+C | I4: 合价E=A*D
A5: A项：中央管理系统 | I5: =SUM(I6:I11) -> 0
A6: 1 | B6: BAS管理服务器 | C6: 机架式1U服务器：至强处理器 Intel® Xeon E3-1220 v6/1*8G 2133 ECCDDR4 内存/1TB（7.2K SATA3.5寸 硬盘/最大支持 2 块 3.5 英寸非热插拔盘，可选最大支持 4 块 2.5 英寸非热插拔硬盘/DVD光驱/集成网卡/外部设备接口：8 个 USB 2.0 接口 (2 前 6 后)；1 个 VGA 接口/1 个显示接口/1 个串口/导轨/300W电源/3年保修 | D6: 台 | E6: 1 | H6: =F6+G6 -> 0 | I6: =E6*H6 -> 0
A7: 2 | B7: BAS管理工作站 | C7: 第八代处理 Intel Core I5-8500 3.0Ghz（6C,9M）/4G DDR4 2400/1TB 7200RPM 3.5"硬盘/集成千兆网卡/1G 独立显卡/DVD光驱/USB接口：前6后4/USB键盘鼠标/180W电源/WIN10 PRO 64位系统/联想19.5"WLED显示器/3年全国保修 | D7: 台 | E7: 1 | H7: =F7+G7 -> 0 | I7: =E7*H7 -> 0
A8: 3 | B8: 打印机 | C8: 彩色办公无线打印机 自动双面打印 无线直连 黑白(最佳)：最高1200x1200dpi的最佳分辨率(使用普通纸张，输入分辨率为600 x 600 dpi)； 彩色(最佳)：最高2400x1200dpi 的最佳分辨率(使用惠普高级相纸，输入分辨率为600 x 600 dpi),黑白：最快34页/分钟(草稿模式，A4)；最快22页/分钟(ISO模式，堪比激光打印)； 双面打印 (A4)：最快12页/分钟；彩色：最快34页/分钟(草稿模式，A4)；最快18页/分钟(ISO模式，堪比激光打印)； 双面打印 (A4)：最快10 页/分钟,P 955黑色原装耗材、HP 955青色原装耗材、HP 955品红色原装耗材、HP 955黄色原装耗材；HP 955XL高容量黑色、青色、品红色、黄色原装耗材 | D8: 台 | E8: 1 | H8: =F8+G8 -> 0 | I8: =E8*H8 -> 0
B9: 交换机 | C9: 24口10/100/1000M自适应电口，4个SFP光口，固化单交流电源，无风扇 | D9: 台 | E9: 1 | H9: =F9+G9 -> 0 | I9: =E9*H9 -> 0
A10: 4 | B10: 中央管理软件 | C10: 系统规模501-2000点，具有OPC、BACnet等集成功能 | D10: 套 | E10: 1 | H10: =F10+G10 -> 0 | I10: =E10*H10 -> 0
A11: 6 | B11: 控制器编程软件 | C11: 模块化编程软件 | D11: 套 | E11: 1 | H11: =F11+G11 -> 0 | I11: =E11*H11 -> 0
A12: B项：DDC控制器及箱体 | I12: =SUM(I13:I23) -> 0
A13: 1 | B13: CPU | C13: 32位BACnet控制器（14UI+6DO+4AO） | D13: 台 | E13: 17 | H13: =F13+G13 -> 0 | I13: =E13*H13 -> 0
A14: 2 | B14: 多功能模块 | C14: DDC多功能扩展模块（4UI+3DO+4AO） | D14: 台 | E14: 13 | H14: =F14+G14 -> 0 | I14: =E14*H14 -> 0
A15: 3 | B15: 多功能模块 | C15: DDC多功能扩展模块（10UI+6DO） | D15: 台 | E15: 3 | H15: =F15+G15 -> 0 | I15: =E15*H15 -> 0
A16: 4 | B16: 多功能模块 | C16: DDC多功能扩展模块（10UI） | D16: 台 | E16: 1 | H16: =F16+G16 -> 0 | I16: =E16*H16 -> 0
A17: 5 | B17: 数字输入模块 | C17: 数字输入24V DC（10DI） | D17: 台 | E17: 44 | H17: =F17+G17 -> 0 | I17: =E17*H17 -> 0
A18: 6 | B18: Modbus接口模块 | C18: BUS module interface Modbus | D18: 台 | E18: 7 | H18: =F18+G18 -> 0 | I18: =E18*H18 -> 0
A19: 7 | B19: BACnet License | C19: 每个ems2控制器配一个BACnet License | D19: 台 | E19: =SUM(E13) -> 17 | H19: =F19+G19 -> 0 | I19: =E19*H19 -> 0
A20: 8 | B20: Module License | C20: 每个模块配一个Module License | D20: 台 | E20: =SUM(E14:E18) -> 68 | H20: =F20+G20 -> 0 | I20: =E20*H20 -> 0
A21: 9 | B21: DDC箱体500*700 | C21: 500*700，含箱体，电源、变压器、快融保险丝、接线排子、继电器底座及单元、及内部接线等控制附件 | D21: 台 | E21: 3 | H21: =F21+G21 -> 0 | I21: =E21*H21 -> 0
A22: 10 | B22: DDC箱体600*800 | C22: 600*800，含箱体，电源、变压器、快融保险丝、接线排子、继电器底座及单元、及内部接线等控制附件 | D22: 台 | E22: 7 | H22: =F22+G22 -> 0 | I22: =E22*H22 -> 0
A23: 11 | B23: DDC箱体800*1000 | C23: 800*1000，含箱体，电源、变压器、快融保险丝、接线排子、继电器底座及单元、及内部接线等控制附件 | D23: 台 | E23: 7 | H23: =F23+G23 -> 0 | I23: =E23*H23 -> 0
A24: C项：现场设备 | I24: =SUM(I25:I35) -> 0
A25: 1 | B25: 超声波流量计 | C25: 用途：用于测量水管内的水流量；参数：4-20mA输出 | D25: 台 | E25: 5 | H25: =F25+G25 -> 0 | I25: =E25*H25 -> 0
A26: 2 | B26: 防冻开关 | C26: 用途：在水管中低于一定温度后进行防冻开关作用；参数：开关动作：单刀双掷；毛细管长度：3m | D26: 台 | E26: 22 | H26: =F26+G26 -> 0 | I26: =E26*H26 -> 0
A27: 3 | B27: 空气压差开关 | C27: 用途：测量空气/风机压差；参数：50-500Pa | D27: 台 | E27: 66 | H27: =F27+G27 -> 0 | I27: =E27*H27 -> 0
A28: 4 | B28: 水流量开关 | C28: 用途：测量水管内的水流状态；允许最大压力2.5MPa | D28: 台 | E28: 3 | H28: =F28+G28 -> 0 | I28: =E28*H28 -> 0
A29: 5 | B29: 液位开关 | C29: 用途：用于测量集水坑或生活水箱内的高中低液位；参数：16(4)A，250V AC；5M电缆 | D29: 台 | E29: 50 | H29: =F29+G29 -> 0 | I29: =E29*H29 -> 0
A30: 6 | B30: 水管压力变送器 | C30: 用途：测量水管压力；参数：0-40Bar，0-10V输出 | D30: 台 | E30: 4 | H30: =F30+G30 -> 0 | I30: =E30*H30 -> 0
A31: 7 | B31: 风管型温度传感器 | C31: 用途：测量风管温度；参数：PT1000铂电阻输出 | D31: 台 | E31: 13 | H31: =F31+G31 -> 0 | I31: =E31*H31 -> 0
A32: 8 | B32: 风管型CO2变送器 | C32: 用途：测量风管内的二氧化碳浓度；参数：0-2000ppm，4-20mA/0-10V输出 | D32: 台 | E32: 9 | H32: =F32+G32 -> 0 | I32: =E32*H32 -> 0
A33: 9 | B33: 风管型温湿度变送器 | C33: 用途：测量风管的温度和湿度；参数：温度PT1000；湿度0-100%RH，0-10V输出 | D33: 台 | E33: 18 | H33: =F33+G33 -> 0 | I33: =E33*H33 -> 0
A34: 10 | B34: 水管型温度传感器 | C34: 用途：测量水管温度；参数：PT1000铂电阻输出 | D34: 台 | E34: 16 | H34: =F34+G34 -> 0 | I34: =E34*H34 -> 0
A35: 11 | B35: 室内型CO变送器 | C35: 用途：测量室内的一氧化碳浓度；参数：0-100ppm，4-20mA/0-10V输出 | D35: 台 | E35: 2 | H35: =F35+G35 -> 0 | I35: =E35*H35 -> 0
A36: D项：接口软件包 | I36: =SUM(I37:I44) -> 0
A37: 1 | B37: 变配电系统集成接口 | C37: 定制开发 | D37: 个 | E37: 1 | H37: =F37+G37 -> 0 | I37: =E37*H37 -> 0
A38: 2 | B38: 智能照明系统集成接口 | C38: 定制开发 | D38: 个 | E38: 1 | H38: =F38+G38 -> 0 | I38: =E38*H38 -> 0
A39: 3 | B39: 冷源系统集成接口 | C39: 定制开发 | D39: 个 | E39: 1 | H39: =F39+G39 -> 0 | I39: =E39*H39 -> 0
A40: 4 | B40: 锅炉系统集成接口 | C40: 定制开发 | D40: 个 | E40: 1 | H40: =F40+G40 -> 0 | I40: =E40*H40 -> 0
A41: 5 | B41: 泳池专用空调系统集成接口 | C41: 定制开发 | D41: 个 | E41: 1 | H41: =F41+G41 -> 0 | I41: =E41*H41 -> 0
A42: 6 | B42: VRV空调系统集成接口 | C42: 定制开发 | D42: 个 | E42: 1 | H42: =F42+G42 -> 0 | I42: =E42*H42 -> 0
A43: 7 | B43: 电梯系统集成接口 | C43: 定制开发 | D43: 个 | E43: 1 | H43: =F43+G43 -> 0 | I43: =E43*H43 -> 0
A44: 8 | B44: 调试费 | D44: 项 | E44: 1 | H44: =F44+G44 -> 0 | I44: =E44*H44 -> 0
A45: E项：线材线管部分 | I45: =SUM(I46:I56) -> 0
A46: 1 | B46: 数字信号线RVV2*1.0 | C46: RVV线缆 | D46: 米 | E46: 7800 | H46: =F46+G46 -> 0 | I46: =E46*H46 -> 0
A47: 2 | B47: 数字信号线RVV6*1.0 | C47: RVV线缆 | D47: 米 | E47: 200 | H47: =F47+G47 -> 0 | I47: =E47*H47 -> 0
A48: 3 | B48: 数字信号线RVV8*1.0 | C48: RVV线缆 | D48: 米 | E48: 150 | H48: =F48+G48 -> 0 | I48: =E48*H48 -> 0
A49: 4 | B49: 模拟信号线RVVP2*1.0 | C49: RVVP线缆 | D49: 米 | E49: 3600 | H49: =F49+G49 -> 0 | I49: =E49*H49 -> 0
A50: 5 | B50: 模拟信号线RVVP4*1.0 | C50: RVVP线缆 | D50: 米 | E50: 150 | H50: =F50+G50 -> 0 | I50: =E50*H50 -> 0
A51: 6 | B51: 通讯总线RVSP2*1.0 | C51: RVVPS 线缆 | D51: 米 | E51: 3000 | H51: =F51+G51 -> 0 | I51: =E51*H51 -> 0
A52: 7 | B52: 电源线RVV2*1.0 | C52: RVV线缆 | D52: 米 | E52: 200 | H52: =F52+G52 -> 0 | I52: =E52*H52 -> 0
A53: 8 | B53: 电源线BV3*2.5 | C53: BVV线缆 | D53: 米 | E53: 600 | H53: =F53+G53 -> 0 | I53: =E53*H53 -> 0
A54: 9 | B54: 镀锌管JDG20（含开槽、支架、防火涂料等） | C54: 镀锌线管 | D54: 米 | E54: 3600 | H54: =F54+G54 -> 0 | I54: =E54*H54 -> 0
A55: 10 | B55: 镀锌管JDG25（含开槽、支架、防火涂料等） | C55: 镀锌线管 | D55: 米 | E55: 500 | H55: =F55+G55 -> 0 | I55: =E55*H55 -> 0
A56: 11 | B56: 桥架50*50 | C56: 镀锌桥架安装，含普通支架，不含抗震支架 | D56: 米 | E56: 500 | H56: =F56+G56 -> 0 | I56: =E56*H56 -> 0
A57: F | B57: 本系统总价 | C57: A+B+C+D+E | I57: =I5+I12+I24+I36+I45 -> 0

Sheet 计量
A1: 能耗计量管理系统
A2: 工程：苏地2012-G-81号地块酒店区域智能化工程
A3: 序号 | B3: 项目名称描述 | C3: 技术参数 | D3: 单位 | E3: 工程量A | F3: 单价（元） | H3: 总价（元） | J3: 备注
F4: 主材B | G4: 安装费C | H4: 综合单价D=B+C | I4: 合价E=A*D
A5: 一 | B5: 中央控制室 | I5: =SUM(I6:I10) -> 0
A6: 1 | B6: 电脑服务器 | C6: 产品类型：机架式； 产品结构：2U； CPU系列：Intel,至强处理器E5系列； 主板芯片组：Intel C610； 内存类型：DDR4,DDR4 2133MHz ECC 四通道内存； 标配内存：4G； 内存插槽数：16； 最大硬盘容量：总计最高可配14个硬盘:12个3.5寸热插拔普通硬盘/固态硬盘加最多2个2.5寸内置有线普通硬盘/固态硬盘； 存储控制器：PERC H330、PERC H730、PERC H730P； 支持硬盘热插拔； 网卡：双端口千兆网卡； 机箱托架：12个3.5寸热插拔加2个2.5寸内置有线普通硬盘/固态硬盘； 电源：拔PSU,最多2个； 最大功率：495W； 管理工具：符合IPMI 2.0标准，Dell OpenManage Essentials ，Dell OpenManage Mobile，Dell OpenManage Power Center； 尺寸：88.9×444.5×698.5mm； | D6: 台 | E6: 1 | H6: =F6+G6 -> 0 | I6: =E6*H6 -> 0
A7: 2 | B7: 打印机 | C7: 产品类型：黑白激光打印机； 产品定位：个人办公/商用高效； 最大打印幅面：A4； 最高分辨率：最佳：600×600dpi（图像增强可达4800×600dpi）、精细：1200×1200dpi； 黑白打印速度：正常模式(A4)：38ppm，正常模式(letter)：40ppm，双面打印(A4)：30ppm，双面打印(letter)：32ppm； 处理器：1200MHz； 内存：标配：128MB，最大：128MB； 双面打印：手动； | D7: 台 | E7: 1 | H7: =F7+G7 -> 0 | I7: =E7*H7 -> 0
A8: 3 | B8: 建筑能源管理系统平台 | C8: 基于B/S架构的区域级云能源管理系统基础平台软件，具有设备监控、能源计量计费、报表管理、权限管理、日志管理等功能。提供能耗分析方案组态模块和能耗分析功能模块，支持能耗分析公式编辑，支持能耗分类分项能耗数据分项，支持能耗数据图表展示。 | D8: 套 | E8: 1 | H8: =F8+G8 -> 0 | I8: =E8*H8 -> 0
A9: 4 | B9: 建筑能源管理系统软件OPC服务端 | C9: 配合BCEMS5.0系统提供OPC DA Server方式与第三方系统集成,实现第三方系统获取BCEMS系统的仪表数据和报警信息。（注：要与BCEMS5.0系统通讯，所在电脑需提供Internet网络访问权限） | D9: 套 | E9: 1 | H9: =F9+G9 -> 0 | I9: =E9*H9 -> 0
A10: 5 | B10: 能耗数据上传模块 | C10: 配合BCEMS5.0系统，提供基于http方式api接口，采用http post、http get 方式进行数据交互。实现第三方系统获取BCEMS系统的仪表数据和报警信息。（注：第三方系统需具有Internet网络访问权限） | D10: 套 | E10: 1 | H10: =F10+G10 -> 0 | I10: =E10*H10 -> 0
A11: 二 | B11: 数据采集层 | I11: =SUM(I12) -> 0
A12: 1 | B12: 能耗数据采集器 | C12: 额定电压：DC24V（现场提供）额定功率：3.5W FMU-09-TC-5R支持5路RS485的仪表采集通道； 每路通道最多管理32个仪表；每路通道协议可单独配置；每路通道的仪表必须为同一类型仪表（仪表厂家、仪表种类和仪表协议相同）；上行TCP连接； 下行Rs485通信接口，可选配Rs485转M-BUS转换器支持M-BUS总线；下行总线支持柏诚一体化协议、Modbus RTU、DL/T645-1997、DL/T645-2007、CJ/T 188-2004、En1434等通信协议。 | D12: 台 | E12: 2 | H12: =F12+G12 -> 0 | I12: =E12*H12 -> 0
A13: 三 | B13: 空调计量系统 | I13: =SUM(I14:I17) -> 0
A14: 1 | B14: 电磁热量表 | C14: 1、通信接口：RS485 2、通讯协议：MODBUS RTU协议 3、流量计供电：AC220V 、 DC 24V 4、计算器安装方式：一体式安装 或 分体式安装（流量计线长最短5米，每米按12元结算） 4、温度范围：(2～95)℃ 温差范围：(2～85)K 5、防护等级：IP65 压力等级：PN16 6、精度等级：2级 | D14: 台 | E14: 1 | H14: =F14+G14 -> 0 | I14: =E14*H14 -> 0
A15: 2 | B15: 电磁热量表 | C15: 1、通信接口：RS485 2、通讯协议：MODBUS RTU协议 3、流量计供电：AC220V 、 DC 24V 4、计算器安装方式：一体式安装 或 分体式安装（流量计线长最短5米，每米按12元结算） 4、温度范围：(2～95)℃ 温差范围：(2～85)K 5、防护等级：IP65 压力等级：PN16 6、精度等级：2级 | D15: 台 | E15: 2 | H15: =F15+G15 -> 0 | I15: =E15*H15 -> 0
A16: 3 | B16: 电磁热量表 | C16: 1、通信接口：RS485 2、通讯协议：MODBUS RTU协议 3、流量计供电：AC220V 、 DC 24V 4、计算器安装方式：一体式安装 或 分体式安装（流量计线长最短5米，每米按12元结算） 4、温度范围：(2～95)℃ 温差范围：(2～85)K 5、防护等级：IP65 压力等级：PN16 6、精度等级：2级 | D16: 台 | E16: 3 | H16: =F16+G16 -> 0 | I16: =E16*H16 -> 0
A17: 4 | B17: 电磁热量表 | C17: 1、通信接口：RS485 2、通讯协议：MODBUS RTU协议 3、流量计供电：AC220V 、 DC 24V 4、计算器安装方式：一体式安装 或 分体式安装（流量计线长最短5米，每米按12元结算） 4、温度范围：(2～95)℃ 温差范围：(2～85)K 5、防护等级：IP65 压力等级：PN16 6、精度等级：2级 | D17: 台 | E17: 1 | H17: =F17+G17 -> 0 | I17: =E17*H17 -> 0
A18: 四 | B18: 水计量系统 | C18: （以下水表由空调单位供货，智能化负责接驳调试） | I18: =SUM(I19:I23) -> 0
A19: 1 | B19: 智能冷水表 | C19: 网络直读式水表:用直读式网络水表，带RS485通信接口，符合国家或行业相关标准，水表精度B级，通信协议为标准的Modbus协议，通信协议可开放给第三方集成 | D19: 台 | E19: 1 | H19: =F19+G19 -> 0 | I19: =E19*H19 -> 0
A20: 2 | B20: 智能冷水表 | C20: 网络直读式水表:用直读式网络水表，带RS485通信接口，符合国家或行业相关标准，水表精度B级，通信协议为标准的Modbus协议，通信协议可开放给第三方集成 | D20: 台 | E20: 3 | H20: =F20+G20 -> 0 | I20: =E20*H20 -> 0
A21: 3 | B21: 智能冷水表 | C21: 网络直读式水表:用直读式网络水表，带RS485通信接口，符合国家或行业相关标准，水表精度B级，通信协议为标准的Modbus协议，通信协议可开放给第三方集成 | D21: 台 | E21: 1 | H21: =F21+G21 -> 0 | I21: =E21*H21 -> 0
A22: 4 | B22: 智能冷水表 | C22: 网络直读式水表:用直读式网络水表，带RS485通信接口，符合国家或行业相关标准，水表精度B级，通信协议为标准的Modbus协议，通信协议可开放给第三方集成 | D22: 台 | E22: 3 | H22: =F22+G22 -> 0 | I22: =E22*H22 -> 0
A23: 5 | B23: 智能冷水表 | C23: 网络直读式水表:用直读式网络水表，带RS485通信接口，符合国家或行业相关标准，水表精度B级，通信协议为标准的Modbus协议，通信协议可开放给第三方集成 | D23: 台 | E23: 1 | H23: =F23+G23 -> 0 | I23: =E23*H23 -> 0
A24: 五 | B24: 管线及附材 | I24: =SUM(I25:I26) -> 0
A25: 1 | B25: 通讯线缆RVVSP2*1.0 | C25: RVVPS 线缆 | D25: 米 | E25: 1000 | H25: =F25+G25 -> 0 | I25: =E25*H25 -> 0
A26: 2 | B26: 镀锌管JDG20（含开槽、支架、防火涂料等） | C26: θ20*1.2 | D26: 米 | E26: 200 | H26: =F26+G26 -> 0 | I26: =E26*H26 -> 0
A27: 六 | B27: 本系统总价 | C27: （一）+（二）+（三）+（四）+（五） | I27: =I5+I11+I13+I18+I24 -> 0

Sheet 机房工程
A1: 机房工程系统
A2: 工程：苏地2012-G-81号地块酒店区域智能化工程
A3: 序号 | B3: 项目名称描述 | C3: 技术参数 | D3: 单位 | E3: 工程量A | F3: 单价（元） | H3: 总价（元） | J3: 备注
F4: 主材B | G4: 安装费C | H4: 综合单价D=B+C | I4: 合价E=A*D
A5: A | B5: 消控机房79.6平方 37.4米周长 | I5: =SUM(I6:I55) -> 0
A6: 一 | B6: 装修工程
A7: 1 | B7: 600×600mm铝合金喷塑面方型吊顶 | C7: 600*600*0.6mm，600mm×600mm铝合金板吊顶(浅色调，矩型材料，铝合金厚度为0.8mm)。材料具有轻质、强度高、防火、防潮、不吸尘、不燃烧、无色差、平整度好、便于拆装、便于顶内维修。 | D7: 平方 | E7: 80 | H7: =F7+G7 -> 0 | I7: =E7*H7 -> 0
A8: 2 | B8: 吊顶基层龙骨 | C8: 50# | D8: 平方 | E8: 80 | H8: =F8+G8 -> 0 | I8: =E8*H8 -> 0
A9: 3 | B9: 铝合金收边条 | C9: L型 | D9: 米 | E9: 40 | H9: =F9+G9 -> 0 | I9: =E9*H9 -> 0
A10: 4 | B10: 防水涂料于顶板 | C10: 环保环氧树脂涂布二遍 | D10: 平方 | E10: 0 | H10: =F10+G10 -> 0 | I10: =E10*H10 -> 0
A11: 5 | B11: 乳胶漆于顶板 | C11: 三遍 | D11: 平方 | E11: 0 | H11: =F11+G11 -> 0 | I11: =E11*H11 -> 0
A12: 6 | B12: 防水涂料于墙面 | C12: 环保环氧树脂涂布二遍 | D12: 平方 | E12: 0 | H12: =F12+G12 -> 0 | I12: =E12*H12 -> 0
A13: 7 | B13: 乳胶漆于墙面 | C13: 三遍 | D13: 平方 | E13: 0 | H13: =F13+G13 -> 0 | I13: =E13*H13 -> 0
A14: 8 | B14: 单向双开门 | C14: 1800×2200mm | D14: 樘 | E14: 2 | H14: =F14+G14 -> 0 | I14: =E14*H14 -> 0
A15: 9 | B15: 钢质防静电架空地板 | C15: 600×600×35mm，背部十字架加强承载；HPL贴面，厚度≥1.2mm；集中荷载≥363kg；基层板防火等级：A级；表面电阻值：1*106~1*109Ω | D15: 平方 | E15: 80 | H15: =F15+G15 -> 0 | I15: =E15*H15 -> 0
A16: 10 | B16: 不锈钢踢脚线 | C16: SU304不锈钢表层，内含细木工板基层，高度100 | D16: 米 | E16: 40 | H16: =F16+G16 -> 0 | I16: =E16*H16 -> 0
A17: 11 | B17: 地面防尘、防潮处理 | C17: 环保环氧树脂涂布二遍 | D17: 平方 | E17: 80 | H17: =F17+G17 -> 0 | I17: =E17*H17 -> 0
A18: 二 | B18: 配电工程 | H18: =F18+G18 -> 0 | I18: =E18*H18 -> 0
A19: 1 | B19: 市电配电柜 | C19: 65KW/32KW,125A，ATS OS100*2，C65N*12 | D19: 套 | E19: 1 | H19: =F19+G19 -> 0 | I19: =E19*H19 -> 0
A20: 2 | B20: 市电二\ 三级插座 | C20: 10A 250V | D20: 个 | E20: 8 | H20: =F20+G20 -> 0 | I20: =E20*H20 -> 0
A21: 3 | B21: 600×600mm格栅灯 | C21: 3×14W T5 带90分钟蓄电池 | D21: 套 | E21: 15 | H21: =F21+G21 -> 0 | I21: =E21*H21 -> 0
A22: 4 | B22: 单相三孔插座 | C22: 16A/220V | D22: 个 | E22: 8 | H22: =F22+G22 -> 0 | I22: =E22*H22 -> 0
A23: 5 | B23: 单联单控开关 | C23: 86面板开关，白色 | D23: 个 | E23: 2 | H23: =F23+G23 -> 0 | I23: =E23*H23 -> 0
A24: 6 | B24: WDZBN-BYJ-3×2.5 | C24: WDZB-BYJ-3×2.5 | D24: 米 | E24: 150 | H24: =F24+G24 -> 0 | I24: =E24*H24 -> 0
A25: 7 | B25: WDZAN-YJY-4x50+E25 | C25: WDZAN-YJY-4x50+E25 | D25: 米 | E25: 20 | H25: =F25+G25 -> 0 | I25: =E25*H25 -> 0
A26: 8 | B26: 操作台，5.4m长×1.0m宽 | C26: 5.4m长×1.0m宽 | D26: 套 | E26: 1 | H26: =F26+G26 -> 0 | I26: =E26*H26 -> 0
A27: 9 | B27: 电视墙承重支架 | C27: 国标5#槽钢 | D27: 只 | E27: 1 | H27: =F27+G27 -> 0 | I27: =E27*H27 -> 0
A28: 10 | B28: 42U标准机柜 | C28: 600*600*2000，12折型材 | D28: 台 | E28: 5 | H28: =F28+G28 -> 0 | I28: =E28*H28 -> 0
A29: 11 | B29: 机柜承重支架 | C29: 国标5#槽钢 | D29: 只 | E29: 5 | H29: =F29+G29 -> 0 | I29: =E29*H29 -> 0
A30: 12 | B30: 镀锌线槽(强电)100*100mm（含支架） | C30: 100*100 | D30: 米 | E30: 25 | H30: =F30+G30 -> 0 | I30: =E30*H30 -> 0
... A32: 14 | B32: 电线管暗配及接线盒 | C32: SC20 | D32: m | E32: 100 | H32: =F32+G32 -> 0 | I32: =E32*H32 -> 0
A33: 三 | B33: 防雷接地工程 | H33: =F33+G33 -> 0 | I33: =E33*H33 -> 0
A34: 1 | B34: 防雷系统（B级） | C34: 40KA | D34: 套 | E34: 1 | H34: =F34+G34 -> 0 | I34: =E34*H34 -> 0
A35: 2 | B35: 防雷系统（C级） | C35: 20KA | D35: 套 | E35: 2 | H35: =F35+G35 -> 0 | I35: =E35*H35 -> 0
A36: 3 | B36: 30mm宽，3mm厚紫铜带 | C36: 30*3紫铜带 | D36: 米 | E36: 20 | H36: =F36+G36 -> 0 | I36: =E36*H36 -> 0
A37: 4 | B37: 绝缘端子 | D37: 个 | E37: 40 | H37: =F37+G37 -> 0 | I37: =E37*H37 -> 0
A38: 5 | B38: 等电位箱 | D38: 只 | E38: 2 | H38: =F38+G38 -> 0 | I38: =E38*H38 -> 0
A39: 6 | B39: WDZB-BYJ-4.0 | C39: WDZB-BYJ-4.0 | D39: 米 | E39: 320 | H39: =F39+G39 -> 0 | I39: =E39*H39 -> 0
A40: 四 | B40: 空调系统工程(其他单位施工) | H40: =F40+G40 -> 0 | I40: =E40*H40 -> 0
A41: 1 | B41: 3匹柜式空调 | C41: 3P空调，落地式 | D41: 台 | E41: 0 | H41: =F41+G41 -> 0 | I41: =E41*H41 -> 0
A42: 2 | B42: 铜管 | D42: 米 | E42: 0 | H42: =F42+G42 -> 0 | I42: =E42*H42 -> 0
A43: 3 | B43: 设备承重支架 | C43: U80槽钢冷镀锌,定制 | D43: 套 | E43: 0 | H43: =F43+G43 -> 0 | I43: =E43*H43 -> 0
A44: 五 | B44: UPS系统 | H44: =F44+G44 -> 0 | I44: =E44*H44 -> 0
A45: 1 | B45: UPS配电柜 | C45: 60KW/48KW,100A | D45: 套 | E45: 1 | H45: =F45+G45 -> 0 | I45: =E45*H45 -> 0
A46: 2 | B46: 单相三孔工业连接器 | C46: 32A | D46: 个 | E46: 20 | H46: =F46+G46 -> 0 | I46: =E46*H46 -> 0
A47: 3 | B47: UPS配电线WDZAN-YJY-3x4 | C47: WDZAN-YJY-3x4 | D47: 米 | E47: 105 | H47: =F47+G47 -> 0 | I47: =E47*H47 -> 0
A48: 4 | B48: UPS配电线WDZAN-YJY-3x6 | C48: WDZAN-YJY-3x6 | D48: 米 | E48: 1000 | H48: =F48+G48 -> 0 | I48: =E48*H48 -> 0
A49: 5 | B49: UPS电源 | C49: 1、额定功率:60KVA/54KW，输出功率因数≥0.9. 2、输入参数， 输入电压:380V； 功率因数:>0.98； 谐波电流:<5%； ▲频率范围:40Hz-70Hz； 3、▲系统整流逆变效率≥94%，节能模式≥99%。 4、输出参数， 额定电压:380/400VAC 稳压精度:±1%。 过载能力：105%，长期运行；125%，10min。 5、▲拥有ABM智能化“三阶”式电池充放电管理系统。同时ABM能在线对电池进行诊断，并可对电池系统故障提前报警，提高了系统的可靠性。 6、▲提供制造商盖章的针对本项目的授权书及不低于三年免费保修的售后服务承诺函。 7、▲投标人所提供UPS电源具有工信部泰尔认证证书及产品测试报告，提供制造商盖章复印件。 8、▲并机系统采用热同步并机(Hot-Sync)专利控制技术，实现了在保证并机系统中每台UPS的输出同步、负载均分的同时，减少并机系统的单点故障，最大限度地保证并机的可靠性和冗余性。。 | D49: 台 | E49: 1 | H49: =F49+G49 -> 0 | I49: =E49*H49 -> 0
A50: 6 | B50: 铅酸免维护蓄电池 | C50: 1、12V-100AH，10小时率，满足60KVA后备延长2小时。 2、▲蓄电池需提供OPzV管式胶体泰尔认证证书及产品测试报告，提供制造商盖章复印件。 3、▲提供制造商盖章的针对本项目的授权书及不低于五年免费保修的售后服务承诺函。 4、▲投标人所提供的蓄电池产品非OEM产品，需提供制造商蓄电池全国工业产品生产许可证及国家质检总局网站(www.aqsiq.gov.cn)查询截图，并由制造商盖章。 5、在环境温度20℃--25℃时的浮充寿命8~12年 6、▲为防止蓄电池在运输过程中由于碰撞造成蓄电池裂缝导致电池使用过程中漏液造成短路引发重大事故，电池需具备防漏液技术，不接受防漏液托盘（请提供相关防漏液国家级技术证明文件，复印件盖厂家盖章）。 7、蓄电池静置90天后，其容量保存率不低于90%。 | D50: 节 | E50: 128 | H50: =F50+G50 -> 0 | I50: =E50*H50 -> 0
A51: 7 | B51: 电池柜 | C51: 可装32只12V100AH蓄电池 | D51: 套 | E51: 4 | H51: =F51+G51 -> 0 | I51: =E51*H51 -> 0
A52: 8 | B52: 电池直流开关 | C52: DC200A/3P*1，DC100A/3P*4 | D52: 套 | E52: 4 | H52: =F52+G52 -> 0 | I52: =E52*H52 -> 0
A53: 9 | B53: 电池连接线 | C53: BVR50平方电缆，含铜端子 | D53: 套 | E53: 4 | H53: =F53+G53 -> 0 | I53: =E53*H53 -> 0
A54: 10 | B54: UPS接线电缆 | C54: ZRYJV-4*35+1*16mm2 | D54: 米 | E54: 20 | H54: =F54+G54 -> 0 | I54: =E54*H54 -> 0
A55: 11 | B55: 设备承重散力架 | C55: 配套UPS和电池柜 | D55: 套 | E55: 5 | H55: =F55+G55 -> 0 | I55: =E55*H55 -> 0
A56: B | B56: 通信机房及有线电视机房76.1平方 43.8米周长 | I56: =SUM(I57:I103) -> 0
A57: 一 | B57: 装修工程 | H57: =F57+G57 -> 0 | I57: =E57*H57 -> 0
A58: 1 | B58: 600×600mm铝合金喷塑面方型吊顶 | C58: 600*600*0.6mm，600mm×600mm铝合金板吊顶(浅色调，矩型材料，铝合金厚度为0.8mm)。材料具有轻质、强度高、防火、防潮、不吸尘、不燃烧、无色差、平整度好、便于拆装、便于顶内维修。 | D58: 平方 | E58: 80 | H58: =F58+G58 -> 0 | I58: =E58*H58 -> 0
A59: 2 | B59: 吊顶基层龙骨 | C59: 50# | D59: 平方 | E59: 80 | H59: =F59+G59 -> 0 | I59: =E59*H59 -> 0
A60: 3 | B60: 铝合金收边条 | C60: L型 | D60: 米 | E60: 50 | H60: =F60+G60 -> 0 | I60: =E60*H60 -> 0
A61: 4 | B61: 防水涂料于顶板 | C61: 环保环氧树脂涂布二遍 | D61: 平方 | E61: 0 | H61: =F61+G61 -> 0 | I61: =E61*H61 -> 0
A62: 5 | B62: 乳胶漆于顶板 | C62: 三遍 | D62: 平方 | E62: 0 | H62: =F62+G62 -> 0 | I62: =E62*H62 -> 0
A63: 6 | B63: 防水涂料于墙面 | C63: 环保环氧树脂涂布二遍 | D63: 平方 | E63: 0 | H63: =F63+G63 -> 0 | I63: =E63*H63 -> 0
A64: 7 | B64: 乳胶漆于墙面 | C64: 三遍 | D64: 平方 | E64: 0 | H64: =F64+G64 -> 0 | I64: =E64*H64 -> 0
A65: 8 | B65: 双向双开门 | C65: 1800×2200mm | D65: 樘 | E65: 1 | H65: =F65+G65 -> 0 | I65: =E65*H65 -> 0
A66: 9 | B66: 钢质防静电架空地板 | C66: 600×600×35mm，背部十字架加强承载；HPL贴面，厚度≥1.2mm；集中荷载≥363kg；基层板防火等级：A级；表面电阻值：1*106~1*109Ω | D66: 平方 | E66: 80 | H66: =F66+G66 -> 0 | I66: =E66*H66 -> 0
A67: 10 | B67: 不锈钢踢脚线 | C67: SU304不锈钢表层，内含细木工板基层，高度100 | D67: 米 | E67: 50 | H67: =F67+G67 -> 0 | I67: =E67*H67 -> 0
A68: 11 | B68: 地面防尘、防潮处理 | C68: 环保环氧树脂涂布二遍 | D68: 平方 | E68: 80 | H68: =F68+G68 -> 0 | I68: =E68*H68 -> 0
A69: 二 | B69: 配电工程 | H69: =F69+G69 -> 0 | I69: =E69*H69 -> 0
A70: 1 | B70: 市电配电柜 | C70: 48KW/40KW,96A，ATS OS100*2，C65N*12 | D70: 套 | E70: 1 | H70: =F70+G70 -> 0 | I70: =E70*H70 -> 0
A71: 2 | B71: 市电二\ 三级插座 | D71: 个 | E71: 7 | H71: =F71+G71 -> 0 | I71: =E71*H71 -> 0
A72: 3 | B72: 600×600mm格栅灯 | D72: 套 | E72: 14 | H72: =F72+G72 -> 0 | I72: =E72*H72 -> 0
A73: 4 | B73: 单联单控开关 | C73: 86面板开关，白色 | D73: 个 | E73: 4 | H73: =F73+G73 -> 0 | I73: =E73*H73 -> 0
A74: 5 | B74: WDZBN-BYJ-3×2.5 | C74: WDZB-BYJ-3×2.5 | D74: 米 | E74: 165 | H74: =F74+G74 -> 0 | I74: =E74*H74 -> 0
A75: 6 | B75: WDZAN-YJY-4x25+E16 | C75: WDZAN-YJY-4x25+E16 | D75: 米 | E75: 10 | H75: =F75+G75 -> 0 | I75: =E75*H75 -> 0
A76: 7 | B76: 42U标准机柜 | C76: 600*800*2000，12折型材 | D76: 台 | E76: 4 | H76: =F76+G76 -> 0 | I76: =E76*H76 -> 0
A77: 8 | B77: 机柜承重支架 | C77: 国标5#槽钢 | D77: 只 | E77: 8 | H77: =F77+G77 -> 0 | I77: =E77*H77 -> 0
A78: 9 | B78: 镀锌线槽(强电) 100*100mm（含支架） | C78: 100*100mm桥架 | D78: 米 | E78: 10 | H78: =F78+G78 -> 0 | I78: =E78*H78 -> 0
A79: 10 | B79: 镀锌线槽(运营商) 150*100mm（含支架） | C79: 150*100mm桥架 | D79: 米 | E79: 10 | H79: =F79+G79 -> 0 | I79: =E79*H79 -> 0
A80: 11 | B80: 镀锌线槽(弱电) 200*100mm（含支架） | C80: 200*100mm桥架 | D80: 米 | E80: 15 | H80: =F80+G80 -> 0 | I80: =E80*H80 -> 0
A81: 12 | B81: 电线管暗配及接线盒 | C81: SC20 | D81: m | E81: 50 | H81: =F81+G81 -> 0 | I81: =E81*H81 -> 0
A82: 三 | B82: 防雷接地工程 | H82: =F82+G82 -> 0 | I82: =E82*H82 -> 0
A83: 1 | B83: 防雷系统（B级） | C83: 40KA | D83: 套 | E83: 1 | H83: =F83+G83 -> 0 | I83: =E83*H83 -> 0
A84: 2 | B84: 防雷系统（C级） | C84: 20KA | D84: 套 | E84: 2 | H84: =F84+G84 -> 0 | I84: =E84*H84 -> 0
A85: 3 | B85: 30mm宽，3mm厚紫铜带 | C85: 30*3紫铜带 | D85: 米 | E85: 50 | H85: =F85+G85 -> 0 | I85: =E85*H85 -> 0
A86: 4 | B86: 绝缘端子 | D86: 个 | E86: 30 | H86: =F86+G86 -> 0 | I86: =E86*H86 -> 0
A87: 5 | B87: 等电位箱 | D87: 只 | E87: 2 | H87: =F87+G87 -> 0 | I87: =E87*H87 -> 0
A88: 6 | B88: 机柜接地线WDZB-BYJ-4.0 | C88: WDZB-BYJ-4.0 | D88: 米 | E88: 160 | H88: =F88+G88 -> 0 | I88: =E88*H88 -> 0
A89: 四 | B89: 空调系统工程（其他单位施工） | H89: =F89+G89 -> 0 | I89: =E89*H89 -> 0
A90: 1 | B90: 3匹柜式空调 | C90: 3P空调，落地式 | D90: 台 | E90: 0 | H90: =F90+G90 -> 0 | I90: =E90*H90 -> 0
A91: 2 | B91: 铜管 | D91: 米 | E91: 0 | H91: =F91+G91 -> 0 | I91: =E91*H91 -> 0
A92: 3 | B92: 设备承重支架 | C92: U80槽钢冷镀锌,定制 | D92: 套 | E92: 0 | H92: =F92+G92 -> 0 | I92: =E92*H92 -> 0
A93: 五 | B93: UPS系统 | H93: =F93+G93 -> 0 | I93: =E93*H93 -> 0
A94: 1 | B94: UPS配电柜 | D94: 套 | E94: 1 | H94: =F94+G94 -> 0 | I94: =E94*H94 -> 0
A95: 2 | B95: 单相三孔工业连接器 | C95: 32A | D95: 个 | E95: 14 | H95: =F95+G95 -> 0 | I95: =E95*H95 -> 0
A96: 3 | B96: UPS配电线WDZAN-YJY-3x4 | C96: WDZAN-YJY-3x4 | D96: 米 | E96: 105 | H96: =F96+G96 -> 0 | I96: =E96*H96 -> 0
A97: 4 | B97: UPS电源 | C97: 1、额定功率:30KVA/27KW，输出功率因数≥0.9. 2、输入参数， 输入电压:380V； 功率因数:>0.98； 谐波电流:<5%； ▲频率范围:40Hz-70Hz； 3、▲系统整流逆变效率≥94%，节能模式≥99%。 4、输出参数， 额定电压:380/400VAC 稳压精度:±1%。 过载能力：105%，长期运行；125%，10min。 5、▲拥有ABM智能化“三阶”式电池充放电管理系统。同时ABM能在线对电池进行诊断，并可对电池系统故障提前报警，提高了系统的可靠性。 6、▲提供制造商盖章的针对本项目的授权书及不低于三年免费保修的售后服务承诺函。 7、▲投标人所提供UPS电源具有工信部泰尔认证证书及产品测试报告，提供制造商盖章复印件。 8、▲并机系统采用热同步并机(Hot-Sync)专利控制技术，实现了在保证并机系统中每台UPS的输出同步、负载均分的同时，减少并机系统的单点故障，最大限度地保证并机的可靠性和冗余性。。 | D97: 台 | E97: 1 | H97: =F97+G97 -> 0 | I97: =E97*H97 -> 0
A98: 5 | B98: 铅酸免维护蓄电池 | C98: 1、12V-100AH，10小时率，满足30KVA后备延长2小时。 2、▲蓄电池需提供OPzV管式胶体泰尔认证证书及产品测试报告，提供制造商盖章复印件。 3、▲提供制造商盖章的针对本项目的授权书及不低于五年免费保修的售后服务承诺函。 4、▲投标人所提供的蓄电池产品非OEM产品，需提供制造商蓄电池全国工业产品生产许可证及国家质检总局网站(www.aqsiq.gov.cn)查询截图，并由制造商盖章。 5、在环境温度20℃--25℃时的浮充寿命8~12年 6、▲为防止蓄电池在运输过程中由于碰撞造成蓄电池裂缝导致电池使用过程中漏液造成短路引发重大事故，电池需具备防漏液技术，不接受防漏液托盘（请提供相关防漏液国家级技术证明文件，复印件盖厂家盖章）。 7、蓄电池静置90天后，其容量保存率不低于90%。 | D98: 节 | E98: 64 | H98: =F98+G98 -> 0 | I98: =E98*H98 -> 0
A99: 6 | B99: 电池柜 | C99: 可装32只12V100AH蓄电池 | D99: 套 | E99: 2 | H99: =F99+G99 -> 0 | I99: =E99*H99 -> 0
A100: 7 | B100: 电池直流开关 | C100: DC100A/3P | D100: 套 | E100: 2 | H100: =F100+G100 -> 0 | I100: =E100*H100 -> 0
A101: 8 | B101: 电池连接线 | C101: BVR25平方电缆，含铜端子 | D101: 套 | E101: 2 | H101: =F101+G101 -> 0 | I101: =E101*H101 -> 0
...

Sheet 客控
A1: 客房控制系统
A2: 工程：苏地2012-G-81号地块酒店区域智能化工程
A3: 序号 | B3: 项目名称描述 | C3: 技术参数 | D3: 单位 | E3: 工程量A | F3: 单价（元） | H3: 总价（元） | J3: 备注
F4: 主材B | G4: 安装费C | H4: 综合单价D=B+C | I4: 合价E=A*D
A5: A--(A/B/C户型)--共31套
A6: 一 | B6: 客房RCU
A7: 1.1 | B7: 控制模块部分
A8: 1 | B8: 控制主机 | C8: 工作电压：DC12V；一组用于系统组网TCP/IP接口；2个内部通讯端口，用于扩展模块、智能面板；4个外部通讯端口，用连接智能面板、电动窗帘、空调面板（RS485/RS232可选）支持2组可控硅调光、4组直流无刷风机控制，3组窗帘控制、10组灯光开关控制，同时支持12组弱电指示灯输出、23组弱电输入、30组干接点面信号输入。另外支持扩展模块（包括继电器模块、0-10V模块、调光模块），最多扩展量127扩展模块。安装方式：DIN35mm导轨安装； 其他功能要求： 支持酒店公众号集成，支持控制界面定制，支持远程控制房间内设备（如：空调、灯光、窗帘及客房服务）； 支持语音机器人控制房间内设备（如：空调、灯光、窗帘及客房服务）；并要求语音机器人语条自定义； | D8: 台 | E8: 1 | H8: =F8+G8 -> 0 | I8: =E8*H8 -> 0
A9: 2 | B9: 系统电源 | C9: 输出范围：12V/4.5A；效率：88%；输入电压：85～264VAC/120～370VDC；过载保护：过电流点在105%～160%时恒流限流自动复原；安装方式：DIN35mm导轨安装 | D9: 台 | E9: 2 | H9: =F9+G9 -> 0 | I9: =E9*H9 -> 0
A10: 3 | B10: 2路调光模块 | C10: 工作电压：DC12V；2路输出；单回路功率：220V/2A；最大扩展量：31个单元；安装方式：DIN35mm导轨安装 | D10: 台 | E10: 0 | H10: =F10+G10 -> 0 | I10: =E10*H10 -> 0
A11: 4 | B11: 4路0-10V调光模块 | C11: 工作电压：DC12V；通讯供电与继电器线圈供电采用独立电源供电，避免相互干扰；4路0-10V输出及4路220V输出：单回路功率：220V/5A；最大扩展量：31个单元；安装方式：DIN35mm导轨安装 | D11: 台 | E11: 2 | H11: =F11+G11 -> 0 | I11: =E11*H11 -> 0
A12: 5 | B12: 5路继电器模块 | C12: 工作电压：DC12V；通讯供电与继电器线圈供电采用独立电源供电，避免相互干扰；5路输出；单回路功率：220V/5A；最大扩展量：31个单元；安装方式：DIN35mm导轨安装 | D12: 台 | E12: 2 | H12: =F12+G12 -> 0 | I12: =E12*H12 -> 0
A13: 1.2 | B13: 面板部分 | H13: =F13+G13 -> 0 | I13: =E13*H13 -> 0
A14: 1 | B14: 空调地暖、温控面板 | C14: 工作电压：DC12V；通讯要求：标准MODBUS通讯，自带温度传感器；检测范围：-10℃ - +105℃； | D14: 块 | E14: 2 | H14: =F14+G14 -> 0 | I14: =E14*H14 -> 0
A15: 2 | B15: 门磁 | C15: 通讯方式：无源干接点型号 工作距离：15mm±5 工作方式：常闭 使用寿命：100万次 安装方式：嵌入式安装 尺寸：直径9.8*15mm 开孔尺寸：Φ10mm 安装方式：嵌入式安装 | D15: 个 | E15: 3 | H15: =F15+G15 -> 0 | I15: =E15*H15 -> 0
A16: 3 | B16: 门铃 | C16: 工作电压：DC9~12V；额定电流：200mA；声音：叮咚；安装方式：天花内明装 | D16: 个 | E16: 1 | H16: =F16+G16 -> 0 | I16: =E16*H16 -> 0
A17: 4 | B17: 客控箱成套 | C17: 尺寸：550*750*150mm,包括断路器、线槽，导轨式零线端子、地线端子接线端子，并每个回路独立导轨式保险端子，保险丝要求为陶瓷速熔。组装成套后发往现场。 | D17: 个 | E17: 1 | H17: =F17+G17 -> 0 | I17: =E17*H17 -> 0
A18: 二 | B18: 客房音频 | H18: =F18+G18 -> 0 | I18: =E18*H18 -> 0
A19: 1 | B19: 蓝牙音箱 | C19: 根据酒管要求 | D19: 只 | E19: 1 | H19: =F19+G19 -> 0 | I19: =E19*H19 -> 0
A20: 三 | B20: 管线部分 | H20: =F20+G20 -> 0 | I20: =E20*H20 -> 0
A21: 1 | B21: 音频线RVS2*1.5 | C21: RVS2*1.5 | D21: 米 | E21: 15 | H21: =F21+G21 -> 0 | I21: =E21*H21 -> 0
A22: 2 | B22: 通讯线RVV3*1.0 | C22: RVV3*1.0 | D22: 米 | E22: 40 | H22: =F22+G22 -> 0 | I22: =E22*H22 -> 0
A23: 3 | B23: 通讯线RVV2*1.0 | C23: RVV2*1.0 | D23: 米 | E23: 60 | H23: =F23+G23 -> 0 | I23: =E23*H23 -> 0
A24: 4 | B24: 电线管 | C24: 薄壁镀锌钢管JDG20 | D24: 米 | E24: 160 | H24: =F24+G24 -> 0 | I24: =E24*H24 -> 0
A25: 5 | B25: 弱电桥架100*50 | C25: 100*50 | D25: 米 | E25: 12 | H25: =F25+G25 -> 0 | I25: =E25*H25 -> 0
A26: 合计： | I26: =SUM(I8:I25) -> 0
A27: 房间数量： | I27: 31
A28: A/B/C户型总计： | I28: =I26*I27 -> 0
A29: B--(D户型)--共11套
A30: 一 | B30: 客房RCU
A31: 1.1 | B31: 控制模块部分
A32: 1 | B32: 控制主机 | C32: 工作电压：DC12V；一组用于系统组网TCP/IP接口；2个内部通讯端口，用于扩展模块、智能面板；4个外部通讯端口，用连接智能面板、电动窗帘、空调面板（RS485/RS232可选）支持2组可控硅调光、4组直流无刷风机控制，3组窗帘控制、10组灯光开关控制，同时支持12组弱电指示灯输出、23组弱电输入、30组干接点面信号输入。另外支持扩展模块（包括继电器模块、0-10V模块、调光模块），最多扩展量127扩展模块。安装方式：DIN35mm导轨安装； 其他功能要求： 支持酒店公众号集成，支持控制界面定制，支持远程控制房间内设备（如：空调、灯光、窗帘及客房服务）； 支持语音机器人控制房间内设备（如：空调、灯光、窗帘及客房服务）；并要求语音机器人语条自定义； | D32: 台 | E32: 1 | H32: =F32+G32 -> 0 | I32: =E32*H32 -> 0
A33: 2 | B33: 系统电源 | C33: 输出范围：12V/4.5A；效率：88%；输入电压：85～264VAC/120～370VDC；过载保护：过电流点在105%～160%时恒流限流自动复原；安装方式：DIN35mm导轨安装 | D33: 台 | E33: 2 | H33: =F33+G33 -> 0 | I33: =E33*H33 -> 0
A34: 3 | B34: 2路调光模块 | C34: 工作电压：DC12V；2路输出；单回路功率：220V/2A；最大扩展量：31个单元；安装方式：DIN35mm导轨安装 | D34: 台 | E34: 0 | H34: =F34+G34 -> 0 | I34: =E34*H34 -> 0
A35: 4 | B35: 4路0-10V调光模块 | C35: 工作电压：DC12V；通讯供电与继电器线圈供电采用独立电源供电，避免相互干扰；4路0-10V输出及4路220V输出：单回路功率：220V/5A；最大扩展量：31个单元；安装方式：DIN35mm导轨安装 | D35: 台 | E35: 2 | H35: =F35+G35 -> 0 | I35: =E35*H35 -> 0
A36: 5 | B36: 5路继电器模块 | C36: 工作电压：DC12V；通讯供电与继电器线圈供电采用独立电源供电，避免相互干扰；5路输出；单回路功率：220V/5A；最大扩展量：31个单元；安装方式：DIN35mm导轨安装 | D36: 台 | E36: 2 | H36: =F36+G36 -> 0 | I36: =E36*H36 -> 0
A37: 1.2 | B37: 面板部分 | H37: =F37+G37 -> 0 | I37: =E37*H37 -> 0
A38: 1 | B38: 空调地暖、温控面板 | C38: 工作电压：DC12V；通讯要求：标准MODBUS通讯，自带温度传感器；检测范围：-10℃ - +105℃； | D38: 块 | E38: 2 | H38: =F38+G38 -> 0 | I38: =E38*H38 -> 0
A39: 2 | B39: 门磁 | C39: 通讯方式：无源干接点型号 工作距离：15mm±5 工作方式：常闭 使用寿命：100万次 安装方式：嵌入式安装 尺寸：直径9.8*15mm 开孔尺寸：Φ10mm 安装方式：嵌入式安装 | D39: 个 | E39: 3 | H39: =F39+G39 -> 0 | I39: =E39*H39 -> 0
A40: 3 | B40: 门铃 | C40: 工作电压：DC9~12V；额定电流：200mA；声音：叮咚；安装方式：天花内明装 | D40: 个 | E40: 1 | H40: =F40+G40 -> 0 | I40: =E40*H40 -> 0
A41: 4 | B41: 客控箱成套 | C41: 尺寸：550*750*150mm,包括断路器、线槽，导轨式零线端子、地线端子接线端子，并每个回路独立导轨式保险端子，保险丝要求为陶瓷速熔。组装成套后发往现场。 | D41: 个 | E41: 1 | H41: =F41+G41 -> 0 | I41: =E41*H41 -> 0
A42: 二 | B42: 客房音频 | H42: =F42+G42 -> 0 | I42: =E42*H42 -> 0
A43: 1 | B43: 蓝牙音箱 | C43: 根据酒管要求 | D43: 只 | E43: 1 | H43: =F43+G43 -> 0 | I43: =E43*H43 -> 0
A44: 三 | B44: 管线部分 | H44: =F44+G44 -> 0 | I44: =E44*H44 -> 0
A45: 1 | B45: 音频线RVS2*1.5 | C45: RVS2*1.5 | D45: 米 | E45: 15 | H45: =F45+G45 -> 0 | I45: =E45*H45 -> 0
A46: 2 | B46: 通讯线RVV3*1.0 | C46: RVV3*1.0 | D46: 米 | E46: 40 | H46: =F46+G46 -> 0 | I46: =E46*H46 -> 0
A47: 3 | B47: 通讯线RVV2*1.0 | C47: RVV2*1.0 | D47: 米 | E47: 60 | H47: =F47+G47 -> 0 | I47: =E47*H47 -> 0
A48: 4 | B48: 电线管 | C48: 薄壁镀锌钢管JDG20 | D48: 米 | E48: 160 | H48: =F48+G48 -> 0 | I48: =E48*H48 -> 0
A49: 5 | B49: 弱电桥架100*50 | C49: 100*50 | D49: 米 | E49: 12 | H49: =F49+G49 -> 0 | I49: =E49*H49 -> 0
A50: 合计： | I50: =SUM(I32:I49) -> 0
A51: 房间数量： | I51: 11
A52: D户型总计： | I52: =I50*I51 -> 0
A53: C--(A9户型)--共47套
A54: 一 | B54: 客房RCU
B55: 控制模块部分
A56: 1 | B56: 控制主机 | C56: 工作电压：DC12V；一组用于系统组网TCP/IP接口；2个内部通讯端口，用于扩展模块、智能面板；4个外部通讯端口，用连接智能面板、电动窗帘、空调面板（RS485/RS232可选）支持2组可控硅调光、4组直流无刷风机控制，3组窗帘控制、10组灯光开关控制，同时支持12组弱电指示灯输出、23组弱电输入、30组干接点面信号输入。另外支持扩展模块（包括继电器模块、0-10V模块、调光模块），最多扩展量127扩展模块。安装方式：DIN35mm导轨安装； 其他功能要求： 支持酒店公众号集成，支持控制界面定制，支持远程控制房间内设备（如：空调、灯光、窗帘及客房服务）； 支持语音机器人控制房间内设备（如：空调、灯光、窗帘及客房服务）；并要求语音机器人语条自定义； | D56: 台 | E56: 1 | H56: =F56+G56 -> 0 | I56: =E56*H56 -> 0
A57: 2 | B57: 系统电源 | C57: 输出范围：12V/4.5A；效率：88%；输入电压：85～264VAC/120～370VDC；过载保护：过电流点在105%～160%时恒流限流自动复原；安装方式：DIN35mm导轨安装 | D57: 台 | E57: 2 | H57: =F57+G57 -> 0 | I57: =E57*H57 -> 0
A58: 3 | B58: 2路调光模块 | C58: 工作电压：DC12V；2路输出；单回路功率：220V/2A；最大扩展量：31个单元；安装方式：DIN35mm导轨安装 | D58: 台 | E58: 1 | H58: =F58+G58 -> 0 | I58: =E58*H58 -> 0
A59: 4 | B59: 4路0-10V调光模块 | C59: 工作电压：DC12V；通讯供电与继电器线圈供电采用独立电源供电，避免相互干扰；4路0-10V输出及4路220V输出：单回路功率：220V/5A；最大扩展量：31个单元；安装方式：DIN35mm导轨安装 | D59: 台 | E59: 2 | H59: =F59+G59 -> 0 | I59: =E59*H59 -> 0
A60: 5 | B60: 5路继电器模块 | C60: 工作电压：DC12V；通讯供电与继电器线圈供电采用独立电源供电，避免相互干扰；5路输出；单回路功率：220V/5A；最大扩展量：31个单元；安装方式：DIN35mm导轨安装 | D60: 台 | E60: 5 | H60: =F60+G60 -> 0 | I60: =E60*H60 -> 0
A61: 1.2 | B61: 面板部分 | H61: =F61+G61 -> 0 | I61: =E61*H61 -> 0
A62: 1 | B62: 空调温控面板 | C62: 工作电压：DC12V；通讯要求：标准MODBUS通讯，自带温度传感器；检测范围：-10℃ - +105℃； | D62: 块 | E62: 2 | H62: =F62+G62 -> 0 | I62: =E62*H62 -> 0
A63: 2 | B63: 门磁 | C63: 通讯方式：无源干接点型号 工作距离：15mm±5 工作方式：常闭 使用寿命：100万次 安装方式：嵌入式安装 尺寸：直径9.8*15mm 开孔尺寸：Φ10mm 安装方式：嵌入式安装 | D63: 个 | E63: 3 | H63: =F63+G63 -> 0 | I63: =E63*H63 -> 0
A64: 3 | B64: 门铃 | C64: 工作电压：DC9~12V；额定电流：200mA；声音：叮咚；安装方式：天花内明装 | D64: 个 | E64: 1 | H64: =F64+G64 -> 0 | I64: =E64*H64 -> 0
A65: 4 | B65: 嵌入式红外探头 | C65: 供电电源：DC12V；检测范围：直径6米；检测角度：垂直方向94°/水平方向82°产品安装：嵌入式安装 | D65: 个 | E65: 5 | H65: =F65+G65 -> 0 | I65: =E65*H65 -> 0
A66: 5 | B66: 客控箱成套 | C66: 尺寸：700*750*150mm,包括断路器、线槽，导轨式零线端子、地线端子接线端子，并每个回路独立导轨式保险端子，保险丝要求为陶瓷速熔。组装成套后发往现场。 | D66: 个 | E66: 1 | H66: =F66+G66 -> 0 | I66: =E66*H66 -> 0
A67: 二 | B67: 客房音频 | H67: =F67+G67 -> 0 | I67: =E67*H67 -> 0
A68: 1 | B68: 蓝牙音箱 | C68: 根据酒管要求 | D68: 只 | E68: 1 | H68: =F68+G68 -> 0 | I68: =E68*H68 -> 0
A69: 三 | B69: 管线部分 | H69: =F69+G69 -> 0 | I69: =E69*H69 -> 0
A70: 1 | B70: 音频线 | C70: RVS2*1.5 | D70: 米 | E70: 25 | H70: =F70+G70 -> 0 | I70: =E70*H70 -> 0
A71: 2 | B71: 通信线 | C71: RVV3*1.0 | D71: 米 | E71: 60 | H71: =F71+G71 -> 0 | I71: =E71*H71 -> 0
A72: 3 | B72: 电源线 | C72: RVV2*1.0 | D72: 米 | E72: 80 | H72: =F72+G72 -> 0 | I72: =E72*H72 -> 0
A73: 4 | B73: 弱电设备箱 | C73: 600*600*150mm，金属箱体，含设备安装支架等配件 | D73: 台 | E73: 1 | H73: =F73+G73 -> 0 | I73: =E73*H73 -> 0
A74: 5 | B74: 电线管 | C74: 薄壁镀锌钢管JDG20 | D74: 米 | E74: 280 | H74: =F74+G74 -> 0 | I74: =E74*H74 -> 0
A75: 6 | B75: 弱电桥架100*50 | C75: 100*50 | D75: 米 | E75: 20 | H75: =F75+G75 -> 0 | I75: =E75*H75 -> 0
A76: 合计： | I76: =SUM(I56:I75) -> 0
A77: 房间数量： | I77: 47
A78: A9户型总计： | I78: =I76*I77 -> 0
A79: D--(一室一厅)--共5套
A80: 一 | B80: 客房RCU
B81: 控制模块部分
A82: 1 | B82: 控制主机 | C82: 工作电压：DC12V；一组用于系统组网TCP/IP接口；2个内部通讯端口，用于扩展模块、智能面板；4个外部通讯端口，用连接智能面板、电动窗帘、空调面板（RS485/RS232可选）支持2组可控硅调光、4组直流无刷风机控制，3组窗帘控制、10组灯光开关控制，同时支持12组弱电指示灯输出、23组弱电输入、30组干接点面信号输入。另外支持扩展模块（包括继电器模块、0-10V模块、调光模块），最多扩展量127扩展模块。安装方式：DIN35mm导轨安装； 其他功能要求： 支持酒店公众号集成，支持控制界面定制，支持远程控制房间内设备（如：空调、灯光、窗帘及客房服务）； 支持语音机器人控制房间内设备（如：空调、灯光、窗帘及客房服务）；并要求语音机器人语条自定义； | D82: 台 | E82: 1 | H82: =F82+G82 -> 0 | I82: =E82*H82 -> 0
A83: 2 | B83: 系统电源 | C83: 输出范围：12V/4.5A；效率：88%；输入电压：85～264VAC/120～370VDC；过载保护：过电流点在105%～160%时恒流限流自动复原；安装方式：DIN35mm导轨安装 | D83: 台 | E83: 2 | H83: =F83+G83 -> 0 | I83: =E83*H83 -> 0
A84: 3 | B84: 2路调光模块 | C84: 工作电压：DC12V；2路输出；单回路功率：220V/2A；最大扩展量：31个单元；安装方式：DIN35mm导轨安装 | D84: 台 | E84: 1 | H84: =F84+G84 -> 0 | I84: =E84*H84 -> 0
A85: 4 | B85: 4路0-10V调光模块 | C85: 工作电压：DC12V；通讯供电与继电器线圈供电采用独立电源供电，避免相互干扰；4路0-10V输出及4路220V输出：单回路功率：220V/5A；最大扩展量：31个单元；安装方式：DIN35mm导轨安装 | D85: 台 | E85: 3 | H85: =F85+G85 -> 0 | I85: =E85*H85 -> 0
A86: 5 | B86: 5路继电器模块 | C86: 工作电压：DC12V；通讯供电与继电器线圈供电采用独立电源供电，避免相互干扰；5路输出；单回路功率：220V/5A；最大扩展量：31个单元；安装方式：DIN35mm导轨安装 | D86: 台 | E86: 4 | H86: =F86+G86 -> 0 | I86: =E86*H86 -> 0
A87: 1.2 | B87: 面板部分 | H87: =F87+G87 -> 0 | I87: =E87*H87 -> 0
A88: 1 | B88: 空调温控面板 | C88: 工作电压：DC12V；通讯要求：标准MODBUS通讯，自带温度传感器；检测范围：-10℃ - +105℃； | D88: 块 | E88: 3 | H88: =F88+G88 -> 0 | I88: =E88*H88 -> 0
A89: 2 | B89: 门磁 | C89: 通讯方式：无源干接点型号 工作距离：15mm±5 工作方式：常闭 使用寿命：100万次 安装方式：嵌入式安装 尺寸：直径9.8*15mm 开孔尺寸：Φ10mm 安装方式：嵌入式安装 | D89: 个 | E89: 3 | H89: =F89+G89 -> 0 | I89: =E89*H89 -> 0
A90: 3 | B90: 门铃 | C90: 工作电压：DC9~12V；额定电流：200mA；声音：叮咚；安装方式：天花内明装 | D90: 个 | E90: 1 | H90: =F90+G90 -> 0 | I90: =E90*H90 -> 0
A91: 4 | B91: 客控箱成套 | C91: 尺寸：700*750*150mm,包括断路器、线槽，导轨式零线端子、地线端子接线端子，并每个回路独立导轨式保险端子，保险丝要求为陶瓷速熔。组装成套后发往现场。 | D91: 个 | E91: 1 | H91: =F91+G91 -> 0 | I91: =E91*H91 -> 0
A92: 二 | B92: 客房音频 | H92: =F92+G92 -> 0 | I92: =E92*H92 -> 0
A93: 1 | B93: 蓝牙音箱 | C93: 根据酒管要求 | D93: 只 | E93: 1 | H93: =F93+G93 -> 0 | I93: =E93*H93 -> 0
A94: 三 | B94: 管线部分 | H94: =F94+G94 -> 0 | I94: =E94*H94 -> 0
A95: 1 | B95: 音频线 | C95: RVS2*1.5 | D95: 米 | E95: 25 | H95: =F95+G95 -> 0 | I95: =E95*H95 -> 0
A96: 2 | B96: 通信线 | C96: RVV3*1.0 | D96: 米 | E96: 60 | H96: =F96+G96 -> 0 | I96: =E96*H96 -> 0
A97: 3 | B97: 电源线 | C97: RVV2*1.0 | D97: 米 | E97: 80 | H97: =F97+G97 -> 0 | I97: =E97*H97 -> 0
A98: 4 | B98: 弱电设备箱 | C98: 600*600*150mm，金属箱体，含设备安装支架等配件 | D98: 台 | E98: 1 | H98: =F98+G98 -> 0 | I98: =E98*H98 -> 0
A99: 5 | B99: 电线管 | C99: 薄壁镀锌钢管JDG20 | D99: 米 | E99: 280 | H99: =F99+G99 -> 0 | I99: =E99*H99 -> 0
A100: 6 | B100: 弱电桥架100*50 | C100: 100*50 | D100: 米 | E100: 20 | H100: =F100+G100 -> 0 | I100: =E100*H100 -> 0
...

Sheet 音视频
A1: 音视频系统
A2: 工程：苏地2012-G-81号地块酒店区域智能化工程
A3: 序号 | B3: 项目名称描述 | C3: 技术参数 | D3: 单位 | E3: 工程量A | F3: 单价（元） | H3: 总价（元） | J3: 备注
F4: 主材B | G4: 安装费C | H4: 综合单价D=B+C | I4: 合价E=A*D
A5: A 中央背景音乐 | I5: =SUM(I7:I23) -> 0
A6: 一 | B6: 机房设备
A7: 1 | B7: 数字音频系统主机 | C7: 8通道 话筒/线路 输入以及 8通道 模拟输出 16通道 YDIF 数字 输入/输出 16通道 Dante 数字 输入/输出 1 x MY 扩展卡槽 SD 卡槽用于音频播放 选配产品 数字控制面板 - DCP 系列 所有三个型号都配有美标和欧标尺寸，符合全球大部分国家和地区 的技术指标 | D7: 台 | E7: 1 | H7: =F7+G7 -> 0 | I7: =E7*H7 -> 0
A8: 2 | B8: 2CH@功率放大器 | C8: DYNACORD完成宽功率放大器在安装领域范围。特别是，功率放大器是专为要求声增强，背景音乐/寻呼和公共地址系统安装。长期可靠性和灵活性是保证。五模型在PCL系列范围从160到450瓦的功率，每通道在各种系统设计。1125t PCL PCL PCL，1225t 1240t配备高性能输出变压器和50 V提供浮动输出，70 V和100 V设备除了低阻抗输出8 / 4欧姆。PCL 1245和PCL 1415是低阻抗放大器无输出变压器。高级凤凰式螺丝锁连接器，确保音频信号和扬声器电缆更安全的连接。独立后级控制允许设置根据功率放大器的整体放大。所有的功率放大器特征不同PCL高通滤波器的截止频率开关选择不必要的低频信号衰减。 | D8: 台 | E8: 1 | H8: =F8+G8 -> 0 | I8: =E8*H8 -> 0
A9: 3 | B9: 2CH@功率放大器 | C9: DYNACORD完成宽功率放大器在安装领域范围。特别是，功率放大器是专为要求声增强，背景音乐/寻呼和公共地址系统安装。长期可靠性和灵活性是保证。五模型在PCL系列范围从160到450瓦的功率，每通道在各种系统设计。1125t PCL PCL PCL，1225t 1240t配备高性能输出变压器和50 V提供浮动输出，70 V和100 V设备除了低阻抗输出8 / 4欧姆。PCL 1245和PCL 1415是低阻抗放大器无输出变压器。高级凤凰式螺丝锁连接器，确保音频信号和扬声器电缆更安全的连接。独立后级控制允许设置根据功率放大器的整体放大。所有的功率放大器特征不同PCL高通滤波器的截止频率开关选择不必要的低频信号衰减。 | D9: 台 | E9: 1 | H9: =F9+G9 -> 0 | I9: =E9*H9 -> 0
A10: 4 | B10: 8CH@功率放大器 | C10: DYNACORD完成宽功率放大器在安装领域范围。特别是，功率放大器是专为要求声增强，背景音乐/寻呼和公共地址系统安装。长期可靠性和灵活性是保证。五模型在PCL系列范围从160到450瓦的功率，每通道在各种系统设计。1125t PCL PCL PCL，1225t 1240t配备高性能输出变压器和50 V提供浮动输出，70 V和100 V设备除了低阻抗输出8 / 4欧姆。PCL 1245和PCL 1415是低阻抗放大器无输出变压器。高级凤凰式螺丝锁连接器，确保音频信号和扬声器电缆更安全的连接。独立后级控制允许设置根据功率放大器的整体放大。所有的功率放大器特征不同PCL高通滤波器的截止频率开关选择不必要的低频信号衰减。 | D10: 台 | E10: 1 | H10: =F10+G10 -> 0 | I10: =E10*H10 -> 0
A11: 5 | B11: 音频输出声卡 | D11: 台 | E11: 1 | H11: =F11+G11 -> 0 | I11: =E11*H11 -> 0
A12: 6 | B12: 电源时序器 | C12: 8路电源时序器，支持I/0控制，RS232控制,每路10A，总功率不大于63A，支持自定义控制电源开关； | D12: 台 | E12: 1 | H12: =F12+G12 -> 0 | I12: =E12*H12 -> 0
A13: 7 | B13: 背景音乐服务器 | D13: 台 | E13: 1 | H13: =F13+G13 -> 0 | I13: =E13*H13 -> 0
A14: 二 | B14: 扬声器设备 | H14: =F14+G14 -> 0 | I14: =E14*H14 -> 0
A15: 1 | B15: 天花吸顶扬声器 | C15: 4" 同轴吸顶扬声器 单元组合：0.75"+4" 频响范围* (-10dB) 65Hz-20kHz 轴向灵敏度 86dB(1W/1m) 覆盖角度 130°(圆锥） 功率： 80W 持续,（带过载保护） 内置 70/100Ｖ 变压器（30, 15, 7.5, 3.75, and 1.88 watts ），可实现定压/切换定阻 标称阻抗 8 Ω | D15: 只 | E15: 56 | H15: =F15+G15 -> 0 | I15: =E15*H15 -> 0
A16: 2 | B16: 防水音柱扬声器 | C16: 40W 40W 输入方式 70-100V 灵敏度 112dB 尺寸 | D16: 只 | E16: 18 | H16: =F16+G16 -> 0 | I16: =E16*H16 -> 0
A17: 3 | B17: 户外草坪音箱 | D17: 只 | E17: 3 | H17: =F17+G17 -> 0 | I17: =E17*H17 -> 0
A18: 三 | B18: 控制、音源设备 | H18: =F18+G18 -> 0 | I18: =E18*H18 -> 0
A19: 1 | B19: 网络控制面板 | C19: 6个按钮可以分配给任何功能* 支持多语言显示 访问管理的四个用户级别 每个系统最多可连接16个单元 PoE供电 后面可以提供适配器 * MTX / MRX系列功能（组件）通过MTX-MRX编辑器指定 | D19: 块 | E19: 9 | H19: =F19+G19 -> 0 | I19: =E19*H19 -> 0
A20: 2 | B20: 网络音频发送器 | D20: 个 | E20: 9 | H20: =F20+G20 -> 0 | I20: =E20*H20 -> 0
A21: 3 | B21: 网络音频接收器 | D21: 个 | E21: 9 | H21: =F21+G21 -> 0 | I21: =E21*H21 -> 0
A22: 4 | B22: 固定面板 | D22: 个 | E22: 9 | H22: =F22+G22 -> 0 | I22: =E22*H22 -> 0
A23: 5 | B23: 音量旋钮控制面板 | D23: 个 | E23: 5 | H23: =F23+G23 -> 0 | I23: =E23*H23 -> 0
A24: B 一层多功能厅 | I24: =SUM(I26:I80) -> 0
A25: 一 | B25: 扩声系统 | I25: =E25*H25 -> 0
A26: 1 | B26: 全频扬声器 | C26: 15“扬声器90x55 15英寸双向扬声器，90˚×55˚恒定指向性，可旋转波导 额定功率：350 W连续，（1400 W峰值） 被动系统：98分贝，最大129分贝 PI版本的压盖螺母盖和不锈钢格栅 可选的高品质变压器和专利的自动饱和度控制（ASC）保持低端70V / 100V线路 | D26: 只 | E26: 2 | H26: =F26+G26 -> 0 | I26: =E26*H26 -> 0
A27: 2 | B27: 超低音扬声器 | C27: 18“ 低音炮 97分贝灵敏度，129分贝最大声压级 系统等级：350 W连续，(1400 W峰值） 推荐频率范围：30 Hz至135 Hz 设计用于EVC 8,12和15英寸系统 可选的高质量变压器和专利的自动饱和度控制（ASC）可在70V / 100V线路上保持丰富，温暖的低频响应 | D27: 只 | E27: 2 | H27: =F27+G27 -> 0 | I27: =E27*H27 -> 0
A28: 3 | B28: 返听扬声器 | C28: 紧凑箱体内震撼的12”低音单元和1.5”高频钛压缩驱动器 频率范围：55 Hz – 20 kHz 连续功率：250W，峰值功率：1000W 灵敏度：95dB，最大声压级：125dB 32.8 磅（14.9千克） ZLX-12小身材大音量，是性能与便捷的完美结合，是主扩音箱和返送监听的理想之选，提升舞台品味。 轴向灵敏度(SPL, 1 W @ 1 m) 95 连接器型号 Dual NL4 覆盖率（标称- 6分贝）H 90 产品规格 覆盖率（标称- 6分贝）V 60 分频频率 2100 深度 356 外壳材料 Polypropylene Composite 家族 ZLX 频响范围（- 10分贝） 55 Hz - 20 kHz 响应频率 (-3 dB) 82 Hz - 18 kHz 托架 18 Gauge Steel with Black Powder Coat 高度 610 高频传感器 DH-1K 低频传感器 EVS-12K, 300 mm (12 in) Woofer 最大声压级/ 1M（calc） 125 最大声压级 125 最小阻抗 7 标称阻抗 8 无源功率 1000 功率（连续/峰值） 250 / 1000 额定功率 1000 有源或无源 Passive 推荐高通频率 40 装船重量 18 扬声器类型 Full-Range 净重 14.9 宽度 356 低音尺寸 12 | D28: 只 | E28: 2 | H28: =F28+G28 -> 0 | I28: =E28*H28 -> 0
A29: 4 | B29: 天花吸顶扬声器 | C29: 8" 同轴吸顶扬声器 单元组合：1"+8" 频响范围* (-10dB) 50Hz-20kHz 轴向灵敏度 91dB(1W/1m) 覆盖角度 110°(圆锥） 功率： 100W 持续,（带过载保护） 内置 70/100Ｖ 变压器（7.5 , 15 , 30 , 60watts ），可实现定压/切换定阻 标称阻抗 8 Ω | D29: 只 | E29: 16 | H29: =F29+G29 -> 0 | I29: =E29*H29 -> 0
A30: 5 | B30: 网络功率放大器 | C30: 功能强大，音效卓越，板载DSP包括多段均衡，专业分频器，限幅器及延迟专业的通道编组控制和包含31段图示均衡的DSP功能； 设计保证2欧姆工作稳定性； 低阻抗和高阻抗输出及远程GPIO控制； 功能强大，操作便捷的控制软件，可进行多达16个功放通道的多系统配置及监看； 借助FIR驱动技术，打造性能卓越的扬声器调试及保护系统。 高效的待机模式可将运行费用和功率消耗降低至90% 2x1300W @ 4 Ohm, 2x 2200w @ 2 Ohm 2x 650w @ 8 Ohm 70V 1250W 100V 2500W THD：<0.05% IMD-SMPTE(60Hz,7KHz)：<0.1% DIM30(3.15KHz,15KHz)：<0.05% 信噪比（A加权，参考最大输出功率@8Ohm） >109dB 远程开机/GPIO：电源遥控开关，可选延时时间，浮动继电器触点（显示保护模式），预设选择输入。 保护防止: 过高频、直流故障、高温、反电动力，峰值限幅器、开动电流限制及延时启动等问题。 额定功率能在宽动态范围下提供多至30%的音乐讯号峰值余量。 | D30: 台 | E30: 2 | H30: =F30+G30 -> 0 | I30: =E30*H30 -> 0
A31: 6 | B31: 网络功率放大器 | C31: 功能强大，音效卓越，板载DSP包括多段均衡，专业分频器，限幅器及延迟专业的通道编组控制和包含31段图示均衡的DSP功能； 设计保证2欧姆工作稳定性； 低阻抗和高阻抗输出及远程GPIO控制； 功能强大，操作便捷的控制软件，可进行多达16个功放通道的多系统配置及监看； 借助FIR驱动技术，打造性能卓越的扬声器调试及保护系统。 高效的待机模式可将运行费用和功率消耗降低至90% 2x1300W @ 4 Ohm, 2x 2200w @ 2 Ohm 2x 650w @ 8 Ohm 70V 1250W 100V 2500W THD：<0.05% IMD-SMPTE(60Hz,7KHz)：<0.1% DIM30(3.15KHz,15KHz)：<0.05% 信噪比（A加权，参考最大输出功率@8Ohm） >109dB 远程开机/GPIO：电源遥控开关，可选延时时间，浮动继电器触点（显示保护模式），预设选择输入。 保护防止: 过高频、直流故障、高温、反电动力，峰值限幅器、开动电流限制及延时启动等问题。 额定功率能在宽动态范围下提供多至30%的音乐讯号峰值余量。 | D31: 台 | E31: 2 | H31: =F31+G31 -> 0 | I31: =E31*H31 -> 0
A32: 二 | B32: 音频处理设备 | H32: =F32+G32 -> 0 | I32: =E32*H32 -> 0
A33: 1 | B33: 网络音频处理平台 | C33: 8个单声道线路和2个立体声线路输入，8个模拟单声道输出 64通道输入输出的Dante支持大型数字音频网络 通过YDIF协议连接MTX系列矩阵处理器，EXi8输入扩展器和EXo8 输出扩展器，以满足接口扩展的需求 | D33: 台 | E33: 1 | H33: =F33+G33 -> 0 | I33: =E33*H33 -> 0
A34: 2 | B34: 网络场景控制面板 | C34: 6个按钮可以分配给任何功能* 支持多语言显示 访问管理的四个用户级别 每个系统最多可连接16个单元 PoE供电 后面可以提供适配器 * MTX / MRX系列功能（组件）通过MTX-MRX编辑器指定 | D34: 块 | E34: 1 | H34: =F34+G34 -> 0 | I34: =E34*H34 -> 0
A35: 3 | B35: 数字调音台 | C35: 32 + 2 推子可进行各种通道布局。紧凑却具备大型通道处理能力的调音台。 混音通道：64 单声道，8 立体声。 母线：16 混音，8 矩阵 （支持“输入”→“矩阵”）。 本地 I/O：32 进， 16 出。 推子数： 32 + 2 （主输出）。 不锈钢 iPad 支撑架。 | D35: 台 | E35: 1 | H35: =F35+G35 -> 0 | I35: =E35*H35 -> 0
A36: 三 | B36: 音源话筒 | H36: =F36+G36 -> 0 | I36: =E36*H36 -> 0
A37: 1 | B37: 无线单咪手持话筒 | D37: 套 | E37: 8 | H37: =F37+G37 -> 0 | I37: =E37*H37 -> 0
A38: 2 | B38: 无线单咪头戴话筒 | D38: 套 | E38: 4 | H38: =F38+G38 -> 0 | I38: =E38*H38 -> 0
A39: 3 | B39: 天线分配主机 | D39: 台 | E39: 4 | H39: =F39+G39 -> 0 | I39: =E39*H39 -> 0
A40: 4 | B40: 天线放大器 | D40: 个 | E40: 4 | H40: =F40+G40 -> 0 | I40: =E40*H40 -> 0
A41: 5 | B41: 全指向性天线 | D41: 根 | E41: 4 | H41: =F41+G41 -> 0 | I41: =E41*H41 -> 0
A42: 6 | B42: 信号分配器 | D42: 个 | E42: 2 | H42: =F42+G42 -> 0 | I42: =E42*H42 -> 0
A43: 7 | B43: 双鹅颈有线话筒 | D43: 套 | E43: 2 | H43: =F43+G43 -> 0 | I43: =E43*H43 -> 0
A44: 8 | B44: 点歌主机（21寸点歌屏） | D44: 套 | E44: 1 | H44: =F44+G44 -> 0 | I44: =E44*H44 -> 0
A45: 9 | B45: 中央控制单元（反馈抑制功能） | C45: 控制单元是CCS 1000 数字讨论系统的主要组件。它为所有已连接的讨论设备提供直流电源，并监视和控制讨论系统。即插即用功能利用控制单元的即插即用功能，可以根据需要将讨论设备和系统摄像机方便地连接到系统，也可以将其从系统中移除。可通过将Web浏览器与平板电脑、笔记本电脑或PC 组合使用来轻松查看和管理/配置基本和高级系统设置。用于快速轻松地连接最多80个讨论设备的即插即用功能,用于高级配置和控制的直观Web浏览器控制。MP3 录音机，带内部内存和USB 录音。用于确保出色的语音清晰度的内置数字声学反馈抑制功能(DAFS)。对自动高清摄像机控制的本机支持。 电源电压100 至240 VAC ± 10% 电流消耗最大值0.6 A(100 VAC)至0.2 A(240 VAC) 频率响应30 Hz 至20 kHz 信噪比> 94 dBA 尺寸（高x 宽x 厚），包含支脚45 x 440 x 200 毫米 | D45: 台 | E45: 1 | H45: =F45+G45 -> 0 | I45: =E45*H45 -> 0
A46: 10 | B46: 讨论设备带长话筒 | C46: 设计独特的可发言指示灯（专利待批）  用于确保快速安装和重新配置的即插即用功能  精巧时尚的人机工程学设计  可轻松配置成一般与会人员的设备或主席的设备  免受移动电话的干扰 讨论设备通过菊花链配置连接到CCS 1000 数字讨论系统的控制单元。 利用其即插即用功能，可以根据需要将其方便地连接到系统，也可以将其从系统中移除。 不需要关闭电源或重新启动系统，这可确保快速安装和重新配置。 与会人员可以通过对着话筒发言并通过内置扬声器或（选配）耳机收听会议进程来参与讨论。 基本功能 可发言指示 在可激活话筒时，话筒按钮上方的白色可发言指示灯将亮起。 发言请求指示 当发言请求已添加至等待列表中时，话筒按钮上方和话筒头的绿色发言请求指示灯将亮起。 当发言请求位于等待列表中的第一位时，指示灯将呈绿色闪烁。 带灵活话筒柄的短柄或长柄话筒 带灵活话筒柄的固定话筒可轻松调节，以配合用户的使用。为获得最大舒适度，我们提供了310 毫米（12.2 英寸）的短话筒柄或480 毫米（18.9 英寸）的长话筒柄。 带音量控制的内置扬声器 为确保最佳清晰度，所有讨论设备的扬声器音量都通过控制单元集中控制。 会议宛如当面进行 可同时打开扬声器和话筒，实现真正的面对面开会的感觉。 耳机插座 内置3.5 毫米（0.14 英寸）立体声耳机插孔，即使在背景声非常嘈杂的情况下，也能听清他人发言。 内置耳机音量控制 可通过讨论设备侧面的旋钮指轮调节耳机音量，以获得最大的舒适感。 为防止从耳机到话筒的声学反馈，可将Web 浏览器应用程序中的选项设置为在激活话筒时自动减小耳机音量 | D46: 套 | E46: 11 | H46: =F46+G46 -> 0 | I46: =E46*H46 -> 0
A47: 11 | B47: DCN 安装电缆 | D47: 卷 | E47: 1 | H47: =F47+G47 -> 0 | I47: =E47*H47 -> 0
A48: 12 | B48: DCN接头（公母头） | D48: 个 | E48: 4 | H48: =F48+G48 -> 0 | I48: =E48*H48 -> 0
A49: 四 | B49: 视频显示、切换系统 | H49: =F49+G49 -> 0 | I49: =E49*H49 -> 0
A50: 1 | B50: LED全彩屏 | C50: 屏体参数： 1. 像素间距2.5mm 2. 模组尺寸320*160*15mm 3. 模块采用高强度塑胶套件，产品轻巧安装精度高 4. 模组平整度：≤0.15mm，箱体间缝隙≤0.15（提供CNAS认可实验室出具的检测报告） 5. 模组电源接口采用4P接插头，免工具维护，同时有防呆设计，预防接错电源线短路而导致的烧毁模组行为； 6. 采用集成HUB接收卡控制，支持通讯状态监测，高灰度，高刷新。 7. 支持接收卡画面预置，支持配置文件回读。单卡支持256*256像素点，带载尺寸更大。 8. 单元重量0.4Kg，便于磁吸安装，前维护操作 9. 可采用方通背条和箱体结构等多种安装方式，不受安装环境限制 10. 采用抗消隐设计，无“毛毛虫”“鬼影”跟随现象 11. 支持单点亮度和色度校正（提供CNAS认可实验室出具的检测报告） 12. 支持单点亮度和色度校正，更换模组，自动回读校正数据（提供CNAS认可实验室出具的检测报告） 13. 白平衡亮度≤600-800cd/㎡（6500K，校正后）（提供CNAS认可实验室出具的检测报告） 14. 色温可调范围：3000k~10000k，并可自定义色温值。（提供CNAS认可实验室出具的检测报告） 15. 对比度5000:1（提供CNAS认可实验室出具的检测报告） 16. 视角：水平视角≥160°，垂直视角≥140°（提供CNAS认可实验室出具的检测报告） 17. 刷新频率≥3000HZ（提供CNAS认可实验室出具的检测报告） 18. 换帧频率：50&60HZ（提供CNAS认可实验室出具的检测报告） 19. 灰度：100%亮度 16bit灰度，20%亮度 12bit灰度（提供CNAS认可实验室出具的检测报告） 20. 模组亮度均匀性≥98%（提供CNAS认可实验室出具的检测报告） 21. 峰值功耗≤330W/㎡（提供CNAS认可实验室出具的检测报告） 22. 寿命典型值≥50000小时（提供CNAS认可实验室出具的检测报告） 23. 产品满足盐雾10级要求 24. 工作温度范围-10℃-40℃（提供CNAS认可实验室出具的检测报告） 25. 存储温度范围-20℃-60℃（提供CNAS认可实验室出具的检测报告） 26. 在40℃ 80%RH恒定湿热环境下，工作正常。（提供CNAS认可实验室出具的检测报告） 27. 按照SJ/T 11590-2016 LED显示屏图像主观质量评价方法的要求，评价等价为优（提供CNAS认可实验室出具的检测报告） 拼控软件： 开机自动启动和启动自动播放节目； 定时设置播放指令，可设置不同的日期和时间播放不同的节目页内容； 定时重启功能； 打开最近操作的播放节目； 支持后台播放； 支持显示屏个数、位置和大小的设置； 支持桌面指定区域的缩放拷贝； 节目页、窗口、媒体的添加、删除、编辑、上移、下移功能； 节目页多窗口功能，窗口的大小和位置可任意设置； 节目页的属性设置功能，包括背景色、背景图片、背景音乐等； 丰富的媒体属性支持媒体的背景颜色、背景图片、透明度、音量、显示比例、出入场特效、特效速度、文字颜色、文字效果、字体、风格、透明等属性设置； 动画衔接切换不会出现黑屏； 播放即时通知； PPT 播放功能和转存为图片功能； 在视频、Flash 上叠加透明文字； 视频播放的区域、时长自定义的功能； 网页的指定区域实时显示； 远程显示屏管理：发送文件、播放方案、命令、截屏和通知； 多种语言支持； 拼接处理器： 支持丰富的数字信号接口，包括4路DVI和2路SDI； ·最大输入分辨率1920×1200@60Hz，支持分辨率任意设置； ·最大带载500万像素，最宽或最高可达8192像素； ·支持视频源任意切换，可根据显示屏分辨率对输入图像进行拼接、缩放； ·支持5画面显示，位置、大小可自由调节； ·支持16种预置模式，可根据需求随时加载保存的预置参数； ·双USB 2.0高速通讯接口，用于电脑调试和主控间任意级联； ·支持亮度和色温调节； ·支持低亮高灰； | D50: 套 | E50: 1 | H50: =F50+G50 -> 0 | I50: =E50*H50 -> 0
A51: 2 | B51: 监视器 | D51: 台 | E51: 2 | H51: =F51+G51 -> 0 | I51: =E51*H51 -> 0
A52: 3 | B52: 高清会议摄像机 | D52: 台 | E52: 3 | H52: =F52+G52 -> 0 | I52: =E52*H52 -> 0
A53: 4 | B53: 16x16数字媒体矩阵机箱 | C53: 1、全数字模块化插卡式结构设计，一卡四路，支持32路高清数字信号或模拟视频信号混合切换； ★2、前面板内置LCD显示屏，可实时显示设备IP地址，便于维护保障； ★3、支持最大32x32路的音视频信号切换卡接口，支持热插拔；涵盖32个输入/32个输出快捷按键，方便快捷切换信号； ★4、支持CVBS、YPbPr、VGA、DVI、HDMI、3G/HD/SD-SDI、HDBaseT、Fiber等信号无缝任意输入输出切换传输； ★5、内置控制主机,支持APP软件控制，支持控制界面自定义,支持输入输出名称自定义，支持预案、图形拖拉控制; ★6、主板卡配置：64位四核,CPU 1.2GHz；内存1G，闪存8G； 7、采用FPGA纯硬件架构;单独与使用通道进行传输，图像实时显示，传输速率：10.2Gbps； 8、支持对图像信号进行倍线缩放、倍频增强显示； 9、支持内置EDID管理和手动EDID学习功能； ★10、支持HDMI1.4a标准，实现4K、3D信号输入输出； 11、支持OSD自定义字符叠加画面显示功能； 12、支持36种分辨率提供最大兼容性调节； 13、支持20个场景保存和调用功能，支持群切功能； ★14、支持当前设备输入/输出通道状态查询功能； 15、支持前置面板快速切换控制、RS-232控制、APP软件控制，具备前面板锁定功能； 16、支持无缝切换功能，切换过程无黑屏信号； 17、支持音视频信号同步切换，切换响应速度快，支持音频同步传输，支持音频加、解嵌； 16、支持7*24小时不断电运行； | D53: 台 | E53: 1 | H53: =F53+G53 -> 0 | I53: =E53*H53 -> 0
A54: 5 | B54: 4路HDMI输入板卡 | C54: HDMI（兼容DVI）&模拟音频，4路输入； 支持HDMI1.3标准； 最高分辨率支持1920x1200p@60Hz； 带宽6.75Gpbs | D54: 张 | E54: 2 | H54: =F54+G54 -> 0 | I54: =E54*H54 -> 0
A55: 6 | B55: 4路DXLink双绞线输入板卡 | C55: HDBT &立体声音频&RS232，4路输入 支持HDBT1.0； 1080P信号70m传输； 支持 HDMI1.4a 支持EDID手动管理，兼容HDCP1.4 最高数据速率:10.2 Gbps | D55: 张 | E55: 2 | H55: =F55+G55 -> 0 | I55: =E55*H55 -> 0
A56: 7 | B56: 4路HDMI输出板卡 | C56: HDMI（兼容DVI）&模拟音频，4路输出； 支持HDMI1.3标准； 最高分辨率支持1920x1200p@60Hz； 带宽6.75Gpbs | D56: 张 | E56: 2 | H56: =F56+G56 -> 0 | I56: =E56*H56 -> 0
A57: 8 | B57: 4路DXLink双绞线输出板卡 | C57: HDBT &立体声音频&RS232，4路输出 支持HDBT1.0； 1080P信号70m传输； 支持 HDMI1.4a 支持EDID手动管理，兼容HDCP1.4 最高数据速率:10.2 Gbps | D57: 张 | E57: 1 | H57: =F57+G57 -> 0 | I57: =E57*H57 -> 0
A58: 9 | B58: 多格式双绞线发送器 | C58: ●HDMI、DVI和VGA信号的最高分辨率可达1920x1200@60HZ； ●支持双向PoC功能； ●1080P信号的传输距离最高可达70米； ●支持倍线功能； ●DVI/VGA输入信号可嵌入外接音频； ●可自由切换HDMI、DVI和VGA输入信号； ●支持USB升级固件； ●支持前面板按键控制、双向RS-232串口指令控制； ●LED指示灯随时显示系统状态； | D58: 台 | E58: 5 | H58: =F58+G58 -> 0 | I58: =E58*H58 -> 0
A59: 10 | B59: 双绞线接收器 | C59: 最高分辨率可达4Kx2k/60Hz ●符合HDCP2.2标准 ●4K×2K HDMI信号最大传输距离为70米 ●1080P HDMI信号最大传输距离为100米 ●以太网网络信号最大传输距离为100米 ●支持远程单向供电（PoE）功能 ●高带宽：10.2Gbps ●支持IR/RS232透传功能 ●采用HDBaseT 技术 ●采用LED指示器显示工作状态：In/Out、Link、On、Power | D59: 台 | E59: 1 | H59: =F59+G59 -> 0 | I59: =E59*H59 -> 0
A60: 五 | B60: 集中控制系统 | H60: =F60+G60 -> 0 | I60: =E60*H60 -> 0
A61: 1 | B61: 中央控制主机 | C61: 1、前置液晶屏显示,前置红外学习窗口; 2、前置LED状态指示灯直观反映连接状态，包含串口发送/接收信号、红外发送信号、继电器开关信号、IO开关信号； 3、采用Linux系统架构，更稳定，更安全； ★4、主板卡配置：64位四核,CPU 1.2GHz；内存1G，闪存8G； 5、控制接口：8*RS-232，8*RELAY,8*IR,8*I/O，支持与其他中控品牌通讯； 6、1路总线接口,提供对外最大12V/3A供电,并支持总线数据通讯；提供USB接口，用于未来扩展和固件升级； 7、支持通过网络进行主机无限级联；无缝支持会管预定系统软件平台统一管控同步功能； ★8、支持HTTPS通讯方式，无需外加PC中转； ★9、内嵌讯飞离线语音合成技术，可实时播报文字转语音； ★10、具备3.5mm立体声音频输出接口，可做MP3等格式的无损音频文件播放使用； 11、操作界面程序支持云端备份（上传/下载用户控制界面功能）、同时支持多个用户端下载和使用； 12、支持按键反馈、拉条功能，信号切换可支持人性化拖拽式控制功能； ★13、内置BOSCH会议系统摄像联动模块；内置专用操作界面，支持直接调用，无需编写代码，可快速设定跟踪位置；可支持多个摄像头摄像跟踪设置； 14、适用于BOSCH CCS 1000D系列、Dicentis无线系列； | D61: 台 | E61: 1 | H61: =F61+G61 -> 0 | I61: =E61*H61 -> 0
A62: 2 | B62: 集控主机电源 | D62: 台 | E62: 1 | H62: =F62+G62 -> 0 | I62: =E62*H62 -> 0
A63: 3 | B63: 7" 嵌入式触摸屏 | C63: 1、CPU：超强四核，主频率高达1.8GHz； 2、10.1英寸，内存2G、闪存8G，支持触控，支持壁挂安装/嵌入安装； 3、显示比例：16:9，分辨率1280*800； 4、内置网口/USB口/IO/串口等，支持无线wifi，支持POE供电； | D63: 台 | E63: 1 | H63: =F63+G63 -> 0 | I63: =E63*H63 -> 0
A64: 4 | B64: 安装底盒 | D64: 台 | E64: 1 | H64: =F64+G64 -> 0 | I64: =E64*H64 -> 0
A65: 5 | B65: 触摸控制屏 | D65: 台 | E65: 1 | H65: =F65+G65 -> 0 | I65: =E65*H65 -> 0
A66: 6 | B66: 编程控制软件 | D66: 套 | E66: 1 | H66: =F66+G66 -> 0 | I66: =E66*H66 -> 0
A67: 7 | B67: 平板授权软件 | D67: 套 | E67: 1 | H67: =F67+G67 -> 0 | I67: =E67*H67 -> 0
A68: 六 | B68: 辅材周边设备 | H68: =F68+G68 -> 0 | I68: =E68*H68 -> 0
A69: 1 | B69: 电源时序器 | C69: 8路电源时序器，支持I/0控制，RS232控制,每路10A，总功率不大于63A，支持自定义控制电源开关； | D69: 台 | E69: 2 | H69: =F69+G69 -> 0 | I69: =E69*H69 -> 0
A70: 2 | B70: 24口POE交换机 | C70: 固化24个10/100/1000M自适应电口，4个1G SFP光口，1-24口支持PoE+/PoE，1-4号口支持HPoE（60W），整机PoE最大输出370W。 | D70: 台 | E70: 1 | H70: =F70+G70 -> 0 | I70: =E70*H70 -> 0
A71: 3 | B71: 墙面信息盒 | D71: 套 | E71: 2 | H71: =F71+G71 -> 0 | I71: =E71*H71 -> 0
A72: 4 | B72: 专业机柜 | D72: 台 | E72: 2 | H72: =F72+G72 -> 0 | I72: =E72*H72 -> 0
A73: 七 | B73: 灯光设备 | H73: =F73+G73 -> 0 | I73: =E73*H73 -> 0
A74: 1 | B74: LED电动变焦聚光灯 | C74: ★光源：单颗200W COB模组LED； 色温：3200K/5600K； 电动变焦角度：10°-30°； ★显色指数：Ra≥90； 灯珠寿命：≥50,000小时； 调光：0-100%线性调光； ★刷新频率:31.25KHz； 快速电子频闪：0-30HZ； ★控制协议：DMX512信号协议/RDM协议； 控制模式：DMX512信号控制/手动控制模式； ★散热方式：铜管导热+静音风机散热； | D74: 台 | E74: 12 | H74: =F74+G74 -> 0 | I74: =E74*H74 -> 0
A75: 2 | B75: LED PAR灯 | C75: ★光源：18颗，单颗10W RGBW四合一 LED； 均匀RGBW混色系统； 投光角度：25°； 灯珠寿命：≥50,000小时； 调光：0-100%线性调光； ★刷新频率:31.25KHz； 快速电子频闪：0-30HZ； 控制协议：DMX512信号协议； ★控制模式：DMX512信号控制/手动控制模式； ★散热方式：静音风机散热； ★噪音<30DB； 通道模式：8个通道； | D75: 台 | E75: 32 | H75: =F75+G75 -> 0 | I75: =E75*H75 -> 0
A76: 3 | B76: LED平板柔光灯 | C76: 额定功率：100W LED类型：864颗 3200K/5600K LED 出光角度：120° ★灯具具备温度显示，超温自动保护，按键密码保护； ★支持通过外置DMX信号端口进行在线拨地址码，实时监测灯具的使用状况等特点； ★采用先进抗干扰的ARM7处理器，恒流驱动方式； 显色指数Ra≥90； ★超大散热片+灯体散热+智能温控(无风扇)； 控制通道：1/2通道 二种通道模式； | D76: 套 | E76: 5 | H76: =F76+G76 -> 0 | I76: =E76*H76 -> 0
A77: 4 | B77: 灯光控制台 | C77: ★控制台使用linux操作系统；控制台内置无线WiFi； ★支持RDM控制； ★Inter 四核CPU，2G内存，32G固态硬盘，15.6寸IPS全高清触摸屏； 配备5路2560通道DMX控制信号输出，支持扩展至10路5120通道； 支持Art-net网络协议，支持离线编程和网络扩展； 搭配最新2.0软件系统，功能更强大，操作更简单 ； 10路回放推杆，3个集控编码器转轮，U盘热备份按键； 1200个灯位，最多可同时配接1200台电脑灯进行控制； 80个回放分页，可存储800个回放，支持快速翻页； 支持RDM控制的扩展器； | D77: 台 | E77: 1 | H77: =F77+G77 -> 0 | I77: =E77*H77 -> 0
A78: 5 | B78: 电源直通箱 | C78: ★24 X 3KW； 采用挂壁式，易于安装，易维护； 采用散热片对流冷却方式，无需风扇，可持续工作24小时； 220V+10%, 50/60Hz，单相/三相五线电源输入； 每一通道有一个微型断路器MCB保护； | D78: 台 | E78: 1 | H78: =F78+G78 -> 0 | I78: =E78*H78 -> 0
A79: 6 | B79: DMX信号放大器 | C79: DMX512/1990 信号输出； ★前置 8 路 DMX 信号分配器，二进八出（通过按键可切换成一进八出）； ★设备前后面板都有相同8路输出端口，设备同时支持前置和后置输出； 采用抗高压保护措施，极不容易损坏； 输入与输出信号(包括信号地线)完全隔离； 宽电压输入,适应不同国家的电压输入； 可匹配 3 针的卡侬插座（可选 5 芯）； 各路均有独立的放大器及信号指示灯； ★电源输入: AC 88～256V 50/60Hz； | D79: 台 | E79: 1 | H79: =F79+G79 -> 0 | I79: =E79*H79 -> 0
A80: 7 | B80: 舞台桁架铝合金桁架 | C80: 400*400,主管50*3 副管30*2 斜管25*2 | D80: 米 | E80: 33 | H80: =F80+G80 -> 0 | I80: =E80*H80 -> 0
A81: C 二层小会议室 | I81: =SUM(I82:I84) -> 0
A82: 1 | B82: 65寸会议一体机 | C82: 安卓系统 | D82: 台 | E82: 1 | H82: =F82+G82 -> 0 | I82: =E82*H82 -> 0
A83: 2 | B83: 落地支架 | D83: 台 | E83: 1 | H83: =F83+G83 -> 0 | I83: =E83*H83 -> 0
A84: 3 | B84: 无线传屏器 | D84: 台 | E84: 1 | H84: =F84+G84 -> 0 | I84: =E84*H84 -> 0
A85: D 二层中会议室（2间） | I85: =SUM(I86:I107) -> 0
A86: 一 | B86: 扩声系统 | H86: =F86+G86 -> 0 | I86: =E86*H86 -> 0
A87: 1 | B87: 天花吸顶扬声器 | C87: 4" 同轴吸顶扬声器 单元组合：0.75"+4" 频响范围* (-10dB) 65Hz-20kHz 轴向灵敏度 86dB(1W/1m) 覆盖角度 130°(圆锥） 功率： 80W 持续,（带过载保护） 内置 70/100Ｖ 变压器（30, 15, 7.5, 3.75, and 1.88 watts ），可实现定压/切换定阻 标称阻抗 8 Ω | D87: 只 | E87: 6 | H87: =F87+G87 -> 0 | I87: =E87*H87 -> 0
A88: 2 | B88: 网络功率放大器 | C88: DYNACORD完成宽功率放大器在安装领域范围。特别是，功率放大器是专为要求声增强，背景音乐/寻呼和公共地址系统安装。长期可靠性和灵活性是保证。五模型在PCL系列范围从160到450瓦的功率，每通道在各种系统设计。1125t PCL PCL PCL，1225t 1240t配备高性能输出变压器和50 V提供浮动输出，70 V和100 V设备除了低阻抗输出8 / 4欧姆。PCL 1245和PCL 1415是低阻抗放大器无输出变压器。高级凤凰式螺丝锁连接器，确保音频信号和扬声器电缆更安全的连接。独立后级控制允许设置根据功率放大器的整体放大。所有的功率放大器特征不同PCL高通滤波器的截止频率开关选择不必要的低频信号衰减。 | D88: 台 | E88: 1 | H88: =F88+G88 -> 0 | I88: =E88*H88 -> 0
A89: 二 | B89: 音频处理设备 | H89: =F89+G89 -> 0 | I89: =E89*H89 -> 0
A90: 1 | B90: 网络音频处理平台 | C90: 8通道 话筒/线路 输入以及 8通道 模拟输出 16通道 YDIF 数字 输入/输出 16通道 Dante 数字 输入/输出 1 x MY 扩展卡槽 SD 卡槽用于音频播放 选配产品 数字控制面板 - DCP 系列 所有三个型号都配有美标和欧标尺寸，符合全球大部分国家和地区 的技术指标 | D90: 台 | E90: 1 | H90: =F90+G90 -> 0 | I90: =E90*H90 -> 0
A91: 三 | B91: 音源话筒 | H91: =F91+G91 -> 0 | I91: =E91*H91 -> 0
A92: 1 | B92: 无线单咪手持话筒 | D92: 套 | E92: 1 | H92: =F92+G92 -> 0 | I92: =E92*H92 -> 0
A93: 2 | B93: 无线鹅颈话筒 | D93: 套 | E93: 4 | H93: =F93+G93 -> 0 | I93: =E93*H93 -> 0
A94: 四 | B94: 视频显示、切换系统 | H94: =F94+G94 -> 0 | I94: =E94*H94 -> 0
A95: 1 | B95: 5000ml激光投影机 | C95: 1.芯片技术：3LCD技术，成像芯片≥0.76英寸； 2.亮度≥5500流明，物理分辨率≥1920X1200，对比度≥50000:1； 3.光源技术：HLD LED+Blue LED技术，光源寿命：25000小时 4.镜头投射比：1.09-1.78.:1； 5.具有垂直和水平梯形校正以及四角校正技术， 避免安装位置导致的投影失真现象，能适应柱形、球形、水平凹凸形等各种投影形状需求； 6.具有丰富的输入/输出接口配置：端口（HDMI*2 HDBaseT*1VGA*2，USB-A*1 3.5mm MiniJack*1 RJ45*1 RS-232C*1） 7.可提供国家强制性3C证书，官网截图，原版厂家盖章彩页； 8.提供原厂盖章行货证明，提供原厂盖章售后服务承诺函； | D95: 台 | E95: 1 | H95: =F95+G95 -> 0 | I95: =E95*H95 -> 0
A96: 2 | B96: 电动升降幕布 | D96: 套 | E96: 1 | H96: =F96+G96 -> 0 | I96: =E96*H96 -> 0
A97: 3 | B97: 投影机固定吊架 | D97: 台 | E97: 1 | H97: =F97+G97 -> 0 | I97: =E97*H97 -> 0
A98: 4 | B98: 全能演示切换器 | D98: 台 | E98: 1 | H98: =F98+G98 -> 0 | I98: =E98*H98 -> 0
A99: 5 | B99: 7" 嵌入式触摸屏（含安装底盒） | D99: 台 | E99: 1 | H99: =F99+G99 -> 0 | I99: =E99*H99 -> 0
A100: 6 | B100: 安装底盒 | D100: 台 | E100: 1 | H100: =F100+G100 -> 0 | I100: =E100*H100 -> 0
...

Sheet 综合管路
A1: 综合管路系统
A2: 工程：苏地2012-G-81号地块酒店区域智能化工程
A3: 序号 | B3: 项目名称描述 | C3: 技术参数 | D3: 单位 | E3: 工程量A | F3: 单价（元） | H3: 总价（元） | J3: 备注
F4: 主材B | G4: 安装费C | H4: 综合单价D=B+C | I4: 合价E=A*D
A5: A | B5: 室内管路设备 | I5: =SUM(I6:I12) -> 0
A6: 一 | B6: 水平
A7: 1 | B7: 热镀锌桥架100×100mm（含支架） | C7: 含支架制作安装，不含抗震支架 | D7: 米 | E7: 100 | H7: =F7+G7 -> 0 | I7: =E7*H7 -> 0
A8: 2 | B8: 热镀锌桥架150×100mm（含支架） | C8: 含支架制作安装，不含抗震支架 | D8: 米 | E8: 704 | H8: =F8+G8 -> 0 | I8: =E8*H8 -> 0
A9: 2 | B9: 热镀锌桥架200×100mm（含支架） | C9: 含支架制作安装，不含抗震支架 | D9: 米 | E9: 942 | H9: =F9+G9 -> 0 | I9: =E9*H9 -> 0
A10: 二 | B10: 垂直 | H10: =F10+G10 -> 0 | I10: =E10*H10 -> 0
A11: 1 | B11: 热镀锌桥架100×100mm（含支架） | C11: 含支架制作安装，不含抗震支架 | D11: 米 | E11: 45 | H11: =F11+G11 -> 0 | I11: =E11*H11 -> 0
A12: 2 | B12: 热镀锌桥架200×100mm（含支架） | C12: 含支架制作安装，不含抗震支架 | D12: 米 | E12: 72 | H12: =F12+G12 -> 0 | I12: =E12*H12 -> 0
A13: B | B13: 室外管路设备 | I13: =SUM(I14:I22) -> 0
A14: 1 | B14: 室外立杆 | C14: 4.5米，含土建基础 | D14: 根 | E14: 51 | H14: =F14+G14 -> 0 | I14: =E14*H14 -> 0
A15: 2 | B15: 室外二合一防雷器 | C15: 国产优质 | D15: 个 | E15: 77 | H15: =F15+G15 -> 0 | I15: =E15*H15 -> 0
A16: 3 | B16: 室外安防箱（包含防水、防雷、辅材） | C16: 国产优质 | D16: 套 | E16: 11 | H16: =F16+G16 -> 0 | I16: =E16*H16 -> 0
A17: 4 | B17: 室外配电箱,含防水盖板 | C17: 32KW/25KW,20A，ATS OS100*2，C65N*12 | D17: 套 | E17: 2 | H17: =F17+G17 -> 0 | I17: =E17*H17 -> 0
A18: 5 | B18: PVC50 | C18: 含管道土方挖填 | D18: 米 | E18: 180 | H18: =F18+G18 -> 0 | I18: =E18*H18 -> 0
A19: 6 | B19: SC50 | C19: 含管道土方挖填 | D19: 米 | E19: 360 | H19: =F19+G19 -> 0 | I19: =E19*H19 -> 0
A20: 7 | B20: SC32 | C20: 含管道土方挖填 | D20: 米 | E20: 520 | H20: =F20+G20 -> 0 | I20: =E20*H20 -> 0
A21: 8 | B21: HDPE50 | C21: 含管道土方挖填 | D21: 米 | E21: 680 | H21: =F21+G21 -> 0 | I21: =E21*H21 -> 0
A22: 9 | B22: 手孔井 钢纤维井盖座 | C22: 含井土方挖填 | D22: 个 | E22: 9 | H22: =F22+G22 -> 0 | I22: =E22*H22 -> 0
A23: C | B23: 本系统总价 | C23: A+B | I23: =I5+I13 -> 0

Sheet 措施项目费
A1: 措施项目费（本部为包干费用）
A3: 序号 | B3: 项目名称 | C3: 合计（元） | D3: 备注
A4: 1 | B4: 在下面开列的措施项目适用于本工程量清单所包括的全部工程。而分包人填写的款额或单价应被视为适用于根据本合同进行施工的全部工程，包括工程师根据合同条件所指令的的任何增减。
A5: 2 | B5: 当本淸单只填有一个总价金额时，分包人必须提供该项款额的明细分项。
A6: 3 | B6: 当本淸单中任何项目的款额异常高，因而在工程开始时通常要支付大量的款项，则在工程幵始时只付给分包人可提出根据的该部分款额，余下的款额将在工程期间分期支付 。
A7: 4 | B7: 分包人应注意前段的付款规定并不适用于填写在与保险、履约保证书和类似项目有关的款额，尽管分包人在工程开始时支付保费，该款额将只会在工程期间分期支付。
A8: 5 | B8: 当分包人没有在本清单的项目填上或填上款额不足时，该价额或其附加价额应被视为己包括在下文的工程量淸单中开列的计量工程单价内，无论如何，将不会签发任何额外款额。
A9: 6 | B9: 施工措施包含但不限于以下内容：除公司提供既有的设施以外的各种脚手架、机械设备、施工用水用电、成品保护、场地清理、夜间（节假日）施工、高温、冬雨季施工、工伤意外等各种保险等。
A10: 7 | B10: 预算包干费
A11: 8 | B11: 与公安联网对接费用
A12: 9 | B12: 安全防护、文明施工措施费
A13: 10 | B13: 图纸审核设计、审图盖章费
A14: 11 | B14: 工程报建验收费用
A15: 12 | B15: 以上汇总 | C15: =SUM(C4:C14) -> 0

Sheet 补充项目报价表
A1: 补充项目报价表
A3: 序号 | B3: 项目名称 | C3: 品牌 | D3: 规格型号 | E3: 单位 | F3: 单价 | G3: 备注
A4: =+ROW()-3 -> 1 | B4: 智能化已预埋电线管拆除，包括将垃圾运至指定现场 | E4: 米 | G4: 报价入须于以下项目填报综合单价，用于日后变更签证之用，此部分项目无须计入报价总金额。
A5: =+ROW()-3 -> 2 | B5: 已敷设电线、网线、光纤拆除，包括将垃圾运至指定现场 | E5: 米
A6: =+ROW()-3 -> 3 | B6: AP拆除，包括将垃圾运至指定现场 | E6: 个
A7: =+ROW()-3 -> 4 | B7: 智能化相关设备如音响等拆除，包括将垃圾运至指定现场 | E7: 个
A8: =+ROW()-3 -> 5 | B8: 桥架拆除，包括将垃圾运至指定现场 | E8: 米
A9: =+ROW()-3 -> 6 | B9: 电箱、RCU箱拆除，包括将垃圾运至指定现场 | E9: 个
A10: =+ROW()-3 -> 7 | B10: 管道、桥架等设备支架拆除，包括将垃圾运至指定现场 | E10: m
A11: =+ROW()-3 -> 8 | B11: 墙体凿槽、切割、修补 | E11: m
A12: =+ROW()-3 -> 9 | B12: 开孔洞 Φ100~Φ300 | E12: 个
A13: =+ROW()-3 -> 10 | B13: 计日工 | D13: 8小时/工日 | E13: 工日
A14: =+ROW()-3 -> 11 | B14: 机械台班（需注明详细机械型号） | D14: 8小时/台班 | E14: 台班
A15: =+ROW()-3 -> 12 | B15: 其他可能发生的项目可继续往下填
A16: =+ROW()-3 -> 13

Sheet 主要材料价目表
A1: 主要材料价目表
A2: 序号 | B2: 项目名称 | C2: 品牌 | D2: 规格型号 | E2: 单位 | F2: 工程量 | G2: 单价 | H2: 合计 | I2: 备注
A3: 1 | I3: 报价人须于以下项目填报材料单价.并注明品牌、型号及规格，包括材料供应价格，包装费，运输费、场外运输损耗、采购及保管费等费用。
A4: 2
A5: 3
A6: 4
A7: 5
A8: 6
A9: 7
A10: 8
A11: 9
A12: 10
A13: 11
A14: 12

Sheet 综合单价分析表
A1: 综合单价分析表
A2: 清单编号： | D2: 项目内容：
A3: 序号 | B3: 项目名称 | C3: 单位 | D3: 消耗量 | E3: 单价 | F3: 合价 | G3: 备注
A4: 一 | B4: 人工费
A5: 1.1 | B5: 制作费
A6: 1.2 | B6: 安装费
A7: 二 | B7: 材料费
A8: 2.1
A9: 2.2
A10: 三 | B10: 机械费
A11: 3.1
A12: 3.2
A13: 四 | B13: 直接费小计 | G13: 一+二+三
A14: 五 | B14: 企业管理费（含1%水电费）
A15: 六 | B15: 利润 | G15: 四+五
A16: 七 | B16: 规费 | G16: 四+五+六
A17: 八 | B17: 税金 | G17: 四+五+六+七
A18: 九 | B18: 合计 | G18: 四+五+六+七+八
